Workbook
Name CodigoActividad: #REF!
Name Insumos: #REF!
Name Insumos: Insumos!$A$540:$A$583
Name Ls_DepartamentosSRS: #REF!
Name Ls_LinesEstategica: #REF!
Name Ls_Medio_Verificacion: #REF!
Name ls_Regiones: #REF!
Name ls_TiposAcciones: #REF!
Name lsAcabadosTextiles: Insumos!$C$2:$C$3
Name lsAireAcondicionado: Insumos!$C$333:$C$334
Name lsAlimentosyBebidas: Insumos!$C$4:$C$23
Name lsArticulosdePlastico: Insumos!$C$24:$C$30
Name lsElectrodomesticos: Insumos!$C$31:$C$35
Name lsEquiposComputos: Insumos!$C$132:$C$136
Name lsEquiposMedicos: Insumos!$C$44:$C$131
Name lsEquiposSeguridad: Insumos!$C$137:$C$138
Name lsEquiposTransporte: Insumos!$C$518:$C$520
Name lsEventosGenerales: Insumos!$C$139:$C$141
Name lsFuentesFinanciamiento: #REF!
Name lsGasoil: Insumos!$C$142:$C$149
Name lsHerramientasMenores: Insumos!$C$150:$C$179
Name lsImpresionyEncuadernacion: Insumos!$C$180
Name lsInsumos: #REF!
Name lsInsumosEquipos: #REF!
Name lsLlantasyNeumaticos: Insumos!$C$181:$C$188
Name lsMantenimiento: Insumos!$C$189:$C$202
Name lsMaterialesdeLimpieza: Insumos!$C$203:$C$217
Name lsMueblesdeAlojamiento: Insumos!$C$218:$C$219
Name lsMueblesdeOficina: Insumos!$C$220:$C$243
Name lsObrasMenoresEdificaciones: Insumos!$C$244
Name lsOtrosEquipos: Insumos!$C$245:$C$248
Name lsPeaje: Insumos!$C$249
Name lsPinturas: Insumos!$C$250:$C$251
Name lsProductosArtesGraficas: Insumos!$C$252:$C$253
Name lsProductosdeCemento: Insumos!$C$254
Name lsProductosdeLoza: Insumos!$C$255:$C$257
Name lsProductosdePapel: Insumos!$C$258:$C$282
Name lsProductosdeVidrio: Insumos!$C$283:$C$287
Name lsProductosElectricos: Insumos!$C$288:$C$309
Name lsProductosMedicinalesH: Insumos!$C$310:$C$328
Name lsProductosMetalicos: Insumos!$C$329
Name lsProductosQuimicos: Insumos!$C$330
Name lsPublicidadyPropaganda: Insumos!$C$331
Name lsServiciosTecnicosProfesionales: Insumos!$C$332
Name lsTelecomunicaciones: Insumos!$C$36:$C$43
Name LsTipoEESS: #REF!
Name lsTipoIntervencion: #REF!
Name lsUtilesdeCocina: Insumos!$C$335:$C$346
Name lsUtilesdeOficina: Insumos!$C$347:$C$475
Name lsUtilesMenoresMQ: Insumos!$C$476:$C$513
Name lsViaticosDP: Insumos!$C$514:$C$517
Name Periodo_POA: #REF!
Name Productos: #REF!
Name Provincias: #REF!

Sheet PPNE1
B1: Plan Operativo Anual
B2: Servicio Nacional de Salud
B3: Dirección de Planificación y Desarrollo | K3: 2025 | L3: 2026 | M3: 2027 | N3: 2028
B4: Programación Insumos por Producto Nivel Especializado | K4: Cibao Norte | L4: Cibao Sur | M4: Cibao Nordeste | N4: Cibao Noroeste | O4: Valdesia | P4: El Valle | Q4: Enriquillo | R4: Yuma | S4: Higüamo | T4: Ozama
B5: Año | C5: 2026
A6: Servicio Regional de Salud: | B6: Cibao Norte
A7: CEAS
A8: Productos Terminales | B8: Unidad de Medida | C8: Meta Lograda Año 2024 | D8: Meta Proyectada a Lograr Año 2025 | E8: Meta Proyectada Año 2026 | F8: Programación Trimestral | K8: Meta Lograda actual periodo Año 2025
F9: 1er. Trimestre | G9: 2do. Trimestre | H9: 3er. Trimestre | I9: 4to. Trimestre
A10: Servicio de Consulta Externa | B10: Consultas | C10: =SUM(C11:C12) -> 96480 | D10: =SUM(D11:D12) -> 57200.571 | E10: =SUM(E11:E12) -> 34037.129 | F10: =SUM(F11:F12) -> 6126.6831 | G10: =SUM(G11:G12) -> 11912.995 | H10: =SUM(H11:H12) -> 10211.139 | I10: =SUM(I11:I12) -> 5786.3119 | K10: =SUM(K11:K12) -> 33367
A11: Primera Vez | B11: Consultas | C11: 50203 | D11: =(K11/7)*12 -> 28033.714 | E11: =IF(C11="",0,(D11/C11)*D11) -> 15654.227 | F11: =E11*0.18 -> 2817.7608 | G11: =E11*0.35 -> 5478.9793 | H11: =E11*0.3 -> 4696.268 | I11: =E11*0.17 -> 2661.2185 | K11: 16353
A12: Subsecuente | B12: Consultas | C12: 46277 | D12: =(K12/7)*12 -> 29166.857 | E12: =IF(C12="",0,(D12/C12)*D12) -> 18382.902 | F12: =E12*0.18 -> 3308.9224 | G12: =E12*0.35 -> 6434.0157 | H12: =E12*0.3 -> 5514.8706 | I12: =E12*0.17 -> 3125.0933 | K12: 17014
A13: Servicio de Emergencia | B13: Consultas | C13: =SUM(C14) -> 156722 | D13: =D14 -> 69303.429 | E13: =E14 -> 30646.401 | F13: =F14 -> 5516.3521 | G13: =G14 -> 10726.24 | H13: =H14 -> 9193.9202 | I13: =I14 -> 5209.8881 | K13: =K14 -> 40427
A14: Emergencias | B14: Consultas | C14: 156722 | D14: =(K14/7)*12 -> 69303.429 | E14: =IF(C14="",0,(D14/C14)*D14) -> 30646.401 | F14: =E14*0.18 -> 5516.3521 | G14: =E14*0.35 -> 10726.24 | H14: =E14*0.3 -> 9193.9202 | I14: =E14*0.17 -> 5209.8881 | K14: 40427
A15: Servicio Hospitalización | B15: Egresos | C15: =SUM(C16:C29) -> 6697 | D15: =SUM(D16:D29) -> 1596 | E15: =SUM(E16:E29) -> 6668.512 | F15: =SUM(F16:F29) -> 1200.3322 | G15: =SUM(G16:G29) -> 2253.3022 | H15: =SUM(H16:H29) -> 1931.4019 | I15: =SUM(I16:I29) -> 1094.4611 | K15: =SUM(K16:K29) -> 931
A16: Medicina General | B16: Egresos | C16: 350 | D16: =(K16/7)*12 -> 142.28571 | E16: =IF(C16="",0,(D16/C16)*D16) -> 57.843499 | F16: =E16*0.18 -> 10.41183 | G16: =E16*0.35 -> 20.245224 | H16: =E16*0.3 -> 17.35305 | I16: =E16*0.17 -> 9.8333948 | K16: 83
A17: Cirugia General | B17: Egresos | C17: 436 | D17: =(K17/7)*12 -> 24 | E17: =IF(C17="",0,(D17/C17)*D17) -> 1.3211009 | F17: =E17*0.18 -> 0.23779817 | G17: =E17*0.35 -> 0.46238532 | H17: =E17*0.3 -> 0.39633028 | I17: =E17*0.17 -> 0.22458716 | K17: 14
A18: Ginecología | B18: Egresos | C18: 15 | D18: =(K18/7)*12 -> 63.428571 | E18: =IF(C18="",0,(D18/C18)*D18) -> 268.21224 | F18: =E18*0.18 -> 48.278204 | G18: =E18*0.35 -> 93.874286 | H18: =E18*0.3 -> 80.463673 | I18: =E18*0.17 -> 45.596082 | K18: 37
A19: Obstetricia | B19: Egresos | C19: 1478 | D19: =(K19/7)*12 -> 644.57143 | E19: =IF(C19="",0,(D19/C19)*D19) -> 281.10442 | F19: =E19*0.18 -> 50.598795 | G19: =F19*0.35 -> 17.709578 | H19: =F19*0.3 -> 15.179638 | I19: =F19*0.17 -> 8.6017951 | K19: 376
A20: Pediatria | B20: Egresos | C20: 2230 | D20: =(K20/7)*12 -> 274.28571 | E20: =IF(C20="",0,(D20/C20)*D20) -> 33.736616 | F20: =E20*0.18 -> 6.0725908 | G20: =E20*0.35 -> 11.807816 | H20: =E20*0.3 -> 10.120985 | I20: =E20*0.17 -> 5.7352247 | K20: 160
A21: Cardiologia | B21: Egresos | C21: 1 | D21: =(K21/7)*12 -> 12 | E21: =IF(C21="",0,(D21/C21)*D21) -> 144 | F21: =E21*0.18 -> 25.92 | G21: =E21*0.35 -> 50.4 | H21: =E21*0.3 -> 43.2 | I21: =E21*0.17 -> 24.48 | K21: 7
A22: Gastroenterologia | B22: Egresos | C22: 297 | D22: =(K22/7)*12 -> 15.428571 | E22: =IF(C22="",0,(D22/C22)*D22) -> 0.80148423 | F22: =E22*0.18 -> 0.14426716 | G22: =E22*0.35 -> 0.28051948 | H22: =E22*0.3 -> 0.24044527 | I22: =E22*0.17 -> 0.13625232 | K22: 9
A23: Endocrinologia | B23: Egresos | C23: 165 | D23: =(K23/7)*12 -> 0 | E23: =IF(C23="",0,(D23/C23)*D23) -> 0 | F23: =E23*0.18 -> 0 | G23: =E23*0.35 -> 0 | H23: =E23*0.3 -> 0 | I23: =E23*0.17 -> 0 | K23: 0
A24: Medicina Interna | B24: Egresos | C24: 994 | D24: =(K24/7)*12 -> 34.285714 | E24: =IF(C24="",0,(D24/C24)*D24) -> 1.1826058 | F24: =E24*0.18 -> 0.21286905 | G24: =E24*0.35 -> 0.41391204 | H24: =E24*0.3 -> 0.35478175 | I24: =E24*0.17 -> 0.20104299 | K24: 20
A25: Ortopedia | B25: Egresos | C25: 92 | D25: =(K25/7)*12 -> 12 | E25: =IF(C25="",0,(D25/C25)*D25) -> 1.5652174 | F25: =E25*0.18 -> 0.28173913 | G25: =E25*0.35 -> 0.54782609 | H25: =E25*0.3 -> 0.46956522 | I25: =E25*0.17 -> 0.26608696 | K25: 7
A26: Neumología | B26: Egresos | C26: 273 | D26: =(K26/7)*12 -> 39.428571 | E26: =IF(C26="",0,(D26/C26)*D26) -> 5.6945503 | F26: =E26*0.18 -> 1.0250191 | G26: =E26*0.35 -> 1.9930926 | H26: =E26*0.3 -> 1.7083651 | I26: =E26*0.17 -> 0.96807356 | K26: 23
A27: Cardiología | B27: Egresos | D27: =(K27/7)*12 -> 0 | E27: =IF(C27="",0,(D27/C27)*D27) -> 0 | F27: =E27*0.18 -> 0 | G27: =E27*0.35 -> 0 | H27: =E27*0.3 -> 0 | I27: =E27*0.17 -> 0
A28: Cuidados Intensivos | B28: Egresos | C28: 1 | D28: =(K28/7)*12 -> 75.428571 | E28: =IF(C28="",0,(D28/C28)*D28) -> 5689.4694 | F28: =E28*0.18 -> 1024.1045 | G28: =E28*0.35 -> 1991.3143 | H28: =E28*0.3 -> 1706.8408 | I28: =E28*0.17 -> 967.2098 | K28: 44
A29: Otros | B29: Egresos | C29: 365 | D29: =(K29/7)*12 -> 258.85714 | E29: =IF(C29="",0,(D29/C29)*D29) -> 183.58088 | F29: =E29*0.18 -> 33.044558 | G29: =E29*0.35 -> 64.253307 | H29: =E29*0.3 -> 55.074263 | I29: =E29*0.17 -> 31.208749 | K29: 151
A30: Servicios de Apoyo Diagnóstico | C30: =SUM(C31:C32) -> 156899 | D30: =SUM(D31:D32) -> 146415.43 | E30: =SUM(E31:E32) -> 139506.51 | F30: =SUM(F31:F32) -> 25111.173 | G30: =SUM(G31:G32) -> 48827.28 | H30: =SUM(H31:H32) -> 41851.954 | I30: =SUM(I31:I32) -> 23716.108 | K30: =SUM(K31:K32) -> 85409
A31: Análisis de Laboratorio | B31: Pruebas | C31: 143357 | D31: =(K31/7)*12 -> 139741.71 | E31: =IF(C31="",0,(D31/C31)*D31) -> 136217.6 | F31: =E31*0.18 -> 24519.168 | G31: =E31*0.35 -> 47676.161 | H31: =E31*0.3 -> 40865.28 | I31: =E31*0.17 -> 23156.992 | K31: 81516
A32: Servicio de Imágenes | B32: Imágenes | C32: 13542 | D32: =(K32/7)*12 -> 6673.7143 | E32: =IF(C32="",0,(D32/C32)*D32) -> 3288.9132 | F32: =E32*0.18 -> 592.00437 | G32: =E32*0.35 -> 1151.1196 | H32: =E32*0.3 -> 986.67396 | I32: =E32*0.17 -> 559.11524 | K32: 3893
A33: Indicadores de Producción
A34: Años | B34: Camas Disponibles | C34: Egresos Hospitalarios | D34: Día Cama Disponibles | E34: Dias Pacientes | F34: Promedio Días Estada | G34: Porcentaje Ocupacional | H34: Porcentaje nacimientos prematuros | I34: Porcentaje de cesárea
A35: 2022 | B35: 99 | C35: 5800 | D35: =+B35*365 -> 36135 | F35: =+E35/C35 -> 0 | G35: =+E35/D35*100 -> 0 | H35: 146 | I35: 1153
A36: 2023 | B36: 102 | C36: 5116 | D36: =+B36*365 -> 37230 | F36: =+E36/C36 -> 0 | G36: =+E36/D36*100 -> 0 | H36: 134 | I36: 740
A37: 2024 | B37: 85 | C37: 1710 | D37: =+B37*365 -> 31025 | F37: =+E37/C37 -> 0 | G37: =+E37/D37*100 -> 0 | H37: 66 | I37: 493

Sheet PPNE2
A1: =+[1]PPNE1!$B$1 -> Plan Operativo Anual
A2: Servicio Nacional de Salud
A3: Dirección de Planificación y Desarrollo | K3: Anticipo Financiero
A4: Programación de actividades | K4: Nómina
A5: =[1]PPNE1!$C$5 -> 2026 | K5: Venta Servicios
A6: Servicio Regional de Salud: | K6: Recursos Externos
A7: CEAS:
A8: Resultados Esperados | B8: Productos | C8: Código | D8: Actividades Programables Presupuestables | E8: Ene | F8: Feb | G8: Mar | H8: Abr | I8: May | J8: Jun | K8: Jul | L8: Ago | M8: Sep | N8: Oct | O8: Nov | P8: Dic | Q8: Total de Acciones | R8: Medio de Verificación 1 | S8: Medio de Verificación 2 | T8: Medio de Verificación 3 | U8: Observaciones/ Comentarios | V8: Área Responsable
A9: 1.1 Reducidos los niveles de morbilidad y mortalidad materna e infantil por causas prevenibles en la población materno-infantil del país, disminuyendo la mortalidad materna de 127.33 y la mortalidad infantil de 18.44 en 2023 a 89.13 y 16.56 en 2028 en todas las regiones del territorio nacional. | B9: 1.1.1 Niños, niñas y Adolescentes reciben atención médica y servicios de salud basado en protocolos nacionales e internacionales. | C9: 1.1.1.01 | D9: Fortalecimiento de los Programas Madre Canguro . | E9: 2 | F9: 2 | G9: 1 | H9: 1 | I9: 1 | J9: 2 | K9: 1 | L9: 1 | M9: 2 | N9: 1 | O9: 1 | P9: 2 | Q9: =SUM(E9:P9) -> 17 | T9: Autoevaluación (enero)/ Plan de mejora (febrero)/ Registro Módulo PMC (mensual)/ Avances Plan de mejora (junio, septiembre,diciembre) | U9: Maternidad Nuestra Señora de la Altagracia, Infantil Dr. Robert Reid Cabral, Materno Infantil San Lorenzo de Los Mina, Materno Dr.Reynaldo Almanzar, Materno Dra. Evangelina Rodríguez, Materno Infantil Dr. Marcelino Velez, Hospital Pediátrico Dr. José Manuel Rodriguez Jimenes, Juan Pablo Pina, Infantil Dr. Arturo Grullón, Maternidad Presidente Estrella Ureña, San Vicente de Paul, Jaime Mota, Dr. Antonio Musa, Materno Infantil Nuestra Señora de la Altagracia, Materno Infantil Dr. Francisco A. Gonzalvo, Taiwan 19 de marzo, Dr.Alejandro Cabral, Materno Infantil Dr. José Fco. Peña Gómez, Dr. Luis M. Morillo King | V9: Materno Infantil y Adolescentes | W9: Eliminar no incluye a nuestro hospital
A10: 1.1 Reducidos los niveles de morbilidad y mortalidad materna e infantil por causas prevenibles en la población materno-infantil del país, disminuyendo la mortalidad materna de 127.33 y la mortalidad infantil de 18.44 en 2023 a 89.13 y 16.56 en 2028 en todas las regiones del territorio nacional. | B10: 1.1.1 Niños, niñas y Adolescentes reciben atención médica y servicios de salud basado en protocolos nacionales e internacionales. | C10: 1.1.1.02 | D10: Seguimiento a la Sala Situacional IA | G10: 1 | J10: 1 | M10: 1 | P10: 1 | Q10: =SUM(E10:P10) -> 4 | T10: Reporte digital Módulo Sala Situacional IA | U10: Infantil Dr. Arturo Grullón, Dr. Luis Morillo King, San Vicente de Paul, Materno Infantil Dr. José Francisco Peña Gómez, Juan Pablo Pina, Jaime Mota, Regional Dr. Alejandro Cabral, Taiwan 19 de marzo, Regional Dr. Antonio Musa, Materno Infantil Nuestra Señora de la Altagracia, Materno Infantil Dr. Francisco A. Gonzalvo, Infantil Dr. Robert Reid Cabral, Materno Infantil San Lorenzo de Los Mina, Materno Infantil Dr. Marcelino Vélez Santana, Pediátrico Dr. Hugo Mendoza, Infantil Dr. José Rodriguez Jimenes, Materno Infantil Dr. Julio Rodriguez Grullón, Materno Infantil de Villa Mella | V10: Materno Infantil y Adolescentes | W10: Eliminar no incluye a nuestro hospital
A11: 1.1 Reducidos los niveles de morbilidad y mortalidad materna e infantil por causas prevenibles en la población materno-infantil del país, disminuyendo la mortalidad materna de 127.33 y la mortalidad infantil de 18.44 en 2023 a 89.13 y 16.56 en 2028 en todas las regiones del territorio nacional. | B11: 1.1.1 Niños, niñas y Adolescentes reciben atención médica y servicios de salud basado en protocolos nacionales e internacionales. | C11: 1.1.1.03 | D11: Reporte casos niños asistidos por violencia. | G11: 1 | J11: 1 | M11: 1 | P11: 1 | Q11: =SUM(E11:P11) -> 4 | T11: Registro Sala Situacional/ Formulario de reporte | U11: Infantil Dr. Arturo Grullón, Dr. Luis Morillo King, San Vicente de Paul, Materno Infantil Dr. José Francisco Peña Gómez, Juan Pablo Pina, Jaime Mota, Regional Dr. Alejandro Cabral, Taiwan 19 de marzo, Regional Dr. Antonio Musa, Materno Infantil Nuestra Señora de la Altagracia, Materno Infantil Dr. Francisco A. Gonzalvo, Infantil Dr. Robert Reid Cabral, Materno Infantil San Lorenzo de Los Mina, Materno Infantil Dr. Marcelino Vélez Santana, Pediátrico Dr. Hugo Mendoza, Infantil Dr. José Rodriguez Jimenes, Materno Infantil Dr. Julio Rodriguez Grullón, Materno Infantil de Villa Mella | V11: Materno Infantil y Adolescentes | W11: eliminar no incluye a nuestro hospital
A12: 1.2.2 Garantizada la atención integral con calidad y oportunidad, mediante la coordinación clínica y asistencial de los servicios de salud | B12: 1.2.2.2 Provisión de servicios de Salud Materno, Infantil y Adolescentes de Calidad | C12: 1.2.2.2.04 | D12: Fortalecimiento en la atención a pacientes criticos (emergencia y UCIP) | G12: 1 | J12: 1 | M12: 1 | P12: 1 | Q12: 4 | R12: Informe | V12: Pediatría Neonatología
A13: 1.2.2 Garantizada la atención integral con calidad y oportunidad, mediante la coordinación clínica y asistencial de los servicios de salud | B13: 1.2.2.2 Provisión de servicios de Salud Materno, Infantil y Adolescentes de Calidad | C13: 1.2.2.2.06 | D13: Seguimiento a la cobertura de vacunas del recien nacido y la aplicación en menores de 5 años | E13: 1 | F13: 1 | G13: 1 | H13: 1 | I13: 1 | J13: 1 | K13: 1 | L13: 1 | M13: 1 | N13: 1 | O13: 1 | P13: 1 | Q13: 12 | R13: Otros | T13: Matriz de vacuna | V13: Pediatría Neonatología
A14: 1.2.2 Garantizada la atención integral con calidad y oportunidad, mediante la coordinación clínica y asistencial de los servicios de salud | B14: 1.2.2.2 Provisión de servicios de Salud Materno, Infantil y Adolescentes de Calidad | C14: 1.2.2.2.07 | D14: Seguimiento al uso y correcto llenado de la Cédula de Salud del niño/niña. | G14: 1 | J14: 1 | M14: 1 | P14: 1 | Q14: 4 | R14: Reporte | V14: Pediatría Neonatología
A15: 1.1 Reducidos los niveles de morbilidad y mortalidad materna e infantil por causas prevenibles en la población materno-infantil del país, disminuyendo la mortalidad materna de 127.33 y la mortalidad infantil de 18.44 en 2023 a 89.13 y 16.56 en 2028 en todas las regiones del territorio nacional. | B15: 1.1.1 Niños, niñas y Adolescentes reciben atención médica y servicios de salud basado en protocolos nacionales e internacionales. | C15: 1.1.1.04 | D15: Elaboración e implementación del plan de mejora para fortalecimiento de las Unidades de Atención Integrales en Salud para personas Adolescentes | E15: 1 | H15: 1 | K15: 1 | N15: 1 | Q15: =SUM(E15:P15) -> 4 | T15: Plan (elaboración enero) Seguimiento (abril, julio, octubre) | U15: Pediátrico Dr. Hugo Mendoza, Pediátrico Dr. Robert Reid Cabral, Materno Infantil San Lorenzo de Los Mina, Municipal Materno Infantil Villa Mella, Infantil Dr. Arturo Grullón, Dr. Ricardo Limardo, Maternidad Infantil Nuestra Señora de la Altagracia (Higuey), Dr. Luis Manuel Morillo King, Juan Pablo Pina, Materno Infantil Dr.Francisco Gonzalvo, San Vicente de Paúl, Dr.Antonio Musa, Jaime Mota, Materno Infantil Dr. Marcelino Vélez, Centro Dr. Nelson Astacio | V15: Materno Infantil y Adolescentes | W15: Eliminar no incluye a nuestro hospital
A16: 1.2.2 Garantizada la atención integral con calidad y oportunidad, mediante la coordinación clínica y asistencial de los servicios de salud | B16: 1.2.2.2 Provisión de servicios de Salud Materno, Infantil y Adolescentes de Calidad | C16: 1.2.2.2.01 | D16: Implementación y seguimiento a la Sala Situacional Infanto Adolescente. | G16: 1 | J16: 1 | M16: 1 | P16: 1 | Q16: 4 | R16: Informe trimestral | S16: Plan de mejora | T16: Autoevaluación/ Módulo de registro/ Plan de Mejora | U16: (Acompañamiento en la elaboración e implemtación de planes de mejora, autoevaluación y apego a los protocolos). VER CRONOGRAMA DE VISITAS CEAS Provinciales Evaluación marzo, implementación primer informe junio y final noviembre . Para implementación norcentral no aplica y para la metropolitana hospitales pediatricos y materno infantiles donde no se implementa. | V16: Pediatría/adolecentes Neonatología
A17: 1.2.2 Garantizada la atención integral con calidad y oportunidad, mediante la coordinación clínica y asistencial de los servicios de salud | B17: 1.2.2.2 Provisión de servicios de Salud Materno, Infantil y Adolescentes de Calidad | C17: 1.2.2.2.05 | D17: Fortalecimiento en la atención a NNA asistidos por violencia. | G17: 1 | J17: 1 | M17: 1 | P17: 1 | Q17: 4 | R17: Reporte | V17: Pediatría/adolecentes Neonatología
A18: 1.2.2 Garantizada la atención integral con calidad y oportunidad, mediante la coordinación clínica y asistencial de los servicios de salud | B18: 1.2.2.2 Provisión de servicios de Salud Materno, Infantil y Adolescentes de Calidad | C18: 1.2.2.2.08 | D18: Fortalecimiento de las condiciones esenciales para la atención a personas adolescentes | G18: 1 | J18: 1 | M18: 1 | P18: 1 | Q18: 4 | R18: Plan | S18: Informe | U18: Deben presentar el plan al inicio, luego deben presentar el seguimiento a la ejecucion, mediante un informe al junto del plan | V18: Pediatría/adolecentes Neonatología
A19: 1.1 Reducidos los niveles de morbilidad y mortalidad materna e infantil por causas prevenibles en la población materno-infantil del país, disminuyendo la mortalidad materna de 127.33 y la mortalidad infantil de 18.44 en 2023 a 89.13 y 16.56 en 2028 en todas las regiones del territorio nacional. | B19: 1.1.1 Niños, niñas y Adolescentes reciben atención médica y servicios de salud basado en protocolos nacionales e internacionales. | C19: 1.1.1.05 | D19: Reporte de la Planificación familiar en Adolescentes | E19: 1 | F19: 1 | G19: 1 | H19: 1 | I19: 1 | J19: 1 | K19: 1 | L19: 1 | M19: 1 | N19: 1 | O19: 1 | P19: 1 | Q19: =SUM(E19:P19) -> 12 | T19: Reporte | U19: Hospitales que asisten Adolecentes | V19: Materno Infantil y Adolescentes
A20: 1.1 Reducidos los niveles de morbilidad y mortalidad materna e infantil por causas prevenibles en la población materno-infantil del país, disminuyendo la mortalidad materna de 127.33 y la mortalidad infantil de 18.44 en 2023 a 89.13 y 16.56 en 2028 en todas las regiones del territorio nacional. | B20: 1.1.2 Recién nacidos reciben atención medica y servicios de salud neonatal basados en protocolos y normas nacionales e internacionales | C20: 1.2.2.01 | D20: Vigilanica sanitaria del agua en las UCIN del SNS | J20: 1 | P20: 1 | Q20: =SUM(E20:P20) -> 2 | R20: Reporte | U20: Maternidad Nuestra Señora de la Altagracia , Materno Infantil San Lorenzo de los Mina, Materno Dr. Reynaldo Almánzar, Materno Infantil Dr. Marcelino Vélez, Maternidad Presidente Estrella Ureña, Materno Infantil Nuestra Señora de la Altagracia (Higuey), Juan Pablo Pina, San Vicente de Paul, Dr. Luis M. Morillo King, Infantil Dr.Robert Reid Cabral, Maternidad Dra.Evangelina Rodriguez, Materno Infantil Dr. José Fco.Peña Gomez, Jaime Mota, Dr. Antonio Musa, Infantil Dr. Arturo Grullon, Materno Infantil Dr. José Rodriguez Grullón (Ciudad Sanitaria), Pediatrico Dr.Hugo Mendoza, Taiwan 19 de marzo, Dr. Alejandro Cabral | V20: Materno Infantil y Adolescentes | W20: Eliminar no incluye a nuestro hospital
A21: 1.1 Reducidos los niveles de morbilidad y mortalidad materna e infantil por causas prevenibles en la población materno-infantil del país, disminuyendo la mortalidad materna de 127.33 y la mortalidad infantil de 18.44 en 2023 a 89.13 y 16.56 en 2028 en todas las regiones del territorio nacional. | B21: 1.1.2 Recién nacidos reciben atención medica y servicios de salud neonatal basados en protocolos y normas nacionales e internacionales | C21: 1.2.2.02 | D21: Monitoreo del registro en línea del Certificado de Nacido Vivo | E21: 1 | F21: 1 | G21: 1 | H21: 1 | I21: 1 | J21: 1 | K21: 1 | L21: 1 | M21: 1 | N21: 1 | O21: 1 | P21: 1 | Q21: =SUM(E21:P21) -> 12 | R21: Reporte | U21: Todos los CEAS donde se producen nacimientos | V21: Materno Infantil y Adolescentes
A22: 1.2 Aumentado el cumplimiento normativo para reducir la incidencia de complicaciones neonatales y maternas, pasando de un promedio del 75.5% en el año 2023 al 88% en el año 2028 en todas las regiones de la Red Pública de Servicios de Salud. | B22: 1.2.1 Gestantes reciben atención médica y servicios de salud materna basados en protocolos y normas nacionales e internacionales. | C22: 1.2.1.01 | D22: Seguimiento de la Morbilidad Materna Extrema | F22: 1 | G22: 1 | H22: 1 | I22: 1 | J22: 1 | K22: 1 | L22: 1 | M22: 1 | N22: 1 | O22: 1 | Q22: =SUM(E22:P22) -> 10 | R22: Informe | U22: Todos los hospitales regionales, maternos, materno infantil, que ofrecen servicios maternos | V22: Materno Infantil y Adolescentes
A23: 1.2 Aumentado el cumplimiento normativo para reducir la incidencia de complicaciones neonatales y maternas, pasando de un promedio del 75.5% en el año 2023 al 88% en el año 2028 en todas las regiones de la Red Pública de Servicios de Salud. | B23: 1.2.1 Gestantes reciben atención médica y servicios de salud materna basados en protocolos y normas nacionales e internacionales. | C23: 1.2.1.02 | D23: Análisis de los indicadores Maternos Neonatales de la Sala Situacional | G23: 1 | J23: 1 | M23: 1 | P23: 1 | Q23: =SUM(E23:P23) -> 4 | R23: Informe | T23: Plantilla estandarizada | U23: Todos los CEAS regionales, especializados y de referencia que ofrezcan servicios maternos | V23: Materno Infantil y Adolescentes
A24: 1.2 Aumentado el cumplimiento normativo para reducir la incidencia de complicaciones neonatales y maternas, pasando de un promedio del 75.5% en el año 2023 al 88% en el año 2028 en todas las regiones de la Red Pública de Servicios de Salud. | B24: 1.2.1 Gestantes reciben atención médica y servicios de salud materna basados en protocolos y normas nacionales e internacionales. | C24: 1.2.1.03 | D24: Seguimiento a la implementacion de la Estrategia Código Rojo. | G24: 1 | J24: 1 | M24: 1 | P24: 1 | Q24: =SUM(E24:P24) -> 4 | R24: Informe | S24: Listado de participación | U24: Todos los hospitales regionales, maternos y materno infantil que ofrecen servicios maternos | V24: Materno Infantil y Adolescentes
A25: 1.2 Aumentado el cumplimiento normativo para reducir la incidencia de complicaciones neonatales y maternas, pasando de un promedio del 75.5% en el año 2023 al 88% en el año 2028 en todas las regiones de la Red Pública de Servicios de Salud. | B25: 1.2.1 Gestantes reciben atención médica y servicios de salud materna basados en protocolos y normas nacionales e internacionales. | C25: 1.2.1.04 | D25: Seguimiento al tamizaje de infecciones vaginales y urinarias en la embarazada | G25: 1 | J25: 1 | N25: 1 | Q25: =SUM(E25:P25) -> 3 | R25: Informe | U25: Materno Dr. Reynaldo Almanzar, Maternidad Nuestra Señora de la Altagracia, Materno Infantil San Lorenzo de los Mina, Maternidad Presidente Estrella Ureña | V25: Materno Infantil y Adolescentes | W25: Eliminar no incluye a nuestro hospital
A26: 1.2 Aumentado el cumplimiento normativo para reducir la incidencia de complicaciones neonatales y maternas, pasando de un promedio del 75.5% en el año 2023 al 88% en el año 2028 en todas las regiones de la Red Pública de Servicios de Salud. | B26: 1.2.1 Gestantes reciben atención médica y servicios de salud materna basados en protocolos y normas nacionales e internacionales. | C26: 1.2.1.05 | D26: Elaboracion de los planes de mejora de la metodología de Observación de la Práctica Clínica (OPC) según los resultados del monitoreo de calidad de los servicios en los CEAS priorizados | I26: 1 | N26: 1 | Q26: =SUM(E26:P26) -> 2 | R26: Plan | S26: Listado de participación | U26: CEAS PRIORIZADOS SRS Ozama 1. Hospital Materno Dr. Reynaldo Almánzar 2. Hospital Maternidad Nuestra Señora de la Altagracia 3. Hospital Materno Infantil San Lorenzo de los Mina 4. Hospital Materno Dra. Evangelina Rodríguez 5. ⁠Hospital Materno Infantil Dr. Marcelino Vélez Santana 6. Hospital Materno Infantil Dr. Julio Rodriguez Grullón SRS Valdesia 7.Hospital Regional Juan Pablo Pina SRS Cibao Norte 8. Hospital Maternidad Presidente Estrella Ureña SRS Cibao Nordeste 9. Hospital Regional San Vicente de Paul SRS Enriquillo 10. Hospital Regional Jaime Mota SRS Higuamo 11. Hospital Materno Infantil Nuestra Señora de la Altagracia 12. Hospital Materno Infantil Dr. Francisco Gonzalvo. SRS Yuma 13. Hospital Regional Dr. Antonio Musa SRS El Valle 14. Hospital Regional Dr. Alejandro Cabral 15. Hospital Regional Taiwán 19 de marzo SRS Cibao Noroeste 16. Hospital Materno Infantil Dr.José Francisco Peña Gómez SRS Cibao Sur 17. Hospital Regional Dr. Luis Morillo King | V26: Materno Infantil y Adolescentes | W26: Eliminar no incluye a nuestro hospital
A27: 1.2 Aumentado el cumplimiento normativo para reducir la incidencia de complicaciones neonatales y maternas, pasando de un promedio del 75.5% en el año 2023 al 88% en el año 2028 en todas las regiones de la Red Pública de Servicios de Salud. | B27: 1.2.1 Gestantes reciben atención médica y servicios de salud materna basados en protocolos y normas nacionales e internacionales. | C27: 1.2.1.06 | D27: Seguimiento a la Planificación Post Evento Obstétrico | H27: 1 | L27: 1 | O27: 1 | Q27: =SUM(E27:P27) -> 3 | R27: Informe | U27: CEAS PRIORIZADOS SRS Ozama 1. Hospital Materno Dr. Reynaldo Almánzar 2. Hospital Maternidad Nuestra Señora de la Altagracia 3. Hospital Materno Infantil San Lorenzo de los Mina 4. Hospital Materno Dra. Evangelina Rodríguez 5. ⁠Hospital Materno Infantil Dr. Marcelino Vélez Santana 6. Hospital Materno Infantil Dr. Julio Rodriguez Grullón SRS Valdesia 7.Hospital Regional Juan Pablo Pina SRS Cibao Norte 8. Hospital Maternidad Presidente Estrella Ureña SRS Cibao Nordeste 9. Hospital Regional San Vicente de Paul SRS Enriquillo 10. Hospital Regional Jaime Mota SRS Higuamo 11. Hospital Materno Infantil Nuestra Señora de la Altagracia 12. Hospital Materno Infantil Dr. Francisco Gonzalvo. SRS Yuma 13. Hospital Regional Dr. Antonio Musa SRS El Valle 14. Hospital Regional Dr. Alejandro Cabral 15. Hospital Regional Taiwán 19 de marzo SRS Cibao Noroeste 16. Hospital Materno Infantil Dr.José Francisco Peña Gómez SRS Cibao Sur 17. Hospital Regional Dr. Luis Morillo King | V27: Materno Infantil y Adolescentes | W27: Eliminar no incluye a nuestro hospital
A28: 1.1.3 Reducida la morbi-mortalidad de las enfermedades transmisibles, incluidas la infección por el VIH/SIDA, la Tuberculosis, las infecciones de transmisión sexual, las hepatitis virales, enfermedades transmitidas por vectores, enfermedades desatendidas, tropicales y zoonóticas, y las enfermedades prevenibles mediante vacunación; con especial atención en las poblaciones vulnerables | B28: 1.1.3.1 Aumento de la provisión de servicios de salud sexual y reproductiva en la Red SNS | C28: 1.1.3.1.09 | D28: Seguimiento y reporte de los casos de Sepsis Materna | E28: 1 | F28: 1 | G28: 1 | H28: 1 | I28: 1 | J28: 1 | K28: 1 | L28: 1 | M28: 1 | N28: 1 | O28: 1 | P28: 1 | Q28: 12 | R28: Reporte | V28: Materno-Neonatal
A29: 1.2 Aumentado el cumplimiento normativo para reducir la incidencia de complicaciones neonatales y maternas, pasando de un promedio del 75.5% en el año 2023 al 88% en el año 2028 en todas las regiones de la Red Pública de Servicios de Salud. | B29: 1.2.1 Gestantes reciben atención médica y servicios de salud materna basados en protocolos y normas nacionales e internacionales. | C29: 1.2.1.07 | D29: Monitoreo al apego a protocolo de atencion en consulta prenatal. | I29: 1 | N29: 1 | Q29: =SUM(E29:P29) -> 2 | R29: Informe | U29: CEAS PRIORIZADOS SRS Ozama 1. Hospital Materno Dr. Reynaldo Almánzar 2. Hospital Maternidad Nuestra Señora de la Altagracia 3. Hospital Materno Infantil San Lorenzo de los Mina 4. Hospital Materno Dra. Evangelina Rodríguez 5. ⁠Hospital Materno Infantil Dr. Marcelino Vélez Santana 6. Hospital Materno Infantil Dr. Julio Rodriguez Grullón SRS Valdesia 7.Hospital Regional Juan Pablo Pina SRS Cibao Norte 8. Hospital Maternidad Presidente Estrella Ureña SRS Cibao Nordeste 9. Hospital Regional San Vicente de Paul SRS Enriquillo 10. Hospital Regional Jaime Mota SRS Higuamo 11. Hospital Materno Infantil Nuestra Señora de la Altagracia 12. Hospital Materno Infantil Dr. Francisco Gonzalvo. SRS Yuma 13. Hospital Regional Dr. Antonio Musa SRS El Valle 14. Hospital Regional Dr. Alejandro Cabral 15. Hospital Regional Taiwán 19 de marzo SRS Cibao Noroeste 16. Hospital Materno Infantil Dr.José Francisco Peña Gómez SRS Cibao Sur 17. Hospital Regional Dr. Luis Morillo King | V29: Materno Infantil y Adolescentes | W29: Eliminar no incluye a nuestro hospital
A30: 1.5 Reducida la morbilidad y mortalidad prematura por enfermedades no transmisibles en personas de 30 a 69 años, en un 20% al año 2028, mediante la implementación de intervenciones integrales de prevención, diagnóstico temprano y tratamiento oportuno en los establecimientos de la Red Pública. | B30: 1.5.2 Las víctimas de violencia de género e intrafamiliar reciben atención integral, oportuna y segura en los servicios de salud. | C30: 1.5.2.01 | D30: Reporte de estadísticas de los casos de violencia de género e intrafamiliar. | E30: 1 | F30: 1 | G30: 1 | H30: 1 | I30: 1 | J30: 1 | K30: 1 | L30: 1 | M30: 1 | N30: 1 | O30: 1 | P30: 1 | Q30: =SUM(E30:P30) -> 12 | R30: Reporte | V30: Género
A31: 1.6 Incrementado el acceso oportuno a servicios de salud de calidad, aumentando el acceso a servicios preventivos de 2.23% de la población prioritaria en 2023 al 5.24% en 2028 en todas las regiones del país. | B31: 1.6.5 La población usuaria recibe servicios odontológicos fortalecidos y de calidad mediante la ejecución de planes de mejora de la atención dental. | C31: 1.6.5.01 | D31: Capacitaciones a RRHH de las areas de odontología de acuerdo a las necesidades. | G31: 1 | J31: 1 | M31: 1 | Q31: =SUM(E31:P31) -> 3 | R31: Listado de participación | S31: Plan | V31: Odontología
A32: 1.6 Incrementado el acceso oportuno a servicios de salud de calidad, aumentando el acceso a servicios preventivos de 2.23% de la población prioritaria en 2023 al 5.24% en 2028 en todas las regiones del país. | B32: 1.6.5 La población usuaria recibe servicios odontológicos fortalecidos y de calidad mediante la ejecución de planes de mejora de la atención dental. | C32: 1.6.5.02 | D32: Desarrollo de plan de acciones para el acondicionamiento de infraestructura, mantenimiento de equipos y equipamiento de las áreas de odontología EES | G32: 1 | J32: 1 | M32: 1 | O32: 1 | Q32: =SUM(E32:P32) -> 4 | R32: Informe | S32: Plan | V32: Odontología
A33: 1.6 Incrementado el acceso oportuno a servicios de salud de calidad, aumentando el acceso a servicios preventivos de 2.23% de la población prioritaria en 2023 al 5.24% en 2028 en todas las regiones del país. | B33: 1.6.5 La población usuaria recibe servicios odontológicos fortalecidos y de calidad mediante la ejecución de planes de mejora de la atención dental. | C33: 1.6.5.03 | D33: Desarrollo del Programa Fomento de la Salud bucal. | H33: 1 | L33: 1 | N33: 1 | Q33: =SUM(E33:P33) -> 3 | R33: Informe | V33: Odontología
A34: 1.6 Incrementado el acceso oportuno a servicios de salud de calidad, aumentando el acceso a servicios preventivos de 2.23% de la población prioritaria en 2023 al 5.24% en 2028 en todas las regiones del país. | B34: 1.6.5 La población usuaria recibe servicios odontológicos fortalecidos y de calidad mediante la ejecución de planes de mejora de la atención dental. | C34: 1.6.5.04 | D34: Desarrollo del Programa Hospitales libre de caries | H34: 1 | M34: 1 | Q34: =SUM(E34:P34) -> 2 | R34: Informe | V34: Odontología
A35: 1.7 Aumentada la disponibilidad de medicamentos esenciales en los establecimientos de la Red Pública de Servicios de Salud, incrementando el cumplimiento promedio de abastecimiento del 88% en 2023 al 93% en 2028 en todas las regiones del país. | B35: 1.7.1 Pacientes reciben medicamentos esenciales para el tratamiento adecuado y oportuno de sus condiciones de salud. | C35: 1.7.1.01 | D35: Reunión Comité Farmaco Terapeutico (CFT) Hospitalario y promoción del uso racional de los medicamentos. | E35: 1 | H35: 1 | K35: 1 | N35: 1 | Q35: =SUM(E35:P35) -> 4 | R35: Listado de participación | S35: Minuta | V35: Medicamentos
A36: 1.8 Superadas las deficiencias en la organización e implementación de las Redes Integradas de Servicios de Salud (RISS) beneficiando a toda la población que utiliza los servicios de salud de la Red Pública, aumentando del 38% en 2023 al 50% en 2028 en todo el territorio nacional. | B36: 1.8.2 La población recibe acceso equitativo a servicios de salud, incluidos los de emergencia, de calidad, seguros, integrales, continuos e inclusivos, mediante redes integradas que incorporan mejora continua de procesos y avances tecnológicos. | C36: 1.8.2.01 | D36: Implementación del Modelo hospitalario y flujos de Asistencia Emergencias y Urgencias | J36: 1 | Q36: =SUM(E36:P36) -> 1 | R36: Reporte | V36: Emergencia
A37: 1.8 Superadas las deficiencias en la organización e implementación de las Redes Integradas de Servicios de Salud (RISS) beneficiando a toda la población que utiliza los servicios de salud de la Red Pública, aumentando del 38% en 2023 al 50% en 2028 en todo el territorio nacional. | B37: 1.8.2 La población recibe acceso equitativo a servicios de salud, incluidos los de emergencia, de calidad, seguros, integrales, continuos e inclusivos, mediante redes integradas que incorporan mejora continua de procesos y avances tecnológicos. | C37: 1.8.2.02 | D37: Socializacion e implementación del RAC-Triaje en las Salas de Emergencias Centros Hospitalarios | J37: 1 | O37: 1 | Q37: =SUM(E37:P37) -> 2 | R37: Listado de participación | S37: Reporte | V37: Emergencia
A38: 1.8 Superadas las deficiencias en la organización e implementación de las Redes Integradas de Servicios de Salud (RISS) beneficiando a toda la población que utiliza los servicios de salud de la Red Pública, aumentando del 38% en 2023 al 50% en 2028 en todo el territorio nacional. | B38: 1.8.2 La población recibe acceso equitativo a servicios de salud, incluidos los de emergencia, de calidad, seguros, integrales, continuos e inclusivos, mediante redes integradas que incorporan mejora continua de procesos y avances tecnológicos. | C38: 1.8.2.03 | D38: Llenado de historia clinica de emergencias y registro de todos los pacientes del libro de emergencias | G38: 1 | J38: 1 | M38: 1 | Q38: =SUM(E38:P38) -> 3 | R38: Reporte | V38: Emergencia
A39: 1.8 Superadas las deficiencias en la organización e implementación de las Redes Integradas de Servicios de Salud (RISS) beneficiando a toda la población que utiliza los servicios de salud de la Red Pública, aumentando del 38% en 2023 al 50% en 2028 en todo el territorio nacional. | B39: 1.8.2 La población recibe acceso equitativo a servicios de salud, incluidos los de emergencia, de calidad, seguros, integrales, continuos e inclusivos, mediante redes integradas que incorporan mejora continua de procesos y avances tecnológicos. | C39: 1.8.2.04 | D39: Implementación del procedimiento para la entrega, recibo y reposicion de carro de paro | J39: 1 | O39: 1 | Q39: =SUM(E39:P39) -> 2 | T39: Formularios de verificacion de Carro de paro (Apertura, Stock y Verificacion de desfibrilador) | V39: Emergencia
A40: 1.8 Superadas las deficiencias en la organización e implementación de las Redes Integradas de Servicios de Salud (RISS) beneficiando a toda la población que utiliza los servicios de salud de la Red Pública, aumentando del 38% en 2023 al 50% en 2028 en todo el territorio nacional. | B40: 1.8.2 La población recibe acceso equitativo a servicios de salud, incluidos los de emergencia, de calidad, seguros, integrales, continuos e inclusivos, mediante redes integradas que incorporan mejora continua de procesos y avances tecnológicos. | C40: 1.8.2.05 | D40: Registros en el tablero de Indicadores de Gestión de las Salas de Emergencias de los Centros de Salud. | J40: 1 | N40: 1 | Q40: =SUM(E40:P40) -> 2 | R40: Reporte | V40: Emergencia
A41: 1.8 Superadas las deficiencias en la organización e implementación de las Redes Integradas de Servicios de Salud (RISS) beneficiando a toda la población que utiliza los servicios de salud de la Red Pública, aumentando del 38% en 2023 al 50% en 2028 en todo el territorio nacional. | B41: 1.8.2 La población recibe acceso equitativo a servicios de salud, incluidos los de emergencia, de calidad, seguros, integrales, continuos e inclusivos, mediante redes integradas que incorporan mejora continua de procesos y avances tecnológicos. | C41: 1.8.2.06 | D41: Socialización de los procedimientos de traslado de pacientes | I41: 1 | Q41: =SUM(E41:P41) -> 1 | R41: Listado de participación | S41: Agenda | V41: Emergencia
A42: 1.8 Superadas las deficiencias en la organización e implementación de las Redes Integradas de Servicios de Salud (RISS) beneficiando a toda la población que utiliza los servicios de salud de la Red Pública, aumentando del 38% en 2023 al 50% en 2028 en todo el territorio nacional. | B42: 1.8.2 La población recibe acceso equitativo a servicios de salud, incluidos los de emergencia, de calidad, seguros, integrales, continuos e inclusivos, mediante redes integradas que incorporan mejora continua de procesos y avances tecnológicos. | C42: 1.8.2.07 | D42: Elaboración y/o actualización de los Planes de Emergencias y Desastres Hospitalarios | G42: 1 | Q42: =SUM(E42:P42) -> 1 | R42: Plan | V42: Emergencia
A43: 1.8 Superadas las deficiencias en la organización e implementación de las Redes Integradas de Servicios de Salud (RISS) beneficiando a toda la población que utiliza los servicios de salud de la Red Pública, aumentando del 38% en 2023 al 50% en 2028 en todo el territorio nacional. | B43: 1.8.2 La población recibe acceso equitativo a servicios de salud, incluidos los de emergencia, de calidad, seguros, integrales, continuos e inclusivos, mediante redes integradas que incorporan mejora continua de procesos y avances tecnológicos. | C43: 1.8.2.08 | D43: Reunion del comité de emergencias para socializacion del plan Hospitalarios Emergencias de salud publica y desastres naturales con el personal del hospital. | G43: 1 | J43: 1 | M43: 1 | Q43: =SUM(E43:P43) -> 3 | R43: Listado de participación | S43: Minuta | V43: Emergencia
A44: 1.8 Superadas las deficiencias en la organización e implementación de las Redes Integradas de Servicios de Salud (RISS) beneficiando a toda la población que utiliza los servicios de salud de la Red Pública, aumentando del 38% en 2023 al 50% en 2028 en todo el territorio nacional. | B44: 1.8.2 La población recibe acceso equitativo a servicios de salud, incluidos los de emergencia, de calidad, seguros, integrales, continuos e inclusivos, mediante redes integradas que incorporan mejora continua de procesos y avances tecnológicos. | C44: 1.8.2.09 | D44: Simulacro para probar la funcionabilidad de los Planes de Emergencias y Desastres Hospitalarios. | N44: 1 | Q44: =SUM(E44:P44) -> 1 | R44: Listado de participación | S44: Reporte | V44: Emergencia
A45: 1.8 Superadas las deficiencias en la organización e implementación de las Redes Integradas de Servicios de Salud (RISS) beneficiando a toda la población que utiliza los servicios de salud de la Red Pública, aumentando del 38% en 2023 al 50% en 2028 en todo el territorio nacional. | B45: 1.8.2 La población recibe acceso equitativo a servicios de salud, incluidos los de emergencia, de calidad, seguros, integrales, continuos e inclusivos, mediante redes integradas que incorporan mejora continua de procesos y avances tecnológicos. | C45: 1.8.2.10 | D45: Reunión con el Comite Hospitalario de Emergencias y Desastres para preparar el Operativo de Navidad y Año Nuevo comité de emergencias | P45: 1 | Q45: =SUM(E45:P45) -> 1 | R45: Listado de participación | S45: Minuta | V45: Emergencia
A46: 1.8 Superadas las deficiencias en la organización e implementación de las Redes Integradas de Servicios de Salud (RISS) beneficiando a toda la población que utiliza los servicios de salud de la Red Pública, aumentando del 38% en 2023 al 50% en 2028 en todo el territorio nacional. | B46: 1.8.2 La población recibe acceso equitativo a servicios de salud, incluidos los de emergencia, de calidad, seguros, integrales, continuos e inclusivos, mediante redes integradas que incorporan mejora continua de procesos y avances tecnológicos. | C46: 1.8.2.11 | D46: Reunión con el Comite Hospitalario de Emergencias y Desastres para preparar el Operativo de Semana Santa comité de emergencias | G46: 1 | Q46: =SUM(E46:P46) -> 1 | R46: Listado de participación | S46: Minuta | V46: Emergencia
A47: 1.8 Superadas las deficiencias en la organización e implementación de las Redes Integradas de Servicios de Salud (RISS) beneficiando a toda la población que utiliza los servicios de salud de la Red Pública, aumentando del 38% en 2023 al 50% en 2028 en todo el territorio nacional. | B47: 1.8.2 La población recibe acceso equitativo a servicios de salud, incluidos los de emergencia, de calidad, seguros, integrales, continuos e inclusivos, mediante redes integradas que incorporan mejora continua de procesos y avances tecnológicos. | C47: 1.8.2.12 | D47: Reunión con el Comite Hospitalario de Emergencias y Desastres para respuesta a Temporada Ciclonica y Eventos Hidrometeorologicos comité de emergencias | E47: 1 | O47: 1 | Q47: =SUM(E47:P47) -> 2 | R47: Listado de participación | S47: Minuta | V47: Emergencia
A48: 1.8 Superadas las deficiencias en la organización e implementación de las Redes Integradas de Servicios de Salud (RISS) beneficiando a toda la población que utiliza los servicios de salud de la Red Pública, aumentando del 38% en 2023 al 50% en 2028 en todo el territorio nacional. | B48: 1.8.2 La población recibe acceso equitativo a servicios de salud, incluidos los de emergencia, de calidad, seguros, integrales, continuos e inclusivos, mediante redes integradas que incorporan mejora continua de procesos y avances tecnológicos. | C48: 1.8.2.13 | D48: Reunión con el Comite Hospitalario de Emergencias y Desastres para la respuesta alta demanda asistencial por siniestros siniestro viales, emergencias de salud, desastres naturales y cambio climaticos. | I48: 1 | Q48: =SUM(E48:P48) -> 1 | R48: Listado de participación | S48: Minuta | V48: Emergencia
A49: 1.8 Superadas las deficiencias en la organización e implementación de las Redes Integradas de Servicios de Salud (RISS) beneficiando a toda la población que utiliza los servicios de salud de la Red Pública, aumentando del 38% en 2023 al 50% en 2028 en todo el territorio nacional. | B49: 1.8.3 La población usuaria recibe servicios hospitalarios fortalecidos, integrales y de calidad mediante la mejora continua de procesos y servicios, la optimización de la gestión y el fortalecimiento de la infraestructura, el equipamiento y las capacidades del personal. | C49: 1.8.3.01 | D49: Supervision de indicadores de calidad en el programa de hemodialisis y diálisis peritoneal, para los centros que apliquen para el programa. | E49: 1 | F49: 1 | G49: 1 | H49: 1 | I49: 1 | J49: 1 | K49: 1 | L49: 1 | M49: 1 | N49: 1 | O49: 1 | P49: 1 | Q49: =SUM(E49:P49) -> 12 | R49: Informe | V49: Centros Hospitalarios | W49: Eliminar no comtamos con hemodialisis
A50: 1.8 Superadas las deficiencias en la organización e implementación de las Redes Integradas de Servicios de Salud (RISS) beneficiando a toda la población que utiliza los servicios de salud de la Red Pública, aumentando del 38% en 2023 al 50% en 2028 en todo el territorio nacional. | B50: 1.8.3 La población usuaria recibe servicios hospitalarios fortalecidos, integrales y de calidad mediante la mejora continua de procesos y servicios, la optimización de la gestión y el fortalecimiento de la infraestructura, el equipamiento y las capacidades del personal. | C50: 1.8.3.02 | D50: Plan de mejora a partir de los resultados de la evaluacion de indicadores de calidad en el programa de hemodialisis y diálisis peritoneal, para los centros que apliquen para el programa. | G50: 1 | J50: 1 | M50: 1 | P50: 1 | Q50: =SUM(E50:P50) -> 4 | R50: Protocolo | V50: Centros Hospitalarios | W50: Eliminar no contamos con hemodialisis
A51: 1.8 Superadas las deficiencias en la organización e implementación de las Redes Integradas de Servicios de Salud (RISS) beneficiando a toda la población que utiliza los servicios de salud de la Red Pública, aumentando del 38% en 2023 al 50% en 2028 en todo el territorio nacional. | B51: 1.8.3 La población usuaria recibe servicios hospitalarios fortalecidos, integrales y de calidad mediante la mejora continua de procesos y servicios, la optimización de la gestión y el fortalecimiento de la infraestructura, el equipamiento y las capacidades del personal. | C51: 1.8.3.03 | D51: Seguimiento a los planes de mejora de la evaluacion de indicadores de calidad en el programa de hemodialisis y diálisis peritoneal, para los centros que apliquen para el programa. | H51: 1 | K51: 1 | N51: 1 | Q51: =SUM(E51:P51) -> 3 | R51: Informe | S51: Plan | V51: Centros Hospitalarios | W51: Eliminar no contamos con hemodialisis
A52: 1.8 Superadas las deficiencias en la organización e implementación de las Redes Integradas de Servicios de Salud (RISS) beneficiando a toda la población que utiliza los servicios de salud de la Red Pública, aumentando del 38% en 2023 al 50% en 2028 en todo el territorio nacional. | B52: 1.8.3 La población usuaria recibe servicios hospitalarios fortalecidos, integrales y de calidad mediante la mejora continua de procesos y servicios, la optimización de la gestión y el fortalecimiento de la infraestructura, el equipamiento y las capacidades del personal. | C52: 1.8.3.04 | D52: Seguimiento al plan de mejora de las evaluaciones de la calidad de los servicios de nutrición | G52: 1 | J52: 1 | M52: 1 | P52: 1 | Q52: =SUM(E52:P52) -> 4 | R52: Informe | S52: Plan | V52: Nutricion | W52: Cambio de responsable
A53: 1.8 Superadas las deficiencias en la organización e implementación de las Redes Integradas de Servicios de Salud (RISS) beneficiando a toda la población que utiliza los servicios de salud de la Red Pública, aumentando del 38% en 2023 al 50% en 2028 en todo el territorio nacional. | B53: 1.8.3 La población usuaria recibe servicios hospitalarios fortalecidos, integrales y de calidad mediante la mejora continua de procesos y servicios, la optimización de la gestión y el fortalecimiento de la infraestructura, el equipamiento y las capacidades del personal. | C53: 1.8.3.05 | D53: =[2]Hoja1!$E$7 -> Supervición y evaluación de los procesos de bioseguridad hospitalaria | G53: 1 | J53: 1 | M53: 1 | P53: 1 | Q53: =SUM(E53:P53) -> 4 | R53: Informe | V53: Bioseguridad | W53: Cambio de responsable
A54: 1.8 Superadas las deficiencias en la organización e implementación de las Redes Integradas de Servicios de Salud (RISS) beneficiando a toda la población que utiliza los servicios de salud de la Red Pública, aumentando del 38% en 2023 al 50% en 2028 en todo el territorio nacional. | B54: 1.8.3 La población usuaria recibe servicios hospitalarios fortalecidos, integrales y de calidad mediante la mejora continua de procesos y servicios, la optimización de la gestión y el fortalecimiento de la infraestructura, el equipamiento y las capacidades del personal. | C54: 1.8.3.06 | D54: Elaboración de los planes de mejora a partir de los resultados de evaluacion de procesos de bioseguridad hospitalaria | H54: 1 | J54: 1 | N54: 1 | Q54: =SUM(E54:P54) -> 3 | R54: Plan | V54: Bioseguridad | W54: Cambio de responsable
A55: 1.8 Superadas las deficiencias en la organización e implementación de las Redes Integradas de Servicios de Salud (RISS) beneficiando a toda la población que utiliza los servicios de salud de la Red Pública, aumentando del 38% en 2023 al 50% en 2028 en todo el territorio nacional. | B55: 1.8.3 La población usuaria recibe servicios hospitalarios fortalecidos, integrales y de calidad mediante la mejora continua de procesos y servicios, la optimización de la gestión y el fortalecimiento de la infraestructura, el equipamiento y las capacidades del personal. | C55: 1.8.3.07 | D55: Seguimiento a los planes de mejora de evaluación de procesos de bioseguridad hospitalaria | J55: 1 | M55: 1 | P55: 1 | Q55: =SUM(E55:P55) -> 3 | R55: Informe | T55: Plan de seguimiento | V55: Bioseguridad | W55: Cambio de responsable
A56: 1.8 Superadas las deficiencias en la organización e implementación de las Redes Integradas de Servicios de Salud (RISS) beneficiando a toda la población que utiliza los servicios de salud de la Red Pública, aumentando del 38% en 2023 al 50% en 2028 en todo el territorio nacional. | B56: 1.8.3 La población usuaria recibe servicios hospitalarios fortalecidos, integrales y de calidad mediante la mejora continua de procesos y servicios, la optimización de la gestión y el fortalecimiento de la infraestructura, el equipamiento y las capacidades del personal. | C56: 1.8.3.08 | D56: Notificación oportuna de las enfermedades bajo vigilancia epidemiológica (Epi 1 y 2) | E56: 1 | F56: 1 | G56: 1 | H56: 1 | I56: 1 | J56: 1 | K56: 1 | L56: 1 | M56: 1 | N56: 1 | O56: 1 | P56: 1 | Q56: =SUM(E56:P56) -> 12 | R56: Reporte | V56: Epidemiologia | W56: Cambio de responsable
A57: 1.8 Superadas las deficiencias en la organización e implementación de las Redes Integradas de Servicios de Salud (RISS) beneficiando a toda la población que utiliza los servicios de salud de la Red Pública, aumentando del 38% en 2023 al 50% en 2028 en todo el territorio nacional. | B57: 1.8.3 La población usuaria recibe servicios hospitalarios fortalecidos, integrales y de calidad mediante la mejora continua de procesos y servicios, la optimización de la gestión y el fortalecimiento de la infraestructura, el equipamiento y las capacidades del personal. | C57: 1.8.3.09 | D57: Implementación del procedimiento de hosteleria hospitalaria | J57: 1 | P57: 1 | Q57: =SUM(E57:P57) -> 2 | R57: Informe | V57: Centros Hospitalarios | W57: Cambio de responsable
A58: 1.8 Superadas las deficiencias en la organización e implementación de las Redes Integradas de Servicios de Salud (RISS) beneficiando a toda la población que utiliza los servicios de salud de la Red Pública, aumentando del 38% en 2023 al 50% en 2028 en todo el territorio nacional. | B58: 1.8.3 La población usuaria recibe servicios hospitalarios fortalecidos, integrales y de calidad mediante la mejora continua de procesos y servicios, la optimización de la gestión y el fortalecimiento de la infraestructura, el equipamiento y las capacidades del personal. | C58: 1.8.3.10 | D58: Diagnóstico situacional de la conformación de los comités hospitalarios | J58: 1 | P58: 1 | Q58: =SUM(E58:P58) -> 2 | R58: Informe | V58: Sub- Director medico | W58: Cambio de responsable
A59: 1.8 Superadas las deficiencias en la organización e implementación de las Redes Integradas de Servicios de Salud (RISS) beneficiando a toda la población que utiliza los servicios de salud de la Red Pública, aumentando del 38% en 2023 al 50% en 2028 en todo el territorio nacional. | B59: 1.8.3 La población usuaria recibe servicios hospitalarios fortalecidos, integrales y de calidad mediante la mejora continua de procesos y servicios, la optimización de la gestión y el fortalecimiento de la infraestructura, el equipamiento y las capacidades del personal. | C59: 1.8.3.11 | D59: Conformacion de los comité Hospitalarios | I59: 1 | Q59: =SUM(E59:P59) -> 1 | R59: Reporte | T59: Matriz | V59: Sub- Director medico | W59: Cambio de responsable
A60: 1.8 Superadas las deficiencias en la organización e implementación de las Redes Integradas de Servicios de Salud (RISS) beneficiando a toda la población que utiliza los servicios de salud de la Red Pública, aumentando del 38% en 2023 al 50% en 2028 en todo el territorio nacional. | B60: 1.8.3 La población usuaria recibe servicios hospitalarios fortalecidos, integrales y de calidad mediante la mejora continua de procesos y servicios, la optimización de la gestión y el fortalecimiento de la infraestructura, el equipamiento y las capacidades del personal. | C60: 1.8.3.12 | D60: Evaluacion de la Metodologia de Gestion Productiva | J60: 1 | P60: 1 | Q60: =SUM(E60:P60) -> 2 | R60: Informe | V60: Sub- Direccion | W60: Cambio de responsable
A61: 1.8 Superadas las deficiencias en la organización e implementación de las Redes Integradas de Servicios de Salud (RISS) beneficiando a toda la población que utiliza los servicios de salud de la Red Pública, aumentando del 38% en 2023 al 50% en 2028 en todo el territorio nacional. | B61: 1.8.3 La población usuaria recibe servicios hospitalarios fortalecidos, integrales y de calidad mediante la mejora continua de procesos y servicios, la optimización de la gestión y el fortalecimiento de la infraestructura, el equipamiento y las capacidades del personal. | C61: 1.8.3.13 | D61: Plan de mejora a partir de los resultados de la evaluacion de la metodologia de gestion productiva | I61: 1 | O61: 1 | Q61: =SUM(E61:P61) -> 2 | R61: Plan | V61: Sub- Direccion | W61: Cambio de responsable
A62: 1.8 Superadas las deficiencias en la organización e implementación de las Redes Integradas de Servicios de Salud (RISS) beneficiando a toda la población que utiliza los servicios de salud de la Red Pública, aumentando del 38% en 2023 al 50% en 2028 en todo el territorio nacional. | B62: 1.8.3 La población usuaria recibe servicios hospitalarios fortalecidos, integrales y de calidad mediante la mejora continua de procesos y servicios, la optimización de la gestión y el fortalecimiento de la infraestructura, el equipamiento y las capacidades del personal. | C62: 1.8.3.14 | D62: Seguimiento a los planes de mejora de la MGP | I62: 1 | P62: 1 | Q62: =SUM(E62:P62) -> 2 | R62: Informe | S62: Plan | V62: Sub- Direccion | W62: Cambio de responsable
A63: 1.8 Superadas las deficiencias en la organización e implementación de las Redes Integradas de Servicios de Salud (RISS) beneficiando a toda la población que utiliza los servicios de salud de la Red Pública, aumentando del 38% en 2023 al 50% en 2028 en todo el territorio nacional. | B63: 1.8.3 La población usuaria recibe servicios hospitalarios fortalecidos, integrales y de calidad mediante la mejora continua de procesos y servicios, la optimización de la gestión y el fortalecimiento de la infraestructura, el equipamiento y las capacidades del personal. | C63: 1.8.3.15 | D63: Supervisión de la calidad de los servicios de nutrición | E63: 1 | F63: 1 | G63: 1 | H63: 1 | I63: 1 | J63: 1 | K63: 1 | L63: 1 | M63: 1 | N63: 1 | O63: 1 | P63: 1 | Q63: =SUM(E63:P63) -> 12 | R63: Informe | V63: Nutricion | W63: Cambio de responsable
A64: 1.8 Superadas las deficiencias en la organización e implementación de las Redes Integradas de Servicios de Salud (RISS) beneficiando a toda la población que utiliza los servicios de salud de la Red Pública, aumentando del 38% en 2023 al 50% en 2028 en todo el territorio nacional. | B64: 1.8.3 La población usuaria recibe servicios hospitalarios fortalecidos, integrales y de calidad mediante la mejora continua de procesos y servicios, la optimización de la gestión y el fortalecimiento de la infraestructura, el equipamiento y las capacidades del personal. | C64: 1.8.3.16 | D64: Desarrollo de los planes de mejora a partir de los resultados de las evaluaciones de la calidad de los servicios de nutrición | G64: 1 | J64: 1 | M64: 1 | P64: 1 | Q64: =SUM(E64:P64) -> 4 | R64: Plan | V64: Nutricion | W64: Cambio de responsable
A65: 1.8 Superadas las deficiencias en la organización e implementación de las Redes Integradas de Servicios de Salud (RISS) beneficiando a toda la población que utiliza los servicios de salud de la Red Pública, aumentando del 38% en 2023 al 50% en 2028 en todo el territorio nacional. | B65: 1.8.3 La población usuaria recibe servicios hospitalarios fortalecidos, integrales y de calidad mediante la mejora continua de procesos y servicios, la optimización de la gestión y el fortalecimiento de la infraestructura, el equipamiento y las capacidades del personal. | C65: 1.8.3.17 | D65: Implementación del plan de mejora de las evaluaciones de la calidad de los servicios de nutrición | H65: 1 | K65: 1 | N65: 1 | Q65: =SUM(E65:P65) -> 3 | R65: Informe | V65: Nutricion | W65: Cambio de responsable
A66: 1.8 Superadas las deficiencias en la organización e implementación de las Redes Integradas de Servicios de Salud (RISS) beneficiando a toda la población que utiliza los servicios de salud de la Red Pública, aumentando del 38% en 2023 al 50% en 2028 en todo el territorio nacional. | B66: 1.8.3 La población usuaria recibe servicios hospitalarios fortalecidos, integrales y de calidad mediante la mejora continua de procesos y servicios, la optimización de la gestión y el fortalecimiento de la infraestructura, el equipamiento y las capacidades del personal. | C66: 1.8.3.18 | D66: Análisis del comportamiento de las objeciones médicas y administrativas | E66: 1 | F66: 1 | G66: 1 | H66: 1 | I66: 1 | J66: 1 | K66: 1 | L66: 1 | M66: 1 | N66: 1 | O66: 1 | P66: 1 | Q66: =SUM(E66:P66) -> 12 | T66: Informe | V66: Facturacion/ Auditoria Medica | W66: Cambio de responsable
A67: 1.8 Superadas las deficiencias en la organización e implementación de las Redes Integradas de Servicios de Salud (RISS) beneficiando a toda la población que utiliza los servicios de salud de la Red Pública, aumentando del 38% en 2023 al 50% en 2028 en todo el territorio nacional. | B67: 1.8.3 La población usuaria recibe servicios hospitalarios fortalecidos, integrales y de calidad mediante la mejora continua de procesos y servicios, la optimización de la gestión y el fortalecimiento de la infraestructura, el equipamiento y las capacidades del personal. | C67: 1.8.3.19 | D67: Elaboracion de los planes de mejora para la disminucion de las objeciones médicas, administrativas y el incremento de la facturación de los CEAS, en coordinacion de los SRS los centros de salud. | J67: 1 | P67: 1 | Q67: =SUM(E67:P67) -> 2 | R67: Plan | V67: Facturacion/ Auditoria Medica | W67: Cambio de responsable
A68: 3.1.1 Fortalecida la gestión institucional y productiva mediante la mejora de la transparencia, efectividad de la administración de recursos y servicios. | B68: 3.1.1.3Programa de Fortalecimiento del Nivel Especializado | C68: 3.1.1.3.04 | D68: Realizar matriz de las ARS contratadas en el centro de salud | K68: 1 | Q68: 1 | R68: matriz de ars contratadas | V68: Facturacion | W68: Cambio de responsable
A69: 3.1.1 Fortalecida la gestión institucional y productiva mediante la mejora de la transparencia, efectividad de la administración de recursos y servicios. | B69: 3.1.1.3Programa de Fortalecimiento del Nivel Especializado | C69: 3.1.1.3.05 | D69: Implementación del proceso de Prefactura en centros priorizados. | H69: 1 | K69: 1 | M69: 1 | P69: 1 | Q69: 4 | R69: informe | V69: Facturacion | W69: Cambio de responsable
A70: 1.8 Superadas las deficiencias en la organización e implementación de las Redes Integradas de Servicios de Salud (RISS) beneficiando a toda la población que utiliza los servicios de salud de la Red Pública, aumentando del 38% en 2023 al 50% en 2028 en todo el territorio nacional. | B70: 1.8.3 La población usuaria recibe servicios hospitalarios fortalecidos, integrales y de calidad mediante la mejora continua de procesos y servicios, la optimización de la gestión y el fortalecimiento de la infraestructura, el equipamiento y las capacidades del personal. | C70: 1.8.3.20 | D70: Seguimiento a la ejecución de planes de mejora para la disminucion de las objeciones médicas, administrativas y el incremento de la facturación de los CEAS. | K70: 1 | P70: 1 | Q70: =SUM(E70:P70) -> 2 | R70: Informe | S70: Plan | V70: Facturacion/Auditoria Medica | W70: Cambio de responsable
A71: 2.1 Reducida la escasez de recursos humanos de salud, aumentando un 12% en el 2028 la dotación de personal en establecimientos públicos del país. | B71: 2.1.1 El personal del SNS recibe desarrollo de competencias (técnicas y blandas), evaluación del desempeño y gestión de seguridad y salud en el trabajo, con procesos efectivos de relaciones laborales, para mejorar el desempeño, el bienestar y el cumplimiento normativo en toda la red. | C71: 2.1.1.01 | D71: Ejecución Plan de Capacitación 2026. | G71: 1 | J71: 1 | M71: 1 | P71: 1 | Q71: =SUM(E71:P71) -> 4 | R71: Informe | S71: Plan | U71: 1- El informe trimestral se realiza en el formulario estandarizado por el INAP. 2-Adicional presentar listados de asistencia y plan de capacitación 2026. | V71: Recursos Humanos
A72: 2.1 Reducida la escasez de recursos humanos de salud, aumentando un 12% en el 2028 la dotación de personal en establecimientos públicos del país. | B72: 2.1.1 El personal del SNS recibe desarrollo de competencias (técnicas y blandas), evaluación del desempeño y gestión de seguridad y salud en el trabajo, con procesos efectivos de relaciones laborales, para mejorar el desempeño, el bienestar y el cumplimiento normativo en toda la red. | C72: 2.1.1.02 | D72: Detección necesidades capacitación por departamento CEAS Plan 2027. | M72: 1 | Q72: =SUM(E72:P72) -> 1 | R72: Reporte | U72: Presentar anexo formulario por departamento, de acuerdo a la estructura organizativa de cada dependencia. | V72: Recursos Humanos
A73: 2.1 Reducida la escasez de recursos humanos de salud, aumentando un 12% en el 2028 la dotación de personal en establecimientos públicos del país. | B73: 2.1.1 El personal del SNS recibe desarrollo de competencias (técnicas y blandas), evaluación del desempeño y gestión de seguridad y salud en el trabajo, con procesos efectivos de relaciones laborales, para mejorar el desempeño, el bienestar y el cumplimiento normativo en toda la red. | C73: 2.1.1.03 | D73: Elaboración del Plan de Capacitación CEAS 2027. | N73: 1 | Q73: =SUM(E73:P73) -> 1 | R73: Plan | U73: Realizar plan de capacitación en formulario estándarizado por el INAP. | V73: Recursos Humanos
A74: 2.1 Reducida la escasez de recursos humanos de salud, aumentando un 12% en el 2028 la dotación de personal en establecimientos públicos del país. | B74: 2.1.1 El personal del SNS recibe desarrollo de competencias (técnicas y blandas), evaluación del desempeño y gestión de seguridad y salud en el trabajo, con procesos efectivos de relaciones laborales, para mejorar el desempeño, el bienestar y el cumplimiento normativo en toda la red. | C74: 2.1.1.04 | D74: Consolidado de resultados de evaluación del desempeño laboral 2025. | E74: 1 | Q74: =SUM(E74:P74) -> 1 | R74: Reporte | U74: Matriz para reportar resultados de evaluación del desempeño laboral 2025. | V74: Recursos Humanos
A75: 2.1 Reducida la escasez de recursos humanos de salud, aumentando un 12% en el 2028 la dotación de personal en establecimientos públicos del país. | B75: 2.1.1 El personal del SNS recibe desarrollo de competencias (técnicas y blandas), evaluación del desempeño y gestión de seguridad y salud en el trabajo, con procesos efectivos de relaciones laborales, para mejorar el desempeño, el bienestar y el cumplimiento normativo en toda la red. | C75: 2.1.1.05 | D75: Consolidado de resultados de acuerdos del desempeño laboral 2026. | E75: 1 | Q75: =SUM(E75:P75) -> 1 | R75: Reporte | U75: Matriz para reportar acuerdos del desempeño laboral 2026. | V75: Recursos Humanos
A76: 2.1 Reducida la escasez de recursos humanos de salud, aumentando un 12% en el 2028 la dotación de personal en establecimientos públicos del país. | B76: 2.1.1 El personal del SNS recibe desarrollo de competencias (técnicas y blandas), evaluación del desempeño y gestión de seguridad y salud en el trabajo, con procesos efectivos de relaciones laborales, para mejorar el desempeño, el bienestar y el cumplimiento normativo en toda la red. | C76: 2.1.1.06 | D76: Elaboración informe técnico resultados de evaluación del desempeño laboral 2025 CEAS y remisión al SRS. | G76: 1 | Q76: =SUM(E76:P76) -> 1 | R76: Informe | U76: Informe técnico de resultados evaluación del desempeño laboral 2025. | V76: Recursos Humanos
A77: 2.1 Reducida la escasez de recursos humanos de salud, aumentando un 12% en el 2028 la dotación de personal en establecimientos públicos del país. | B77: 2.1.1 El personal del SNS recibe desarrollo de competencias (técnicas y blandas), evaluación del desempeño y gestión de seguridad y salud en el trabajo, con procesos efectivos de relaciones laborales, para mejorar el desempeño, el bienestar y el cumplimiento normativo en toda la red. | C77: 2.1.1.07 | D77: Monitoreo por departamento de los acuerdos de desempeño laboral 2027 | H77: 1 | N77: 1 | Q77: =SUM(E77:P77) -> 2 | R77: Minuta | U77: No se requiere listado de asistencia adicional, ya que la minuta estandarizada del MAP es firmada por los colaboradores que participan en la reunión de revisión. | V77: Recursos Humanos
A78: 2.1.1 Incrementada las competencias y resolutividad de los colaboradores, de acuerdo a la complejidad de sus funciones, las necesidades de salud de la población y los compromisos del sector | B78: 2.1.1.3 Evaluación del desempeño laboral. | C78: 2.1.1.3.03 | D78: Consolidado de resultados de acuerdos del desempeño laboral 2025. | E78: 1 | Q78: 1 | R78: Matriz | U78: Matriz para reportar acuerdos del desempeño laboral 2025 | V78: Recursos Humanos
A79: 2.1.1 Incrementada las competencias y resolutividad de los colaboradores, de acuerdo a la complejidad de sus funciones, las necesidades de salud de la población y los compromisos del sector | B79: 2.1.1.4 Desarrollados e implementados los aspectos de gestión relacionados con seguridad y salud en el trabajo. | C79: 2.1.1.4.01 | D79: Implementación del Sistema de Seguridad y Salud en la Administración Pública (SISTAP). | G79: 1 | J79: 1 | M79: 1 | P79: 1 | Q79: 4 | R79: Informe | V79: Recursos Humanos
A80: 2.1.1 Incrementada las competencias y resolutividad de los colaboradores, de acuerdo a la complejidad de sus funciones, las necesidades de salud de la población y los compromisos del sector | B80: 2.1.1.4 Desarrollados e implementados los aspectos de gestión relacionados con seguridad y salud en el trabajo. | C80: 2.1.1.4.02 | D80: Evaluación, seguimiento del personal con licencias recurrentes y los enviados a auditoria médica . | E80: 1 | F80: 1 | G80: 1 | H80: 1 | I80: 1 | J80: 1 | K80: 1 | L80: 1 | M80: 1 | N80: 1 | O80: 1 | P80: 1 | Q80: 12 | R80: Informe | U80: Informe de evaluación, seguimiento del personal con licencias recurrentes y los enviados a auditoria médica . | V80: Recursos Humanos
A81: 2.1.1 Incrementada las competencias y resolutividad de los colaboradores, de acuerdo a la complejidad de sus funciones, las necesidades de salud de la población y los compromisos del sector | B81: 2.1.1.4 Desarrollados e implementados los aspectos de gestión relacionados con seguridad y salud en el trabajo. | C81: 2.1.1.4.03 | D81: Seguimiento e investigación de accidentes y enfermedades laborales. | G81: 1 | J81: 1 | M81: 1 | P81: 1 | Q81: 4 | R81: Reporte | V81: Recursos Humanos
A82: 2.1.1 Incrementada las competencias y resolutividad de los colaboradores, de acuerdo a la complejidad de sus funciones, las necesidades de salud de la población y los compromisos del sector | B82: 2.1.1.4 Desarrollados e implementados los aspectos de gestión relacionados con seguridad y salud en el trabajo. | C82: 2.1.1.4.04 | D82: Gestión de subsidios por enfermedad común. | E82: 1 | F82: 1 | G82: 1 | H82: 1 | I82: 1 | J82: 1 | K82: 1 | L82: 1 | M82: 1 | N82: 1 | O82: 1 | P82: 1 | Q82: 12 | R82: Matriz | U82: Matriz, reporte del registro SISALRIL. | V82: Recursos Humanos
A83: 2.3.1 Reducida las disparidades en la disponibilidad de personal de salud en los diferentes niveles de atención | B83: 2.3.1.1 Levantamiento de necesidades de personal para cubrir vacantes actuales y nuevos recursos. | C83: 2.3.1.1.01 | D83: Reporte trimestral de la dotación de acuerdo a las estructuras aprobadas del establecimientos. | F83: 1 | I83: 1 | L83: 1 | O83: 1 | Q83: 4 | R83: Reporte | U83: Reporte consolidado (fisico y digital en formato de Excel). | V83: Recursos Humanos
A84: 2.3.1 Reducida las disparidades en la disponibilidad de personal de salud en los diferentes niveles de atención | B84: 2.3.1.1 Levantamiento de necesidades de personal para cubrir vacantes actuales y nuevos recursos. | C84: 2.3.1.1.02 | D84: Validación de estatus de los perfiles de los colaboradores activos en nómina. | F84: 1 | I84: 1 | L84: 1 | O84: 1 | Q84: 4 | R84: Listado de participación | S84: Reporte | U84: Listados de participantes Reporte trimestral (Físico y digital en formato de Excel). | V84: Recursos Humanos
A85: 2.1 Reducida la escasez de recursos humanos de salud, aumentando un 12% en el 2028 la dotación de personal en establecimientos públicos del país. | B85: 2.1.1 El personal del SNS recibe desarrollo de competencias (técnicas y blandas), evaluación del desempeño y gestión de seguridad y salud en el trabajo, con procesos efectivos de relaciones laborales, para mejorar el desempeño, el bienestar y el cumplimiento normativo en toda la red. | C85: 2.1.1.08 | D85: Remisión al SRS consolidado trimestral de acuerdos de desempeño personal nuevo ingreso CEAS | H85: 1 | N85: 1 | Q85: =SUM(E85:P85) -> 2 | R85: Reporte | V85: Recursos Humanos
A86: 3.1 Fortalecida la capacidad institucional para aumentar el acceso a servicios públicos de calidad mediante la optimización de procesos, empoderamiento del talento humano, articulación efectiva, incorporación de tecnologías de la información y comunicación, modernización de la infraestructura física y equipamiento adecuado. | B86: 3.1.1 Los Centros de Atención y Servicios (CEAS) y las Oficinas Regionales de Salud (ORS) reciben el Formulario de Levantamiento de Necesidades de Cooperación No Reembolsable como instrumento estandarizado, | C86: 3.1.1.01 | D86: Llenado y envío del formulario de levantamiento de necesidades de cooperación no reembolsable a la ORS. | E86: 1 | Q86: =SUM(E86:P86) -> 1 | T86: 1. Formulario de levantamiento de necesidades de cooperación no reembolsable completo y firmado. 2. Remisión vía correo electrónico del formulario a la ORS. | V86: Planificación
A87: 3.1.1 Fortalecida la gestión institucional y productiva mediante la mejora de la transparencia, efectividad de la administración de recursos y servicios. | B87: 3.1.1.3 Fortalecimiento del Sistema de Administración de Bienes | C87: 3.2.1.3.01 | D87: Actualización de inventarios Sede | J87: 1 | P87: 1 | Q87: 2 | R87: Registro Digital | V87: Activo fijo | W87: Cambio de responsable
A88: 3.2.1 Mejorada la sostenibilidad financiera del SNS mediante el control de gastos, saneamiento de las deudas e incremento de las distintas fuentes de financiamiento con el fin de garantizar la prestación de servicios en salud con oportunidad y eficiencia | B88: 3.2.1.1 Ejecución de los procesos de compra en tiempo oportuno | C88: 3.2.1.1.01 | D88: Codificación y carga PACC 2026 | G88: 1 | J88: 1 | M88: 1 | P88: 1 | Q88: 4 | R88: Registro Digital | V88: Compras | W88: Cambio de responsable
A89: 3.2.1 Mejorada la sostenibilidad financiera del SNS mediante el control de gastos, saneamiento de las deudas e incremento de las distintas fuentes de financiamiento con el fin de garantizar la prestación de servicios en salud con oportunidad y eficiencia | B89: 3.2.1.1 Ejecución de los procesos de compra en tiempo oportuno | C89: 3.2.1.1.02 | D89: Seguimiento al comportamiento del SISCOMPRA | O89: 1 | Q89: 1 | R89: Informe | V89: Compras | W89: Cambio de responsable
A90: 3.1 Fortalecida la capacidad institucional para aumentar el acceso a servicios públicos de calidad mediante la optimización de procesos, empoderamiento del talento humano, articulación efectiva, incorporación de tecnologías de la información y comunicación, modernización de la infraestructura física y equipamiento adecuado. | B90: 3.1.1 Los Centros de Atención y Servicios (CEAS) y las Oficinas Regionales de Salud (ORS) reciben el Formulario de Levantamiento de Necesidades de Cooperación No Reembolsable como instrumento estandarizado, | C90: 0 | D90: Llenado y envío del Formulario de Reporte de Donaciones a la ORS. | K90: 1 | P90: 1 | Q90: =SUM(E90:P90) -> 2 | T90: 1. Formulario de Reporte de Donaciones sellado y firmado. 2. Remisión vía correo electrónico del formulario a la ORS. | V90: Planificacion | W90: Cambio de responsable
A91: 3.1 Fortalecida la capacidad institucional para aumentar el acceso a servicios públicos de calidad mediante la optimización de procesos, empoderamiento del talento humano, articulación efectiva, incorporación de tecnologías de la información y comunicación, modernización de la infraestructura física y equipamiento adecuado. | B91: 3.1.5 Personal y usuarios del SNS reciben servicios tecnológicos confiables | C91: 3.1.5.01 | D91: Actualización de portales web | G91: 1 | J91: 1 | M91: 1 | P91: 1 | Q91: =SUM(E91:P91) -> 4 | R91: Reporte | V91: Tecnología
A92: 3.1 Fortalecida la capacidad institucional para aumentar el acceso a servicios públicos de calidad mediante la optimización de procesos, empoderamiento del talento humano, articulación efectiva, incorporación de tecnologías de la información y comunicación, modernización de la infraestructura física y equipamiento adecuado. | B92: 3.1.5 Personal y usuarios del SNS reciben servicios tecnológicos confiables | C92: 3.1.5.02 | D92: Soportes incidencias tecnológicas atendidas | G92: 1 | J92: 1 | M92: 1 | P92: 1 | Q92: =SUM(E92:P92) -> 4 | R92: Reporte | V92: Tecnología
A93: 3.1 Fortalecida la capacidad institucional para aumentar el acceso a servicios públicos de calidad mediante la optimización de procesos, empoderamiento del talento humano, articulación efectiva, incorporación de tecnologías de la información y comunicación, modernización de la infraestructura física y equipamiento adecuado. | B93: 3.1.5 Personal y usuarios del SNS reciben servicios tecnológicos confiables | C93: 3.1.5.03 | D93: Inventario de activos tecnológicos | G93: 1 | J93: 1 | M93: 1 | P93: 1 | Q93: =SUM(E93:P93) -> 4 | R93: Inventario | V93: Tecnología
A94: 3.1 Fortalecida la capacidad institucional para aumentar el acceso a servicios públicos de calidad mediante la optimización de procesos, empoderamiento del talento humano, articulación efectiva, incorporación de tecnologías de la información y comunicación, modernización de la infraestructura física y equipamiento adecuado. | B94: 3.1.6 La población usuaria recibe servicios seguros y de calidad mediante el fortalecimiento del modelo institucional de gestión y monitoreo de la calidad, con estándares, indicadores, auditorías y acciones de mejora continua en todas las unidades. | C94: 3.1.6.01 | D94: Elaboración de la memoria institucional 2026 | O94: 1 | Q94: =SUM(E94:P94) -> 1 | R94: Memoria | V94: Planificación
A95: 3.1 Fortalecida la capacidad institucional para aumentar el acceso a servicios públicos de calidad mediante la optimización de procesos, empoderamiento del talento humano, articulación efectiva, incorporación de tecnologías de la información y comunicación, modernización de la infraestructura física y equipamiento adecuado. | B95: 3.1.6 La población usuaria recibe servicios seguros y de calidad mediante el fortalecimiento del modelo institucional de gestión y monitoreo de la calidad, con estándares, indicadores, auditorías y acciones de mejora continua en todas las unidades. | C95: 3.1.6.02 | D95: Elaboración del Plan Operativo Anual 2027 | M95: 1 | Q95: =SUM(E95:P95) -> 1 | R95: Plan | V95: Planificación
A96: 3.1 Fortalecida la capacidad institucional para aumentar el acceso a servicios públicos de calidad mediante la optimización de procesos, empoderamiento del talento humano, articulación efectiva, incorporación de tecnologías de la información y comunicación, modernización de la infraestructura física y equipamiento adecuado. | B96: 3.1.6 La población usuaria recibe servicios seguros y de calidad mediante el fortalecimiento del modelo institucional de gestión y monitoreo de la calidad, con estándares, indicadores, auditorías y acciones de mejora continua en todas las unidades. | C96: 3.1.6.03 | D96: Autoevaluación POA 2026 | E96: 1 | H96: 1 | K96: 1 | N96: 1 | Q96: =SUM(E96:P96) -> 4 | T96: MEP | V96: Planificación
B97: 3.7.1.3 Identificación de buenas prácticas en función del Programa de Innovación para los EES | C97: 3.7.1.3.01 | D97: Identificación de buenas prácticas en función del Programa de Innovación para los EESS. | K97: 1 | Q97: 1 | R97: Otros | U97: Formulario de postulación | V97: Planificación y Desarrollo
A98: 3.7.1 Fortalecida la capacidad institucional mediante la optimización de los procesos, empoderamiento del talento humano y articulación interna contribuyendo a la mejora continua de la gestión institucional | B98: 3.7.1.1 Fortalecimiento del modelo de gestión y monitoreo de la calidad institucional | C98: 3.7.1.1.10 | D98: Mesa interna para la revisión y ajuste del Plan Operativo Anual 2026 | K98: 1 | L98: 1 | Q98: 2 | R98: Plan | S98: Listado de participación | V98: Planificación
A99: 3.1 Fortalecida la capacidad institucional para aumentar el acceso a servicios públicos de calidad mediante la optimización de procesos, empoderamiento del talento humano, articulación efectiva, incorporación de tecnologías de la información y comunicación, modernización de la infraestructura física y equipamiento adecuado. | B99: 3.1.6 La población usuaria recibe servicios seguros y de calidad mediante el fortalecimiento del modelo institucional de gestión y monitoreo de la calidad, con estándares, indicadores, auditorías y acciones de mejora continua en todas las unidades. | C99: 3.1.6.04 | D99: Elaboración y seguimiento a la ejecución de los planes de mejora acorde a los hallazgos del MEP | F99: 1 | I99: 1 | L99: 1 | O99: 1 | Q99: =SUM(E99:P99) -> 4 | R99: Listado de participación | S99: Informe | T99: Plan | V99: Planificación
A100: 3.1 Fortalecida la capacidad institucional para aumentar el acceso a servicios públicos de calidad mediante la optimización de procesos, empoderamiento del talento humano, articulación efectiva, incorporación de tecnologías de la información y comunicación, modernización de la infraestructura física y equipamiento adecuado. | B100: 3.1.6 La población us+B100:V106uaria recibe servicios seguros y de calidad mediante el fortalecimiento del modelo institucional de gestión y monitoreo de la calidad, con estándares, indicadores, auditorías y acciones de mejora continua en todas las unidades. | C100: 3.1.6.05 | D100: Elaboración del informe de autodiagnóstico y sistema afinado de puntuación CAF | I100: 1 | Q100: =SUM(E100:P100) -> 1 | R100: Informe | V100: Calidad de la gestion | W100: Cambio de responsable
...

Sheet Sheet1
E2: Informe | F2: 1.1 Reducidos los niveles de morbilidad y mortalidad materna e infantil por causas prevenibles en la población materno-infantil del país, disminuyendo la mortalidad materna de 127.33 y la mortalidad infantil de 18.44 en 2023 a 89.13 y 16.56 en 2028 en todas las regiones del territorio nacional.
E3: Listado de participación | F3: 1.2 Aumentado el cumplimiento normativo para reducir la incidencia de complicaciones neonatales y maternas, pasando de un promedio del 75.5% en el año 2023 al 88% en el año 2028 en todas las regiones de la Red Pública de Servicios de Salud.
E4: Fotos | F4: 1.3 Reducido el embarazo en adolescentes atendidas en los establecimientos de la Red Pública en un 20% al año 2028, mediante el fortalecimiento del acceso a servicios integrales de salud sexual y reproductiva.
E5: Agenda | F5: 1.4 Disminuida la proporción de partos por cesárea en hospitales del sector público pasando de 48.83 en el 2023 a 34 en el 2028.
E6: Plan | F6: 1.5 Reducida la morbilidad y mortalidad prematura por enfermedades no transmisibles en personas de 30 a 69 años, en un 20% al año 2028, mediante la implementación de intervenciones integrales de prevención, diagnóstico temprano y tratamiento oportuno en los establecimientos de la Red Pública.
E7: Protocolo | F7: 1.6 Incrementado el acceso oportuno a servicios de salud de calidad, aumentando el acceso a servicios preventivos de 2.23% de la población prioritaria en 2023 al 5.24% en 2028 en todas las regiones del país.
E8: Manual | F8: 1.7 Aumentada la disponibilidad de medicamentos esenciales en los establecimientos de la Red Pública de Servicios de Salud, incrementando el cumplimiento promedio de abastecimiento del 88% en 2023 al 93% en 2028 en todas las regiones del país.
E9: Resolución | F9: 1.8 Superadas las deficiencias en la organización e implementación de las Redes Integradas de Servicios de Salud (RISS) beneficiando a toda la población que utiliza los servicios de salud de la Red Pública, aumentando del 38% en 2023 al 50% en 2028 en todo el territorio nacional.
E10: Boletin | F10: 1.9 Fortalecida la implementación del Modelo de Atención en Salud beneficiando a la población usuaria del primer nivel de atención, incrementando la adscripción del 7% en 2023 al 80% en 2028, en todas las regiones del país.
E11: Reporte | F11: 1.10 Mejorada la distribución y presencia del Primer Nivel de Atención respecto a la sectorización, incrementando la presencia del Primer Nivel del 70% en 2023 al 71% en 2028 en todas las regiones del territorio nacional.
E12: Minuta | F12: 1.11 Fortalecida la continuidad en la atención de las puérperas y recién nacidos, aumentando la captación oportuna del 30% en 2023 al 50% en 2028 en el Primer Nivel de Atención.
E13: Hoja de supervisión | F13: 1.12 Superadas las deficiencias en la organización e implementación de las Redes Integradas de Servicios de Salud (RISS) beneficiando a toda la población que utiliza los servicios de salud de la Red Pública, aumentando del 38% en 2023 al 50% en 2028 en todo el territorio nacional.
... E20: Otros | F20: 3.4 Alcanzado un cumplimiento mínimo del 90% de las metas de planificación y ejecución presupuestaria, optimizando la asignación y uso de recursos.
F21: 3.5 Atendidas las solicitudes de información recibidas en los plazos establecidos, con reportes de cumplimiento mensual y mecanismos de retroalimentación al usuario.
F22: 3.6 Registradas y procesadas en el Sistema Electrónico de Compras Públicas las adquisiciones y contrataciones institucionales y de la Red Pública.
F23: 3.7 Incrementando progresivamente el índice de uso de las TIC y Gobierno Digital en la Red Pública de Servicios de Salud.
F24: 3.8 Implementados y operativos los controles internos definidos por las NOBACI, con revisiones de cumplimiento semestrales y planes de mejora continua.
F25: 3.9 Instalaciones físicas remodeladas y equipadas conforme a estándares de centros de salud incrementando su capacidad resolutiva.
F26: 3.10 Implementado un sistema integral de medición y gestión de la satisfacción de usuarios, con reportes trimestrales y planes de mejora continua para elevar la calidad percibida de los servicios públicos.

Sheet PPNE2.1
O1: Venta Servicios
G2: Servicio Nacional de Salud | S2: Anticipo Financiero
G3: Dirección de Planificación y Desarrollo | S3: Venta de Servicios
G4: Programación de Insumos | S4: Donaciones
J5: =+PPNE1!C5 -> 2026
G6: CEAS | H6: =+PPNE1!B7 -> 0
B7: ID_Dependendencia | C7: POA | D7: SRS | E7: AREA | F7: TIPO | G7: Código_Actividad | H7: Insumos | I7: Unidad de Medida | J7: Cantidad de Insumos | K7: Precio Unitario | L7: Valor Total | M7: Código Presupuestario | N7: Fuente de Financiamiento
B8: =IF(Tabla1[[#This Row],[Código_Actividad]]="","",CONCATENATE(Tabla1[[#This Row],[POA]],".",Tabla1[[#This Row],[SRS]],".",Tabla1[[#This Row],[AREA]],".",Tabla1[[#This Row],[TIPO]])) -> ... | G8: 1.2.2.2.04 | H8: FOLDER | I8: CAJA | J8: 1 | K8: 350 | L8: =+[3]!Tabla1[[#This Row],[Precio Unitario]]*[3]!Tabla1[[#This Row],[Cantidad de Insumos]] -> 350 | M8: 239301 | N8: venta de servicios
B9: =IF(Tabla1[[#This Row],[Código_Actividad]]="","",CONCATENATE(Tabla1[[#This Row],[POA]],".",Tabla1[[#This Row],[SRS]],".",Tabla1[[#This Row],[AREA]],".",Tabla1[[#This Row],[TIPO]])) -> ... | G9: 1.2.2.2.04 | H9: PAPEL BOND | I9: RESMA | J9: 8 | K9: 300 | L9: =+[3]!Tabla1[[#This Row],[Precio Unitario]]*[3]!Tabla1[[#This Row],[Cantidad de Insumos]] -> 2400 | M9: 239301 | N9: venta de servicios
B10: =IF(Tabla1[[#This Row],[Código_Actividad]]="","",CONCATENATE(Tabla1[[#This Row],[POA]],".",Tabla1[[#This Row],[SRS]],".",Tabla1[[#This Row],[AREA]],".",Tabla1[[#This Row],[TIPO]])) -> ... | G10: 1.2.2.2.04 | H10: LAPICEROS AZUL | I10: CAJA | J10: 5 | K10: 200 | L10: =+[3]!Tabla1[[#This Row],[Precio Unitario]]*[3]!Tabla1[[#This Row],[Cantidad de Insumos]] -> 1000 | M10: 239301 | N10: venta de servicios
B11: =IF(Tabla1[[#This Row],[Código_Actividad]]="","",CONCATENATE(Tabla1[[#This Row],[POA]],".",Tabla1[[#This Row],[SRS]],".",Tabla1[[#This Row],[AREA]],".",Tabla1[[#This Row],[TIPO]])) -> ... | G11: 1.2.2.2.04 | H11: LAPICEROS NEGRO | I11: CAJA | J11: 5 | K11: 200 | L11: =+[3]!Tabla1[[#This Row],[Precio Unitario]]*[3]!Tabla1[[#This Row],[Cantidad de Insumos]] -> 1000 | M11: 239301 | N11: venta de servicios
B12: =IF(Tabla1[[#This Row],[Código_Actividad]]="","",CONCATENATE(Tabla1[[#This Row],[POA]],".",Tabla1[[#This Row],[SRS]],".",Tabla1[[#This Row],[AREA]],".",Tabla1[[#This Row],[TIPO]])) -> ... | G12: 1.2.2.2.04 | H12: GRAPADORA | I12: UNIDAD | J12: 4 | K12: 300 | L12: =+[3]!Tabla1[[#This Row],[Precio Unitario]]*[3]!Tabla1[[#This Row],[Cantidad de Insumos]] -> 1200 | M12: 239301 | N12: venta de servicios
B13: =IF(Tabla1[[#This Row],[Código_Actividad]]="","",CONCATENATE(Tabla1[[#This Row],[POA]],".",Tabla1[[#This Row],[SRS]],".",Tabla1[[#This Row],[AREA]],".",Tabla1[[#This Row],[TIPO]])) -> ... | G13: 1.2.2.2.06 | H13: FOLDER | I13: CAJA | J13: 5 | K13: 350 | L13: =+[3]!Tabla1[[#This Row],[Precio Unitario]]*[3]!Tabla1[[#This Row],[Cantidad de Insumos]] -> 1750 | M13: 239301 | N13: venta de servicios
B14: =IF(Tabla1[[#This Row],[Código_Actividad]]="","",CONCATENATE(Tabla1[[#This Row],[POA]],".",Tabla1[[#This Row],[SRS]],".",Tabla1[[#This Row],[AREA]],".",Tabla1[[#This Row],[TIPO]])) -> ... | G14: 1.2.2.2.06 | H14: PAPEL BOND | I14: RESMA | J14: 12 | K14: 300 | L14: =+[3]!Tabla1[[#This Row],[Precio Unitario]]*[3]!Tabla1[[#This Row],[Cantidad de Insumos]] -> 3600 | M14: 239301 | N14: venta de servicios
B15: =IF(Tabla1[[#This Row],[Código_Actividad]]="","",CONCATENATE(Tabla1[[#This Row],[POA]],".",Tabla1[[#This Row],[SRS]],".",Tabla1[[#This Row],[AREA]],".",Tabla1[[#This Row],[TIPO]])) -> ... | G15: 1.2.2.2.06 | H15: LAPICEROS AZUL | I15: CAJA | J15: 5 | K15: 200 | L15: =+[3]!Tabla1[[#This Row],[Precio Unitario]]*[3]!Tabla1[[#This Row],[Cantidad de Insumos]] -> 1000 | M15: 239301 | N15: venta de servicios
B16: =IF(Tabla1[[#This Row],[Código_Actividad]]="","",CONCATENATE(Tabla1[[#This Row],[POA]],".",Tabla1[[#This Row],[SRS]],".",Tabla1[[#This Row],[AREA]],".",Tabla1[[#This Row],[TIPO]])) -> ... | G16: 1.2.2.2.06 | H16: LAPICEROS NEGRO | I16: CAJA | J16: 2 | K16: 200 | L16: =+[3]!Tabla1[[#This Row],[Precio Unitario]]*[3]!Tabla1[[#This Row],[Cantidad de Insumos]] -> 400 | M16: 239301 | N16: venta de servicios
B17: =IF(Tabla1[[#This Row],[Código_Actividad]]="","",CONCATENATE(Tabla1[[#This Row],[POA]],".",Tabla1[[#This Row],[SRS]],".",Tabla1[[#This Row],[AREA]],".",Tabla1[[#This Row],[TIPO]])) -> ... | G17: 1.2.2.2.06 | H17: LAPICEROS ROJO | I17: CAJA | J17: 2 | K17: 200 | L17: =+[3]!Tabla1[[#This Row],[Precio Unitario]]*[3]!Tabla1[[#This Row],[Cantidad de Insumos]] -> 400 | M17: 239301 | N17: venta de servicios
B18: =IF(Tabla1[[#This Row],[Código_Actividad]]="","",CONCATENATE(Tabla1[[#This Row],[POA]],".",Tabla1[[#This Row],[SRS]],".",Tabla1[[#This Row],[AREA]],".",Tabla1[[#This Row],[TIPO]])) -> ... | G18: 1.2.2.2.06 | H18: GRAPADORA | I18: UNIDAD | J18: 4 | K18: 300 | L18: =+[3]!Tabla1[[#This Row],[Precio Unitario]]*[3]!Tabla1[[#This Row],[Cantidad de Insumos]] -> 1200 | M18: 239301 | N18: venta de servicios
B19: =IF(Tabla1[[#This Row],[Código_Actividad]]="","",CONCATENATE(Tabla1[[#This Row],[POA]],".",Tabla1[[#This Row],[SRS]],".",Tabla1[[#This Row],[AREA]],".",Tabla1[[#This Row],[TIPO]])) -> ... | G19: 1.2.2.2.06 | H19: GRAPAS | I19: CAJA | J19: 4 | K19: 80 | L19: =+[3]!Tabla1[[#This Row],[Precio Unitario]]*[3]!Tabla1[[#This Row],[Cantidad de Insumos]] -> 320 | M19: 239301 | N19: venta de servicios
... B147: =IF(Tabla1[[#This Row],[Código_Actividad]]="","",CONCATENATE(Tabla1[[#This Row],[POA]],".",Tabla1[[#This Row],[SRS]],".",Tabla1[[#This Row],[AREA]],".",Tabla1[[#This Row],[TIPO]])) -> ... | G147: 1.7.1.01 | H147: TONER | I147: UNIDAD | J147: 1 | K147: 20000 | L147: =+[3]!Tabla1[[#This Row],[Precio Unitario]]*[3]!Tabla1[[#This Row],[Cantidad de Insumos]] -> 20000 | M147: 239301 | N147: venta de servicios
B148: =IF(Tabla1[[#This Row],[Código_Actividad]]="","",CONCATENATE(Tabla1[[#This Row],[POA]],".",Tabla1[[#This Row],[SRS]],".",Tabla1[[#This Row],[AREA]],".",Tabla1[[#This Row],[TIPO]])) -> ... | G148: 1.7.1.01 | H148: CALCULADORA | I148: UNIDAD | J148: 3 | K148: 1200 | L148: 1200 | M148: 239301 | N148: venta de servicios
B149: =IF(Tabla1[[#This Row],[Código_Actividad]]="","",CONCATENATE(Tabla1[[#This Row],[POA]],".",Tabla1[[#This Row],[SRS]],".",Tabla1[[#This Row],[AREA]],".",Tabla1[[#This Row],[TIPO]])) -> ... | G149: 1.8.2.01 | H149: FOLDER | I149: CAJA | J149: 10 | K149: 350 | L149: =+[3]!Tabla1[[#This Row],[Precio Unitario]]*[3]!Tabla1[[#This Row],[Cantidad de Insumos]] -> 3500 | M149: 239301 | N149: venta de servicios
B150: =IF(Tabla1[[#This Row],[Código_Actividad]]="","",CONCATENATE(Tabla1[[#This Row],[POA]],".",Tabla1[[#This Row],[SRS]],".",Tabla1[[#This Row],[AREA]],".",Tabla1[[#This Row],[TIPO]])) -> ... | G150: 1.8.2.01 | H150: PAPEL BOND | I150: RESMA | J150: 10 | K150: 300 | L150: =+[3]!Tabla1[[#This Row],[Precio Unitario]]*[3]!Tabla1[[#This Row],[Cantidad de Insumos]] -> 3000 | M150: 239301 | N150: venta de servicios
B151: =IF(Tabla1[[#This Row],[Código_Actividad]]="","",CONCATENATE(Tabla1[[#This Row],[POA]],".",Tabla1[[#This Row],[SRS]],".",Tabla1[[#This Row],[AREA]],".",Tabla1[[#This Row],[TIPO]])) -> ... | G151: 1.8.2.01 | H151: LAPICEROS AZUL | I151: CAJA | J151: 5 | K151: 200 | L151: =+[3]!Tabla1[[#This Row],[Precio Unitario]]*[3]!Tabla1[[#This Row],[Cantidad de Insumos]] -> 1000 | M151: 239301 | N151: venta de servicios
B152: =IF(Tabla1[[#This Row],[Código_Actividad]]="","",CONCATENATE(Tabla1[[#This Row],[POA]],".",Tabla1[[#This Row],[SRS]],".",Tabla1[[#This Row],[AREA]],".",Tabla1[[#This Row],[TIPO]])) -> ... | G152: 1.8.2.01 | H152: LAPICEROS NEGRO | I152: CAJA | J152: 3 | K152: 200 | L152: =+[3]!Tabla1[[#This Row],[Precio Unitario]]*[3]!Tabla1[[#This Row],[Cantidad de Insumos]] -> 600 | M152: 239301 | N152: venta de servicios
B153: =IF(Tabla1[[#This Row],[Código_Actividad]]="","",CONCATENATE(Tabla1[[#This Row],[POA]],".",Tabla1[[#This Row],[SRS]],".",Tabla1[[#This Row],[AREA]],".",Tabla1[[#This Row],[TIPO]])) -> ... | G153: 1.8.2.01 | H153: LAPICEROS ROJO | I153: CAJA | J153: 5 | K153: 200 | L153: =+[3]!Tabla1[[#This Row],[Precio Unitario]]*[3]!Tabla1[[#This Row],[Cantidad de Insumos]] -> 1000 | M153: 239301 | N153: venta de servicios
B154: =IF(Tabla1[[#This Row],[Código_Actividad]]="","",CONCATENATE(Tabla1[[#This Row],[POA]],".",Tabla1[[#This Row],[SRS]],".",Tabla1[[#This Row],[AREA]],".",Tabla1[[#This Row],[TIPO]])) -> ... | G154: 1.8.2.01 | H154: GRAPADORA | I154: UNIDAD | J154: 5 | K154: 300 | L154: =+[3]!Tabla1[[#This Row],[Precio Unitario]]*[3]!Tabla1[[#This Row],[Cantidad de Insumos]] -> 1500 | M154: 239301 | N154: venta de servicios
B155: =IF(Tabla1[[#This Row],[Código_Actividad]]="","",CONCATENATE(Tabla1[[#This Row],[POA]],".",Tabla1[[#This Row],[SRS]],".",Tabla1[[#This Row],[AREA]],".",Tabla1[[#This Row],[TIPO]])) -> ... | G155: 1.8.2.01 | H155: GRAPAS | I155: CAJA | J155: 10 | K155: 80 | L155: =+[3]!Tabla1[[#This Row],[Precio Unitario]]*[3]!Tabla1[[#This Row],[Cantidad de Insumos]] -> 800 | M155: 239301 | N155: venta de servicios
B156: =IF(Tabla1[[#This Row],[Código_Actividad]]="","",CONCATENATE(Tabla1[[#This Row],[POA]],".",Tabla1[[#This Row],[SRS]],".",Tabla1[[#This Row],[AREA]],".",Tabla1[[#This Row],[TIPO]])) -> ... | G156: 1.8.2.01 | H156: GOMAS DE BORRAR | I156: UNIDAD | J156: 2 | K156: 50 | L156: =+[3]!Tabla1[[#This Row],[Precio Unitario]]*[3]!Tabla1[[#This Row],[Cantidad de Insumos]] -> 100 | M156: 239301 | N156: venta de servicios
B157: =IF(Tabla1[[#This Row],[Código_Actividad]]="","",CONCATENATE(Tabla1[[#This Row],[POA]],".",Tabla1[[#This Row],[SRS]],".",Tabla1[[#This Row],[AREA]],".",Tabla1[[#This Row],[TIPO]])) -> ... | G157: 1.8.2.01 | H157: Lapiz de carbon | I157: CAJA | J157: 5 | K157: 250 | L157: =+[3]!Tabla1[[#This Row],[Precio Unitario]]*[3]!Tabla1[[#This Row],[Cantidad de Insumos]] -> 1250 | M157: 239301 | N157: venta de servicios
B158: =IF(Tabla1[[#This Row],[Código_Actividad]]="","",CONCATENATE(Tabla1[[#This Row],[POA]],".",Tabla1[[#This Row],[SRS]],".",Tabla1[[#This Row],[AREA]],".",Tabla1[[#This Row],[TIPO]])) -> ... | G158: 1.8.2.01 | H158: TONEL | I158: UNIDAD | J158: 1 | K158: 20000 | L158: =+[3]!Tabla1[[#This Row],[Precio Unitario]]*[3]!Tabla1[[#This Row],[Cantidad de Insumos]] -> 20000 | M158: 239301 | N158: venta de servicios
B159: =IF(Tabla1[[#This Row],[Código_Actividad]]="","",CONCATENATE(Tabla1[[#This Row],[POA]],".",Tabla1[[#This Row],[SRS]],".",Tabla1[[#This Row],[AREA]],".",Tabla1[[#This Row],[TIPO]])) -> ... | G159: 1.8.2.01 | H159: LAPICEROS AZUL | I159: CAJA | J159: 5 | K159: 200 | L159: =+[3]!Tabla1[[#This Row],[Precio Unitario]]*[3]!Tabla1[[#This Row],[Cantidad de Insumos]] -> 1000 | M159: 239301 | N159: venta de servicios
B160: =IF(Tabla1[[#This Row],[Código_Actividad]]="","",CONCATENATE(Tabla1[[#This Row],[POA]],".",Tabla1[[#This Row],[SRS]],".",Tabla1[[#This Row],[AREA]],".",Tabla1[[#This Row],[TIPO]])) -> ... | G160: 1.8.2.01 | H160: LAPICEROS NEGRO | I160: CAJA | J160: 3 | K160: 200 | L160: =+[3]!Tabla1[[#This Row],[Precio Unitario]]*[3]!Tabla1[[#This Row],[Cantidad de Insumos]] -> 600 | M160: 239301 | N160: venta de servicios
... B352: =IF(Tabla1[[#This Row],[Código_Actividad]]="","",CONCATENATE(Tabla1[[#This Row],[POA]],".",Tabla1[[#This Row],[SRS]],".",Tabla1[[#This Row],[AREA]],".",Tabla1[[#This Row],[TIPO]])) -> ... | G352: 1.8.3.14 | H352: SACA GRAPAS | I352: UNIDADES | J352: 10 | K352: 80 | L352: =+[3]!Tabla1[[#This Row],[Precio Unitario]]*[3]!Tabla1[[#This Row],[Cantidad de Insumos]] -> 800 | M352: 239301 | N352: venta de servicios
B353: =IF(Tabla1[[#This Row],[Código_Actividad]]="","",CONCATENATE(Tabla1[[#This Row],[POA]],".",Tabla1[[#This Row],[SRS]],".",Tabla1[[#This Row],[AREA]],".",Tabla1[[#This Row],[TIPO]])) -> ... | G353: 1.8.3.14 | H353: CALCULADORA | I353: UNIDAD | J353: 2 | K353: 150 | L353: 1200 | M353: 239301 | N353: venta de servicios
B354: =IF(Tabla1[[#This Row],[Código_Actividad]]="","",CONCATENATE(Tabla1[[#This Row],[POA]],".",Tabla1[[#This Row],[SRS]],".",Tabla1[[#This Row],[AREA]],".",Tabla1[[#This Row],[TIPO]])) -> ... | G354: 1.8.3.15 | H354: Computador | I354: und | J354: 1 | K354: 30000 | L354: =+[3]!Tabla1[[#This Row],[Precio Unitario]]*[3]!Tabla1[[#This Row],[Cantidad de Insumos]] -> 30000 | M354: 239301 | N354: venta de servicios
B355: =IF(Tabla1[[#This Row],[Código_Actividad]]="","",CONCATENATE(Tabla1[[#This Row],[POA]],".",Tabla1[[#This Row],[SRS]],".",Tabla1[[#This Row],[AREA]],".",Tabla1[[#This Row],[TIPO]])) -> ... | G355: 1.8.3.15 | H355: Impresora | I355: und | J355: 1 | K355: 20000 | L355: =+[3]!Tabla1[[#This Row],[Precio Unitario]]*[3]!Tabla1[[#This Row],[Cantidad de Insumos]] -> 20000 | M355: 239301 | N355: venta de servicios
B356: =IF(Tabla1[[#This Row],[Código_Actividad]]="","",CONCATENATE(Tabla1[[#This Row],[POA]],".",Tabla1[[#This Row],[SRS]],".",Tabla1[[#This Row],[AREA]],".",Tabla1[[#This Row],[TIPO]])) -> ... | G356: 1.8.3.15 | H356: Lapiceros | I356: caja | J356: 2 | K356: 200 | L356: =+[3]!Tabla1[[#This Row],[Precio Unitario]]*[3]!Tabla1[[#This Row],[Cantidad de Insumos]] -> 400 | M356: 239301 | N356: venta de servicios
B357: =IF(Tabla1[[#This Row],[Código_Actividad]]="","",CONCATENATE(Tabla1[[#This Row],[POA]],".",Tabla1[[#This Row],[SRS]],".",Tabla1[[#This Row],[AREA]],".",Tabla1[[#This Row],[TIPO]])) -> ... | G357: 1.8.3.15 | H357: Papel Bon | I357: und | J357: 12 | K357: 300 | L357: =+[3]!Tabla1[[#This Row],[Precio Unitario]]*[3]!Tabla1[[#This Row],[Cantidad de Insumos]] -> 3600 | M357: 239301 | N357: venta de servicios
B358: =IF(Tabla1[[#This Row],[Código_Actividad]]="","",CONCATENATE(Tabla1[[#This Row],[POA]],".",Tabla1[[#This Row],[SRS]],".",Tabla1[[#This Row],[AREA]],".",Tabla1[[#This Row],[TIPO]])) -> ... | G358: 1.8.3.15 | H358: Toner | I358: und | J358: 1 | K358: 20000 | L358: =+[3]!Tabla1[[#This Row],[Precio Unitario]]*[3]!Tabla1[[#This Row],[Cantidad de Insumos]] -> 20000 | M358: 239301 | N358: venta de servicios
B359: =IF(Tabla1[[#This Row],[Código_Actividad]]="","",CONCATENATE(Tabla1[[#This Row],[POA]],".",Tabla1[[#This Row],[SRS]],".",Tabla1[[#This Row],[AREA]],".",Tabla1[[#This Row],[TIPO]])) -> ... | G359: 1.8.3.15 | H359: Grapadora | I359: und | J359: 1 | K359: 300 | L359: =+[3]!Tabla1[[#This Row],[Precio Unitario]]*[3]!Tabla1[[#This Row],[Cantidad de Insumos]] -> 300 | M359: 239301 | N359: venta de servicios
B360: =IF(Tabla1[[#This Row],[Código_Actividad]]="","",CONCATENATE(Tabla1[[#This Row],[POA]],".",Tabla1[[#This Row],[SRS]],".",Tabla1[[#This Row],[AREA]],".",Tabla1[[#This Row],[TIPO]])) -> ... | G360: 1.8.3.15 | H360: Grapas | I360: caja | J360: 1 | K360: 80 | L360: =+[3]!Tabla1[[#This Row],[Precio Unitario]]*[3]!Tabla1[[#This Row],[Cantidad de Insumos]] -> 80 | M360: 239301 | N360: venta de servicios
B361: =IF(Tabla1[[#This Row],[Código_Actividad]]="","",CONCATENATE(Tabla1[[#This Row],[POA]],".",Tabla1[[#This Row],[SRS]],".",Tabla1[[#This Row],[AREA]],".",Tabla1[[#This Row],[TIPO]])) -> ... | G361: 1.8.3.15 | H361: Clips | I361: caja | J361: 2 | K361: 100 | L361: =+[3]!Tabla1[[#This Row],[Precio Unitario]]*[3]!Tabla1[[#This Row],[Cantidad de Insumos]] -> 200 | M361: 239301 | N361: venta de servicios
B362: =IF(Tabla1[[#This Row],[Código_Actividad]]="","",CONCATENATE(Tabla1[[#This Row],[POA]],".",Tabla1[[#This Row],[SRS]],".",Tabla1[[#This Row],[AREA]],".",Tabla1[[#This Row],[TIPO]])) -> ... | G362: 1.8.3.15 | H362: Postin Adhesivos | I362: UNIDAD | J362: 10 | K362: 70 | L362: =+[3]!Tabla1[[#This Row],[Precio Unitario]]*[3]!Tabla1[[#This Row],[Cantidad de Insumos]] -> 700 | M362: 239301 | N362: venta de servicios
B363: =IF(Tabla1[[#This Row],[Código_Actividad]]="","",CONCATENATE(Tabla1[[#This Row],[POA]],".",Tabla1[[#This Row],[SRS]],".",Tabla1[[#This Row],[AREA]],".",Tabla1[[#This Row],[TIPO]])) -> ... | G363: 1.8.3.15 | H363: Corrector | I363: und | J363: 1 | K363: 100 | L363: =+[3]!Tabla1[[#This Row],[Precio Unitario]]*[3]!Tabla1[[#This Row],[Cantidad de Insumos]] -> 100 | M363: 239301 | N363: venta de servicios
B364: =IF(Tabla1[[#This Row],[Código_Actividad]]="","",CONCATENATE(Tabla1[[#This Row],[POA]],".",Tabla1[[#This Row],[SRS]],".",Tabla1[[#This Row],[AREA]],".",Tabla1[[#This Row],[TIPO]])) -> ... | G364: 1.8.3.16 | H364: Computador | I364: und | J364: 1 | K364: 30000 | L364: =+[3]!Tabla1[[#This Row],[Precio Unitario]]*[3]!Tabla1[[#This Row],[Cantidad de Insumos]] -> 30000 | M364: 239301 | N364: venta de servicios
B365: =IF(Tabla1[[#This Row],[Código_Actividad]]="","",CONCATENATE(Tabla1[[#This Row],[POA]],".",Tabla1[[#This Row],[SRS]],".",Tabla1[[#This Row],[AREA]],".",Tabla1[[#This Row],[TIPO]])) -> ... | G365: 1.8.3.16 | H365: Impresora | I365: und | J365: 1 | K365: 20000 | L365: =+[3]!Tabla1[[#This Row],[Precio Unitario]]*[3]!Tabla1[[#This Row],[Cantidad de Insumos]] -> 20000 | M365: 239301 | N365: venta de servicios
... B719: =IF(Tabla1[[#This Row],[Código_Actividad]]="","",CONCATENATE(Tabla1[[#This Row],[POA]],".",Tabla1[[#This Row],[SRS]],".",Tabla1[[#This Row],[AREA]],".",Tabla1[[#This Row],[TIPO]])) -> ... | G719: 3.2.2.11 | H719: GOMAS DE BORRAR | I719: UNIDAD | J719: 2 | K719: 50 | L719: =+[3]!Tabla1[[#This Row],[Precio Unitario]]*[3]!Tabla1[[#This Row],[Cantidad de Insumos]] -> 100 | M719: 239301 | N719: venta de servicios
B720: =IF(Tabla1[[#This Row],[Código_Actividad]]="","",CONCATENATE(Tabla1[[#This Row],[POA]],".",Tabla1[[#This Row],[SRS]],".",Tabla1[[#This Row],[AREA]],".",Tabla1[[#This Row],[TIPO]])) -> ... | G720: 3.2.2.11 | H720: CLAN | I720: CAJAS | J720: 2 | K720: =IFERROR(VLOOKUP(#REF!,#REF!,3,FALSE),"") | L720: =+[3]!Tabla1[[#This Row],[Precio Unitario]]*[3]!Tabla1[[#This Row],[Cantidad de Insumos]] -> #VALUE! | M720: 239301 | N720: venta de servicios
B721: =IF(Tabla1[[#This Row],[Código_Actividad]]="","",CONCATENATE(Tabla1[[#This Row],[POA]],".",Tabla1[[#This Row],[SRS]],".",Tabla1[[#This Row],[AREA]],".",Tabla1[[#This Row],[TIPO]])) -> ... | G721: 3.2.2.11 | H721: MASCOTA | I721: UNIDAD | J721: 5 | K721: 100 | L721: =+[3]!Tabla1[[#This Row],[Precio Unitario]]*[3]!Tabla1[[#This Row],[Cantidad de Insumos]] -> 500 | M721: 239301 | N721: venta de servicios
B722: =IF(Tabla1[[#This Row],[Código_Actividad]]="","",CONCATENATE(Tabla1[[#This Row],[POA]],".",Tabla1[[#This Row],[SRS]],".",Tabla1[[#This Row],[AREA]],".",Tabla1[[#This Row],[TIPO]])) -> ... | G722: 3.2.2.11 | H722: SACA PUNTAS | I722: UNIDAD | J722: 2 | K722: 150 | L722: =+[3]!Tabla1[[#This Row],[Precio Unitario]]*[3]!Tabla1[[#This Row],[Cantidad de Insumos]] -> 300 | M722: 239301 | N722: venta de servicios
B723: =IF(Tabla1[[#This Row],[Código_Actividad]]="","",CONCATENATE(Tabla1[[#This Row],[POA]],".",Tabla1[[#This Row],[SRS]],".",Tabla1[[#This Row],[AREA]],".",Tabla1[[#This Row],[TIPO]])) -> ... | G723: 3.2.2.11 | H723: BORRADORES | I723: UNIDAD | J723: 10 | K723: 50 | L723: =+[3]!Tabla1[[#This Row],[Precio Unitario]]*[3]!Tabla1[[#This Row],[Cantidad de Insumos]] -> 500 | M723: 239301 | N723: venta de servicios
B724: =IF(Tabla1[[#This Row],[Código_Actividad]]="","",CONCATENATE(Tabla1[[#This Row],[POA]],".",Tabla1[[#This Row],[SRS]],".",Tabla1[[#This Row],[AREA]],".",Tabla1[[#This Row],[TIPO]])) -> ... | G724: 3.2.2.11 | H724: GRAPADORA | I724: UNIDAD | J724: 2 | K724: 300 | L724: =+[3]!Tabla1[[#This Row],[Precio Unitario]]*[3]!Tabla1[[#This Row],[Cantidad de Insumos]] -> 600 | M724: 239301 | N724: venta de servicios
B725: =IF(Tabla1[[#This Row],[Código_Actividad]]="","",CONCATENATE(Tabla1[[#This Row],[POA]],".",Tabla1[[#This Row],[SRS]],".",Tabla1[[#This Row],[AREA]],".",Tabla1[[#This Row],[TIPO]])) -> ... | G725: 1.3.4.1.03 | H725: PAPEL BON | I725: RESMA | J725: 5 | K725: 300 | L725: =+[3]!Tabla1[[#This Row],[Precio Unitario]]*[3]!Tabla1[[#This Row],[Cantidad de Insumos]] -> 1500 | M725: 239301 | N725: venta de servicios
B726: =IF(Tabla1[[#This Row],[Código_Actividad]]="","",CONCATENATE(Tabla1[[#This Row],[POA]],".",Tabla1[[#This Row],[SRS]],".",Tabla1[[#This Row],[AREA]],".",Tabla1[[#This Row],[TIPO]])) -> ... | G726: 1.3.4.1.03 | H726: CUADERNO | I726: UNIDAD | J726: 3 | K726: 100 | L726: =+[3]!Tabla1[[#This Row],[Precio Unitario]]*[3]!Tabla1[[#This Row],[Cantidad de Insumos]] -> 300 | M726: 239301 | N726: venta de servicios
B727: =IF(Tabla1[[#This Row],[Código_Actividad]]="","",CONCATENATE(Tabla1[[#This Row],[POA]],".",Tabla1[[#This Row],[SRS]],".",Tabla1[[#This Row],[AREA]],".",Tabla1[[#This Row],[TIPO]])) -> ... | G727: 1.3.4.1.03 | H727: FOLDER | I727: CAJA | J727: 2 | K727: 350 | L727: =+[3]!Tabla1[[#This Row],[Precio Unitario]]*[3]!Tabla1[[#This Row],[Cantidad de Insumos]] -> 700 | M727: 239301 | N727: venta de servicios
B728: =IF(Tabla1[[#This Row],[Código_Actividad]]="","",CONCATENATE(Tabla1[[#This Row],[POA]],".",Tabla1[[#This Row],[SRS]],".",Tabla1[[#This Row],[AREA]],".",Tabla1[[#This Row],[TIPO]])) -> ... | G728: 1.3.4.1.03 | H728: PALICERO | I728: CAJA | J728: 3 | K728: 200 | L728: =+[3]!Tabla1[[#This Row],[Precio Unitario]]*[3]!Tabla1[[#This Row],[Cantidad de Insumos]] -> 600 | M728: 239301 | N728: venta de servicios
B729: =IF(Tabla1[[#This Row],[Código_Actividad]]="","",CONCATENATE(Tabla1[[#This Row],[POA]],".",Tabla1[[#This Row],[SRS]],".",Tabla1[[#This Row],[AREA]],".",Tabla1[[#This Row],[TIPO]])) -> ... | G729: 1.3.4.1.03 | H729: TONEL | I729: UNIDAD | J729: 1 | K729: 20000 | L729: =+[3]!Tabla1[[#This Row],[Precio Unitario]]*[3]!Tabla1[[#This Row],[Cantidad de Insumos]] -> 20000 | M729: 239301 | N729: venta de servicios
B730: =IF(Tabla1[[#This Row],[Código_Actividad]]="","",CONCATENATE(Tabla1[[#This Row],[POA]],".",Tabla1[[#This Row],[SRS]],".",Tabla1[[#This Row],[AREA]],".",Tabla1[[#This Row],[TIPO]])) -> ... | G730: 3.2.2.12 | H730: TONEL | I730: UNIDAD | J730: 1 | K730: 20000 | L730: =+[3]!Tabla1[[#This Row],[Precio Unitario]]*[3]!Tabla1[[#This Row],[Cantidad de Insumos]] -> 20000 | M730: 239301 | N730: venta de servicios
B731: =IF(Tabla1[[#This Row],[Código_Actividad]]="","",CONCATENATE(Tabla1[[#This Row],[POA]],".",Tabla1[[#This Row],[SRS]],".",Tabla1[[#This Row],[AREA]],".",Tabla1[[#This Row],[TIPO]])) -> ... | G731: 3.2.2.12 | H731: REGLAS | I731: UNIDAD | J731: 5 | K731: 50 | L731: =+[3]!Tabla1[[#This Row],[Precio Unitario]]*[3]!Tabla1[[#This Row],[Cantidad de Insumos]] -> 250 | M731: 239301 | N731: venta de servicios
B732: =IF(Tabla1[[#This Row],[Código_Actividad]]="","",CONCATENATE(Tabla1[[#This Row],[POA]],".",Tabla1[[#This Row],[SRS]],".",Tabla1[[#This Row],[AREA]],".",Tabla1[[#This Row],[TIPO]])) -> ... | G732: 3.2.2.12 | H732: TIJERAS | I732: UNIDAD | J732: 5 | K732: 100 | L732: =+[3]!Tabla1[[#This Row],[Precio Unitario]]*[3]!Tabla1[[#This Row],[Cantidad de Insumos]] -> 500 | M732: 239301 | N732: venta de servicios
... B1020: =IF(Tabla1[[#This Row],[Código_Actividad]]="","",CONCATENATE(Tabla1[[#This Row],[POA]],".",Tabla1[[#This Row],[SRS]],".",Tabla1[[#This Row],[AREA]],".",Tabla1[[#This Row],[TIPO]])) -> ... | G1020: 3.10.1.06 | H1020: POST- IT | I1020: UNIDAD | J1020: 15 | K1020: 70 | L1020: =+[3]!Tabla1[[#This Row],[Precio Unitario]]*[3]!Tabla1[[#This Row],[Cantidad de Insumos]] -> 1050 | M1020: 239301 | N1020: venta de servicios

Sheet PPNE3
A1: =+PPNE1!B1 -> Plan Operativo Anual
A2: =+PPNE1!B2 -> Servicio Nacional de Salud
A3: =+PPNE1!B3 -> Dirección de Planificación y Desarrollo
A4: Estimación de Ingresos
A5: =+PPNE1!C5 -> 2026
A6: Servicio Regional de Salud: | E6: =+PPNE1!B6 -> Cibao Norte
A7: CEAS: | E7: =+PPNE1!B7 -> 0
A8: Grupo | B8: Subgrupo | C8: Cuenta | D8: Auxiliar | E8: Descripción Ingresos por Cuenta | F8: Valor RD$ | G8: %
A9: 3 | E9: Donaciones | F9: =+F10 -> 0 | G9: =G10 -> 0
B10: 31 | E10: Donaciones Corrientes | F10: =SUM(F11:F11) -> 0 | G10: =G11 -> 0
C11: 312 | E11: Donaciones corrientes de organismos internacionales | G11: =IFERROR(F11/$F$31*100,"0.00") -> 0
A12: 4 | E12: Transferencias | F12: =+F13+F19 -> 54454970 | G12: =G13+G19 -> 26.950572
B13: 41 | E13: Transferencias Corrientes | F13: =F14 -> 54454970 | G13: =SUM(G15:G18) -> 26.950572
C14: 413 | E14: Transferencias Corrientes Recibidas de Instituciones Públicas Descentralizas y Autonomas No Financieras | F14: =SUM(F15:F18) -> 54454970 | G14: =SUM(G16:G19) -> 26.950572
C15: 413 | D15: ´01 | E15: Aportes SNS Nomina | F15: 0 | G15: =IFERROR(F15/$F$31*100,"0.00") -> 0
C16: 413 | D16: ´02 | E16: Anticipos Financieros | F16: 19454970 | G16: =IFERROR(F16/$F$31*100,"0.00") -> 9.6285531
C17: 413 | D17: ´03 | E17: Aportes SNS Medicamentos | F17: 35000000 | G17: =IFERROR(F17/$F$31*100,"0.00") -> 17.322019
C18: 414 | E18: Transferencias Corrientes Recibidas de Instituciones Públicas de la Seguridad Social | F18: 0 | G18: =IFERROR(F18/$F$31*100,"0.00") -> 0
B19: 42 | E19: Transferencia de Capital | F19: =F20 -> 0 | G19: =G21+G22 -> 0
C20: 423 | E20: Tranferencia de Capital Recibidas de Instituciones Públicas Descentralizas y Autonomas No Financieras | F20: =SUM(F21:F22) -> 0 | G20: =+G21+G22 -> 0
C21: 423 | D21: ´01 | E21: Aportes SNS Equipamiento | F21: 0 | G21: =IFERROR(F21/$F$31*100,"0.00") -> 0
C22: 423 | D22: ´02 | E22: Aportes para otros gastos de inversión del SNS | F22: 0 | G22: =IFERROR(F22/$F$31*100,"0.00") -> 0
A23: 5 | E23: Ingresos por Contraprestación | F23: =+F24 -> 147600000 | G23: =G24 -> 73.049428
B24: 51 | E24: Venta de Bienes y Servicios | F24: =F25 -> 147600000 | G24: =G25 -> 73.049428
C25: 512 | E25: Venta de Servicios del Estado | F25: =SUM(F26:F30) -> 147600000 | G25: =G26 -> 73.049428
C26: 512 | D26: ´99 | E26: Otras ventas de servicios | F26: 0 | G26: =+G27+G28+G29+G30 -> 73.049428
C27: 513 | E27: Venta de Servicios a SENASA por afiliados regimen subsidiado | F27: 126000000 | G27: =IFERROR(F27/$F$31*100,"0.00") -> 62.359268
C28: 512 | E28: Venta de Servicios a SENASA por afiliados regimen contributivo | F28: 18000000 | G28: =IFERROR(F28/$F$31*100,"0.00") -> 8.9084668
C29: 512 | E29: Venta de Servicios a otras ARS por atencion a Regimen contributivo | F29: 3600000 | G29: =IFERROR(F29/$F$31*100,"0.00") -> 1.7816934
C30: 512 | E30: Venta de Servicios a ARL | F30: 0 | G30: =IFERROR(F30/$F$31*100,"0.00") -> 0
E31: Total Ingresos | F31: =+F23+F12+F9 -> 202054970 | G31: =+G23+G12+G9 -> 100

Sheet PPNE4
A1: =+PPNE1!B1 -> Plan Operativo Anual
A2: Servicio Nacional de Salud
A3: Dirección de Planificación y Desarrollo
A4: Consolidado Presupuesto Estimado de Ingresos y Gastos Nivel Especializado por Actividad Especifica
A5: =+PPNE1!C5 -> 2026
A6: Servicio Regional de Salud: | F6: =+PPNE1!B6 -> Cibao Norte
A7: Establecimiento: | F7: =+PPNE1!B7 -> 0
A8: Estimación de Ingresos
A9: Anticipos Financieros | G9: =+PPNE3!F16 -> 19454970
A10: Venta de Servicios y Otros Ingresos | G10: =+PPNE3!F25 -> 147600000
A11: Aportes SNS Nómina | G11: =+PPNE3!F15 -> 0
A12: Otros Aportes | G12: =+PPNE3!F9+PPNE3!F17+PPNE3!F21+PPNE3!F22 -> 35000000
A13: Transferencias Corrientes | G13: =+PPNE3!F18 -> 0
A14: Total Ingresos RD$ | G14: =SUM(G9:G13) -> 202054970
A15: Estimación de Gastos
A16: Tipo | B16: Objeto | C16: Cuenta | D16: Sub-Cuenta | E16: Auxiliar | F16: Descripción Gasto por Cuenta | G16: Consultas Externa | H16: Emergencias | I16: Hospitalización | J16: Apoyo Diagnóstico | L16: Servicios de Apoyo | N16: Total RD$ | O16: %
J17: Servicios de Laboratorios y Banco de Sangre | K17: Servicios de Imágenes RX | L17: Gestión de Usuario y Educación para la Salud | M17: Gestión Técnica y Administrativa
A18: 2 | F18: Egresos | G18: =+G19+G67+G171+G255+G272+G325 -> 10200000 | H18: =+H19+H67+H171+H255+H272+H325 -> 58850000 | I18: =+I19+I67+I171+I255+I272+I325 -> 69884970 | J18: =+J19+J67+J171+J255+J272+J325 -> 12850000 | K18: =+K19+K67+K171+K255+K272+K325 -> 2980000 | L18: =+L19+L67+L171+L255+L272+L325 -> 4000000 | M18: =+M19+M67+M171+M255+M272+M325 -> 42140000 | N18: =+N19+N67+N171+N255+N272+N325 -> 202054970 | O18: =+O19+O67+O171+O255+O272+O325 -> 165.69994 | R18: =G14-N18 -> 0
A19: 2 | B19: 1 | F19: Servicios Personales | G19: =+G20+G42+G54+G58 -> 0 | H19: =+H20+H42+H54+H58 -> 2200000 | I19: =+I20+I42+I54+I58 -> 1650000 | J19: =+J20+J42+J54+J58 -> 0 | K19: =+K20+K42+K54+K58 -> 0 | L19: =+L20+L42+L54+L58 -> 0 | M19: =+M20+M42+M54+M58 -> 16960000 | N19: =+N20+N42+N54+N58 -> 20810000 | O19: =+O20+O42+O54+O58 -> 10.299177
A20: 2 | B20: 1 | C20: 1 | F20: Remuneraciones | G20: =+G21+G26+G33+G35+G37 -> 0 | H20: =+H21+H26+H33+H35+H37 -> 2200000 | I20: =+I21+I26+I33+I35+I37 -> 1650000 | J20: =+J21+J26+J33+J35+J37 -> 0 | K20: =+K21+K26+K33+K35+K37 -> 0 | L20: =+L21+L26+L33+L35+L37 -> 0 | M20: =+M21+M26+M33+M35+M37 -> 2200000 | N20: =+N21+N26+N33+N35+N37 -> 6050000 | O20: =+O21+O26+O33+O35+O37 -> 2.9942347
A21: 2 | B21: 1 | C21: 1 | D21: 1 | F21: Remuneraciones al personal fijo | G21: =SUM(G22:G25) -> 0 | H21: =SUM(H22:H25) -> 2000000 | I21: =SUM(I22:I25) -> 1500000 | J21: =SUM(J22:J25) -> 0 | K21: =SUM(K22:K25) -> 0 | L21: =SUM(L22:L25) -> 0 | M21: =SUM(M22:M25) -> 2000000 | N21: =SUM(N22:N25) -> 5500000 | O21: =SUM(O22:O25) -> 2.7220315
A22: 2 | B22: 1 | C22: 1 | D22: 1 | E22: `01 | F22: Sueldos fijos | G22: 0 | H22: 2000000 | I22: 1500000 | M22: 2000000 | N22: =SUBTOTAL(9,G22:M22) -> 5500000 | O22: =IFERROR(N22/$N$18*100,"0.00") -> 2.7220315
A23: 2 | B23: 1 | C23: 1 | D23: 1 | E23: `02 | F23: Sueldos a medicos | G23: 0 | H23: 0 | I23: 0 | J23: 0 | K23: 0 | L23: 0 | M23: 0 | N23: =SUBTOTAL(9,G23:M23) -> 0 | O23: =IFERROR(N23/$N$18*100,"0.00") -> 0
A24: 2 | B24: 1 | C24: 1 | D24: 1 | E24: `05 | F24: Incentivos y escalafón | G24: 0 | H24: 0 | I24: 0 | J24: 0 | K24: 0 | L24: 0 | M24: 0 | N24: =SUBTOTAL(9,G24:M24) -> 0 | O24: =IFERROR(N24/$N$18*100,"0.00") -> 0
A25: 2 | B25: 1 | C25: 1 | D25: 1 | E25: `06 | F25: Nuevas plazas a medicos | G25: 0 | H25: 0 | I25: 0 | J25: 0 | K25: 0 | L25: 0 | M25: 0 | N25: =SUBTOTAL(9,G25:M25) -> 0 | O25: =IFERROR(N25/$N$18*100,"0.00") -> 0
A26: 2 | B26: 1 | C26: 1 | D26: 2 | F26: Remuneraciones al personal con carácter transitorio | G26: =SUM(G27:G32) -> 0 | H26: =SUM(H27:H32) -> 0 | I26: =SUM(I27:I32) -> 0 | J26: =SUM(J27:J32) -> 0 | K26: =SUM(K27:K32) -> 0 | L26: =SUM(L27:L32) -> 0 | M26: =SUM(M27:M32) -> 0 | N26: =SUM(N27:N32) -> 0 | O26: =SUM(O27:O32) -> 0
A27: 2 | B27: 1 | C27: 1 | D27: 2 | E27: `03 | F27: Suplencias | G27: 0 | H27: 0 | I27: 0 | J27: 0 | K27: 0 | L27: 0 | M27: 0 | N27: =SUBTOTAL(9,G27:M27) -> 0 | O27: =IFERROR(N27/$N$18*100,"0.00") -> 0
A28: 2 | B28: 1 | C28: 1 | D28: 2 | E28: `05 | F28: Sueldo al personal nominal en período probatorio | G28: 0 | H28: 0 | I28: 0 | J28: 0 | K28: 0 | L28: 0 | M28: 0 | N28: =SUBTOTAL(9,G28:M28) -> 0 | O28: =IFERROR(N28/$N$18*100,"0.00") -> 0
A29: 2 | B29: 1 | C29: 1 | D29: 2 | E29: `06 | F29: Jornales | G29: 0 | H29: 0 | I29: 0 | J29: 0 | K29: 0 | L29: 0 | M29: 0 | N29: =SUBTOTAL(9,G29:M29) -> 0 | O29: =IFERROR(N29/$N$18*100,"0.00") -> 0
A30: 2 | B30: 1 | C30: 1 | D30: 2 | E30: `08 | F30: Empleados temporales | G30: 0 | H30: 0 | I30: 0 | J30: 0 | K30: 0 | L30: 0 | M30: 0 | N30: =SUBTOTAL(9,G30:M30) -> 0 | O30: =IFERROR(N30/$N$18*100,"0.00") -> 0
A31: 2 | B31: 1 | C31: 1 | D31: 2 | E31: `09 | F31: Personal de carácter eventual | G31: 0 | H31: 0 | I31: 0 | J31: 0 | K31: 0 | L31: 0 | M31: 0 | N31: =SUBTOTAL(9,G31:M31) -> 0 | O31: =IFERROR(N31/$N$18*100,"0.00") -> 0
A32: 2 | B32: 1 | C32: 1 | D32: 2 | E32: `11 | F32: Interinato | G32: 0 | H32: 0 | I32: 0 | J32: 0 | K32: 0 | L32: 0 | M32: 0 | N32: =SUBTOTAL(9,G32:M32) -> 0 | O32: =IFERROR(N32/$N$18*100,"0.00") -> 0
A33: 2 | B33: 1 | C33: 1 | D33: 3 | F33: Sueldos al personal fijo en trámite de pensiones | G33: =G34 -> 0 | H33: =H34 -> 0 | I33: =I34 -> 0 | J33: =J34 -> 0 | K33: =K34 -> 0 | L33: =L34 -> 0 | M33: =M34 -> 0 | N33: =N34 -> 0 | O33: =O34 -> 0
A34: 2 | B34: 1 | C34: 1 | D34: 3 | E34: `01 | F34: Sueldos al personal fijo en trámite de pensiones | G34: 0 | H34: 0 | I34: 0 | J34: 0 | K34: 0 | L34: 0 | M34: 0 | N34: =SUBTOTAL(9,G34:M34) -> 0 | O34: =IFERROR(N34/$N$18*100,"0.00") -> 0
A35: 2 | B35: 1 | C35: 1 | D35: 4 | F35: Sueldo anual No. 13 | G35: =G36 -> 0 | H35: =H36 -> 200000 | I35: =I36 -> 150000 | J35: =J36 -> 0 | K35: =K36 -> 0 | L35: =L36 -> 0 | M35: =M36 -> 200000 | N35: =N36 -> 550000 | O35: =O36 -> 0.27220315
A36: 2 | B36: 1 | C36: 1 | D36: 4 | E36: `01 | F36: Sueldo anual No. 13 | G36: 0 | H36: 200000 | I36: 150000 | M36: 200000 | N36: =SUBTOTAL(9,G36:M36) -> 550000 | O36: =IFERROR(N36/$N$18*100,"0.00") -> 0.27220315
A37: 2 | B37: 1 | C37: 1 | D37: 5 | F37: Prestacianes economicas | G37: =SUM(G38:G41) -> 0 | H37: =SUM(H38:H41) -> 0 | I37: =SUM(I38:I41) -> 0 | J37: =SUM(J38:J41) -> 0 | K37: =SUM(K38:K41) -> 0 | L37: =SUM(L38:L41) -> 0 | M37: =SUM(M38:M41) -> 0 | N37: =SUM(N38:N41) -> 0 | O37: =SUM(O38:O41) -> 0
A38: 2 | B38: 1 | C38: 1 | D38: 5 | E38: `01 | F38: Prestacianes economicas | G38: 0 | H38: 0 | I38: 0 | J38: 0 | K38: 0 | L38: 0 | M38: 0 | N38: =SUBTOTAL(9,G38:M38) -> 0 | O38: =IFERROR(N38/$N$18*100,"0.00") -> 0
A39: 2 | B39: 1 | C39: 1 | D39: 5 | E39: `02 | F39: Pago de porcentaje por desvinculación de cargo | G39: 0 | H39: 0 | I39: 0 | J39: 0 | K39: 0 | L39: 0 | M39: 0 | N39: =SUBTOTAL(9,G39:M39) -> 0 | O39: =IFERROR(N39/$N$18*100,"0.00") -> 0
A40: 2 | B40: 1 | C40: 1 | D40: 5 | E40: `03 | F40: Prestacion laboral por desvinculación | G40: 0 | H40: 0 | I40: 0 | J40: 0 | K40: 0 | L40: 0 | M40: 0 | N40: =SUBTOTAL(9,G40:M40) -> 0 | O40: =IFERROR(N40/$N$18*100,"0.00") -> 0
A41: 2 | B41: 1 | C41: 1 | D41: 5 | E41: `04 | F41: Proporción de vacaciones no disfrutadas | G41: 0 | H41: 0 | I41: 0 | J41: 0 | K41: 0 | L41: 0 | M41: 0 | N41: =SUBTOTAL(9,G41:M41) -> 0 | O41: =IFERROR(N41/$N$18*100,"0.00") -> 0
A42: 2 | B42: 1 | C42: 2 | F42: Sobresueldos | G42: =+G43+G45 -> 0 | H42: =+H43+H45 -> 0 | I42: =+I43+I45 -> 0 | J42: =+J43+J45 -> 0 | K42: =+K43+K45 -> 0 | L42: =+L43+L45 -> 0 | M42: =+M43+M45 -> 14760000 | N42: =+N43+N45 -> 14760000 | O42: =+O43+O45 -> 7.3049428
A43: 2 | B43: 1 | C43: 2 | D43: 1 | F43: Primas por antigüedad | G43: =G44 -> 0 | H43: =H44 -> 0 | I43: =I44 -> 0 | J43: =J44 -> 0 | K43: =K44 -> 0 | L43: =L44 -> 0 | M43: =M44 -> 0 | N43: =N44 -> 0 | O43: =O44 -> 0
A44: 2 | B44: 1 | C44: 2 | D44: 1 | E44: `01 | F44: Primas por antigüedad | G44: 0 | H44: 0 | I44: 0 | J44: 0 | K44: 0 | L44: 0 | M44: 0 | N44: =SUBTOTAL(9,G44:M44) -> 0 | O44: =IFERROR(N44/$N$18*100,"0.00") -> 0
A45: 2 | B45: 1 | C45: 2 | D45: 2 | F45: Compensación | G45: =SUM(G46:G53) -> 0 | H45: =SUM(H46:H53) -> 0 | I45: =SUM(I46:I53) -> 0 | J45: =SUM(J46:J53) -> 0 | K45: =SUM(K46:K53) -> 0 | L45: =SUM(L46:L53) -> 0 | M45: =SUM(M46:M53) -> 14760000 | N45: =SUM(N46:N53) -> 14760000 | O45: =SUM(O46:O53) -> 7.3049428
A46: 2 | B46: 1 | C46: 2 | D46: 2 | E46: `03 | F46: Pago de horas extraordinarias, Horas extraordinarias fin de año (Reglamento 523-09) | G46: 0 | H46: 0 | I46: 0 | J46: 0 | K46: 0 | L46: 0 | M46: 0 | N46: =SUBTOTAL(9,G46:M46) -> 0 | O46: =IFERROR(N46/$N$18*100,"0.00") -> 0
A47: 2 | B47: 1 | C47: 2 | D47: 2 | E47: `04 | F47: Prima de transporte | G47: 0 | H47: 0 | I47: 0 | J47: 0 | K47: 0 | L47: 0 | M47: 0 | N47: =SUBTOTAL(9,G47:M47) -> 0 | O47: =IFERROR(N47/$N$18*100,"0.00") -> 0
A48: 2 | B48: 1 | C48: 2 | D48: 2 | E48: `05 | F48: Compensación servicios de Seguridad | G48: 0 | H48: 0 | I48: 0 | J48: 0 | K48: 0 | L48: 0 | M48: 0 | N48: =SUBTOTAL(9,G48:M48) -> 0 | O48: =IFERROR(N48/$N$18*100,"0.00") -> 0
A49: 2 | B49: 1 | C49: 2 | D49: 2 | E49: `06 | F49: Incentivo por rendimiento individual | G49: 0 | H49: 0 | I49: 0 | J49: 0 | K49: 0 | L49: 0 | M49: 14760000 | N49: =SUBTOTAL(9,G49:M49) -> 14760000 | O49: =IFERROR(N49/$N$18*100,"0.00") -> 7.3049428
A50: 2 | B50: 1 | C50: 2 | D50: 2 | E50: `07 | F50: Compensación por distancia | G50: 0 | H50: 0 | I50: 0 | J50: 0 | K50: 0 | L50: 0 | M50: 0 | N50: =SUBTOTAL(9,G50:M50) -> 0 | O50: =IFERROR(N50/$N$18*100,"0.00") -> 0
A51: 2 | B51: 1 | C51: 2 | D51: 2 | E51: `08 | F51: Compensaciones especiales | G51: 0 | H51: 0 | I51: 0 | J51: 0 | K51: 0 | L51: 0 | M51: 0 | N51: =SUBTOTAL(9,G51:M51) -> 0 | O51: =IFERROR(N51/$N$18*100,"0.00") -> 0
A52: 2 | B52: 1 | C52: 2 | D52: 2 | E52: `09 | F52: Bono por desempeño | G52: 0 | H52: 0 | I52: 0 | J52: 0 | K52: 0 | L52: 0 | M52: 0 | N52: =SUBTOTAL(9,G52:M52) -> 0 | O52: =IFERROR(N52/$N$18*100,"0.00") -> 0
A53: 2 | B53: 1 | C53: 2 | D53: 2 | E53: `10 | F53: Compensación por cumplimiento de indicadores | G53: 0 | H53: 0 | I53: 0 | J53: 0 | K53: 0 | L53: 0 | M53: 0 | N53: =SUBTOTAL(9,G53:M53) -> 0 | O53: =IFERROR(N53/$N$18*100,"0.00") -> 0
A54: 2 | B54: 1 | C54: 3 | F54: Dietas y Gastos de Representación | G54: =+G55 -> 0 | H54: =+H55 -> 0 | I54: =+I55 -> 0 | J54: =+J55 -> 0 | K54: =+K55 -> 0 | L54: =+L55 -> 0 | M54: =+M55 -> 0 | N54: =+N55 -> 0 | O54: =+O55 -> 0
A55: 2 | B55: 1 | C55: 3 | D55: 2 | F55: Gastos de representación | G55: =SUM(G56:G57) -> 0 | H55: =SUM(H56:H57) -> 0 | I55: =SUM(I56:I57) -> 0 | J55: =SUM(J56:J57) -> 0 | K55: =SUM(K56:K57) -> 0 | L55: =SUM(L56:L57) -> 0 | M55: =SUM(M56:M57) -> 0 | N55: =SUM(N56:N57) -> 0 | O55: =SUM(O56:O57) -> 0
A56: 2 | B56: 1 | C56: 3 | D56: 2 | E56: `01 | F56: Gastos de representación en el país | G56: 0 | H56: 0 | I56: 0 | J56: 0 | K56: 0 | L56: 0 | M56: 0 | N56: =SUBTOTAL(9,G56:M56) -> 0 | O56: =IFERROR(N56/$N$18*100,"0.00") -> 0
A57: 2 | B57: 1 | C57: 3 | D57: 2 | E57: `02 | F57: Gastos de representación en el exterior | G57: 0 | H57: 0 | I57: 0 | J57: 0 | K57: 0 | L57: 0 | M57: 0 | N57: =SUBTOTAL(9,G57:M57) -> 0 | O57: =IFERROR(N57/$N$18*100,"0.00") -> 0
A58: 2 | B58: 1 | C58: 5 | F58: Contribuciones a la Seguridad Social y Riesgo Laboral | G58: =G59+G61+G63+G65 -> 0 | H58: =H59+H61+H63+H65 -> 0 | I58: =I59+I61+I63+I65 -> 0 | J58: =J59+J61+J63+J65 -> 0 | K58: =K59+K61+K63+K65 -> 0 | L58: =L59+L61+L63+L65 -> 0 | M58: =M59+M61+M63+M65 -> 0 | N58: =N59+N61+N63+N65 -> 0 | O58: =O59+O61+O63+O65 -> 0
A59: 2 | B59: 1 | C59: 5 | D59: 1 | F59: Contribuciones al seguro de salud | G59: =G60 -> 0 | H59: =H60 -> 0 | I59: =I60 -> 0 | J59: =J60 -> 0 | K59: =K60 -> 0 | L59: =L60 -> 0 | M59: =M60 -> 0 | N59: =N60 -> 0 | O59: =O60 -> 0
A60: 2 | B60: 1 | C60: 5 | D60: 1 | E60: `01 | F60: Contribuciones al seguro de salud | G60: 0 | H60: 0 | I60: 0 | J60: 0 | K60: 0 | L60: 0 | M60: 0 | N60: =SUBTOTAL(9,G60:M60) -> 0 | O60: =IFERROR(N60/$N$18*100,"0.00") -> 0
A61: 2 | B61: 1 | C61: 5 | D61: 2 | F61: Contribuciones al seguro de pensiones | G61: =G62 -> 0 | H61: =H62 -> 0 | I61: =I62 -> 0 | J61: =J62 -> 0 | K61: =K62 -> 0 | L61: =L62 -> 0 | M61: =M62 -> 0 | N61: =N62 -> 0 | O61: =O62 -> 0
A62: 2 | B62: 1 | C62: 5 | D62: 2 | E62: `01 | F62: Contribuciones al seguro de pensiones | G62: 0 | H62: 0 | I62: 0 | J62: 0 | K62: 0 | L62: 0 | M62: 0 | N62: =SUBTOTAL(9,G62:M62) -> 0 | O62: =IFERROR(N62/$N$18*100,"0.00") -> 0
A63: 2 | B63: 1 | C63: 5 | D63: 3 | F63: Contribuciones al seguro de riesgo laboral | G63: =G64 -> 0 | H63: =H64 -> 0 | I63: =I64 -> 0 | J63: =J64 -> 0 | K63: =K64 -> 0 | L63: =L64 -> 0 | M63: =M64 -> 0 | N63: =N64 -> 0 | O63: =O64 -> 0
A64: 2 | B64: 1 | C64: 5 | D64: 3 | E64: `01 | F64: Contribuciones al seguro de riesgo laboral | G64: 0 | H64: 0 | I64: 0 | J64: 0 | K64: 0 | L64: 0 | M64: 0 | N64: =SUBTOTAL(9,G64:M64) -> 0 | O64: =IFERROR(N64/$N$18*100,"0.00") -> 0
A65: 2 | B65: 1 | C65: 5 | D65: 4 | F65: Contribuciones al plan de retiro complementario | G65: =G66 -> 0 | H65: =H66 -> 0 | I65: =I66 -> 0 | J65: =J66 -> 0 | K65: =K66 -> 0 | L65: =L66 -> 0 | M65: =M66 -> 0 | N65: =N66 -> 0 | O65: =O66 -> 0
A66: 2 | B66: 1 | C66: 5 | D66: 4 | E66: `01 | F66: Contribuciones al plan de retiro complementario | G66: 0 | H66: 0 | I66: 0 | J66: 0 | K66: 0 | L66: 0 | M66: 0 | N66: =SUBTOTAL(9,G66:M66) -> 0 | O66: =IFERROR(N66/$N$18*100,"0.00") -> 0
A67: 2 | B67: 2 | F67: Contratacion de servicios | G67: =+G68+G82+G87+G92+G99+G116+G125+G143 -> 3600000 | H67: =+H68+H82+H87+H92+H99+H116+H125+H143 -> 4850000 | I67: =+I68+I82+I87+I92+I99+I116+I125+I143 -> 6780000 | J67: =+J68+J82+J87+J92+J99+J116+J125+J143 -> 5910000 | K67: =+K68+K82+K87+K92+K99+K116+K125+K143 -> 1950000 | L67: =+L68+L82+L87+L92+L99+L116+L125+L143 -> 2000000 | M67: =+M68+M82+M87+M92+M99+M116+M125+M143 -> 10340000 | N67: =+N68+N82+N87+N92+N99+N116+N125+N143 -> 36580000 | O67: =+O68+O82+O87+O92+O99+O116+O125+O143 -> 14.614835
A68: 2 | B68: 2 | C68: 1 | F68: Servicios Básicos | G68: =+G69+G71+G73+G75+G78+G80 -> 0 | H68: =+H69+H71+H73+H75+H78+H80 -> 0 | I68: =+I69+I71+I73+I75+I78+I80 -> 0 | J68: =+J69+J71+J73+J75+J78+J80 -> 0 | K68: =+K69+K71+K73+K75+K78+K80 -> 0 | L68: =+L69+L71+L73+L75+L78+L80 -> 0 | M68: =+M69+M71+M73+M75+M78+M80 -> 2300000 | N68: =+N69+N71+N73+N75+N78+N80 -> 2300000 | O68: =+O69+O71+O73+O75+O78+O80 -> 1.1383041
A69: 2 | B69: 2 | C69: 1 | D69: 2 | F69: Servicios telefónico de larga distancia | G69: =G70 -> 0 | H69: =H70 -> 0 | I69: =I70 -> 0 | J69: =J70 -> 0 | K69: =K70 -> 0 | L69: =L70 -> 0 | M69: =M70 -> 300000 | N69: =N70 -> 300000 | O69: =O70 -> 0.14847445
A70: 2 | B70: 2 | C70: 1 | D70: 2 | E70: `01 | F70: Servicios telefónico de larga distancia | G70: 0 | H70: 0 | I70: 0 | J70: 0 | K70: 0 | L70: 0 | M70: 300000 | N70: =SUBTOTAL(9,G70:M70) -> 300000 | O70: =IFERROR(N70/$N$18*100,"0.00") -> 0.14847445
A71: 2 | B71: 2 | C71: 1 | D71: 3 | F71: Teléfono local | G71: =G72 -> 0 | H71: =H72 -> 0 | I71: =I72 -> 0 | J71: =J72 -> 0 | K71: =K72 -> 0 | L71: =L72 -> 0 | M71: =M72 -> 500000 | N71: =N72 -> 500000 | O71: =O72 -> 0.24745741
A72: 2 | B72: 2 | C72: 1 | D72: 3 | E72: `01 | F72: Teléfono local | G72: 0 | H72: 0 | I72: 0 | J72: 0 | K72: 0 | L72: 0 | M72: 500000 | N72: =SUBTOTAL(9,G72:M72) -> 500000 | O72: =IFERROR(N72/$N$18*100,"0.00") -> 0.24745741
A73: 2 | B73: 2 | C73: 1 | D73: 5 | F73: Servicio de internet y televisión por cable | G73: =G74 -> 0 | H73: =H74 -> 0 | I73: =I74 -> 0 | J73: =J74 -> 0 | K73: =K74 -> 0 | L73: =L74 -> 0 | M73: =M74 -> 500000 | N73: =N74 -> 500000 | O73: =O74 -> 0.24745741
A74: 2 | B74: 2 | C74: 1 | D74: 5 | E74: `01 | F74: Servicio de internet y televisión por cable | G74: 0 | H74: 0 | I74: 0 | J74: 0 | K74: 0 | L74: 0 | M74: 500000 | N74: =SUBTOTAL(9,G74:M74) -> 500000 | O74: =IFERROR(N74/$N$18*100,"0.00") -> 0.24745741
A75: 2 | B75: 2 | C75: 1 | D75: 6 | F75: Electricidad | G75: =G76+G77 -> 0 | H75: =H76+H77 -> 0 | I75: =I76+I77 -> 0 | J75: =J76+J77 -> 0 | K75: =K76+K77 -> 0 | L75: =L76+L77 -> 0 | M75: =M76+M77 -> 0 | N75: =N76+N77 -> 0 | O75: =O76+O77 -> 0
A76: 2 | B76: 2 | C76: 1 | D76: 6 | E76: `01 | F76: Energía eléctrica | G76: 0 | H76: 0 | I76: 0 | J76: 0 | K76: 0 | L76: 0 | M76: 0 | N76: =SUBTOTAL(9,G76:M76) -> 0 | O76: =IFERROR(N76/$N$18*100,"0.00") -> 0
A77: 2 | B77: 2 | C77: 1 | D77: 6 | E77: `02 | F77: Electricidad no cortable | G77: 0 | H77: 0 | I77: 0 | J77: 0 | K77: 0 | L77: 0 | M77: 0 | N77: =SUBTOTAL(9,G77:M77) -> 0 | O77: =IFERROR(N77/$N$18*100,"0.00") -> 0
A78: 2 | B78: 2 | C78: 1 | D78: 7 | F78: Agua | G78: =G79 -> 0 | H78: =H79 -> 0 | I78: =I79 -> 0 | J78: =J79 -> 0 | K78: =K79 -> 0 | L78: =L79 -> 0 | M78: =M79 -> 200000 | N78: =N79 -> 200000 | O78: =O79 -> 0.098982965
A79: 2 | B79: 2 | C79: 1 | D79: 7 | E79: `01 | F79: Agua | G79: 0 | H79: 0 | I79: 0 | J79: 0 | K79: 0 | L79: 0 | M79: 200000 | N79: =SUBTOTAL(9,G79:M79) -> 200000 | O79: =IFERROR(N79/$N$18*100,"0.00") -> 0.098982965
A80: 2 | B80: 2 | C80: 1 | D80: 8 | F80: Recolección de residuos sólidos | G80: =G81 -> 0 | H80: =H81 -> 0 | I80: =I81 -> 0 | J80: =J81 -> 0 | K80: =K81 -> 0 | L80: =L81 -> 0 | M80: =M81 -> 800000 | N80: =N81 -> 800000 | O80: =O81 -> 0.39593186
A81: 2 | B81: 2 | C81: 1 | D81: 8 | E81: `01 | F81: Recolección de residuos sólidos | G81: 0 | H81: 0 | I81: 0 | J81: 0 | K81: 0 | L81: 0 | M81: 800000 | N81: =SUBTOTAL(9,G81:M81) -> 800000 | O81: =IFERROR(N81/$N$18*100,"0.00") -> 0.39593186
A82: 2 | B82: 2 | C82: 2 | F82: Publicidad Impresión y Encuadernación | G82: =+G83+G85 -> 2350000 | H82: =+H83+H85 -> 2000000 | I82: =+I83+I85 -> 2800000 | J82: =+J83+J85 -> 1000000 | K82: =+K83+K85 -> 850000 | L82: =+L83+L85 -> 0 | M82: =+M83+M85 -> 1000000 | N82: =+N83+N85 -> 10000000 | O82: =+O83+O85 -> 4.9491482
A83: 2 | B83: 2 | C83: 2 | D83: 1 | F83: Publicidad y propaganda | G83: =G84 -> 0 | H83: =H84 -> 0 | I83: =I84 -> 0 | J83: =J84 -> 0 | K83: =K84 -> 0 | L83: =L84 -> 0 | M83: =M84 -> 0 | N83: =N84 -> 0 | O83: =O84 -> 0
A84: 2 | B84: 2 | C84: 2 | D84: 1 | E84: `01 | F84: Publicidad y propaganda | G84: 0 | H84: 0 | I84: 0 | J84: 0 | K84: 0 | L84: 0 | M84: 0 | N84: =SUBTOTAL(9,G84:M84) -> 0 | O84: =IFERROR(N84/$N$18*100,"0.00") -> 0
A85: 2 | B85: 2 | C85: 2 | D85: 2 | F85: Impresión y encuadernación | G85: =G86 -> 2350000 | H85: =H86 -> 2000000 | I85: =I86 -> 2800000 | J85: =J86 -> 1000000 | K85: =K86 -> 850000 | L85: =L86 -> 0 | M85: =M86 -> 1000000 | N85: =N86 -> 10000000 | O85: =O86 -> 4.9491482
A86: 2 | B86: 2 | C86: 2 | D86: 2 | E86: `01 | F86: Impresión y encuadernación | G86: 2350000 | H86: 2000000 | I86: 2800000 | J86: 1000000 | K86: 850000 | M86: 1000000 | N86: =SUBTOTAL(9,G86:M86) -> 10000000 | O86: =IFERROR(N86/$N$18*100,"0.00") -> 4.9491482
A87: 2 | B87: 2 | C87: 3 | F87: Viáticos | G87: =+G88+G90 -> 0 | H87: =+H88+H90 -> 0 | I87: =+I88+I90 -> 0 | J87: =+J88+J90 -> 0 | K87: =+K88+K90 -> 0 | L87: =+L88+L90 -> 0 | M87: =+M88+M90 -> 700000 | N87: =+N88+N90 -> 700000 | O87: =+O88+O90 -> 0.34644038
A88: 2 | B88: 2 | C88: 3 | D88: 1 | F88: Viáticos dentro del país | G88: =G89 -> 0 | H88: =H89 -> 0 | I88: =I89 -> 0 | J88: =J89 -> 0 | K88: =K89 -> 0 | L88: =L89 -> 0 | M88: =M89 -> 700000 | N88: =N89 -> 700000 | O88: =O89 -> 0.34644038
A89: 2 | B89: 2 | C89: 3 | D89: 1 | E89: `01 | F89: Viáticos dentro del país | G89: 0 | H89: 0 | I89: 0 | J89: 0 | K89: 0 | L89: 0 | M89: 700000 | N89: =SUBTOTAL(9,G89:M89) -> 700000 | O89: =IFERROR(N89/$N$18*100,"0.00") -> 0.34644038
A90: 2 | B90: 2 | C90: 3 | D90: 2 | F90: Viáticos fuera del país | G90: =G91 -> 0 | H90: =H91 -> 0 | I90: =I91 -> 0 | J90: =J91 -> 0 | K90: =K91 -> 0 | L90: =L91 -> 0 | M90: =M91 -> 0 | N90: =N91 -> 0 | O90: =O91 -> 0
A91: 2 | B91: 2 | C91: 3 | D91: 2 | E91: `01 | F91: Viáticos fuera del país | G91: 0 | H91: 0 | I91: 0 | J91: 0 | K91: 0 | L91: 0 | M91: 0 | N91: =SUBTOTAL(9,G91:M91) -> 0 | O91: =IFERROR(N91/$N$18*100,"0.00") -> 0
A92: 2 | B92: 2 | C92: 4 | F92: Transporte y Alamcenaje | G92: =+G93+G95+G97 -> 0 | H92: =+H93+H95+H97 -> 0 | I92: =+I93+I95+I97 -> 0 | J92: =+J93+J95+J97 -> 0 | K92: =+K93+K95+K97 -> 0 | L92: =+L93+L95+L97 -> 0 | M92: =+M93+M95+M97 -> 1000000 | N92: =+N93+N95+N97 -> 1000000 | O92: =+O93+O95+O97 -> 0.49491482
A93: 2 | B93: 2 | C93: 4 | D93: 1 | F93: Pasajes y gastos de transporte | G93: =G94 -> 0 | H93: =H94 -> 0 | I93: =I94 -> 0 | J93: =J94 -> 0 | K93: =K94 -> 0 | L93: =L94 -> 0 | M93: =M94 -> 0 | N93: =N94 -> 0 | O93: =O94 -> 0
A94: 2 | B94: 2 | C94: 4 | D94: 1 | E94: `01 | F94: Pasajes y gastos de transporte | G94: 0 | H94: 0 | I94: 0 | J94: 0 | K94: 0 | L94: 0 | M94: 0 | N94: =SUBTOTAL(9,G94:M94) -> 0 | O94: =IFERROR(N94/$N$18*100,"0.00") -> 0
A95: 2 | B95: 2 | C95: 4 | D95: 2 | F95: Fletes | G95: =G96 -> 0 | H95: =H96 -> 0 | I95: =I96 -> 0 | J95: =J96 -> 0 | K95: =K96 -> 0 | L95: =L96 -> 0 | M95: =M96 -> 1000000 | N95: =N96 -> 1000000 | O95: =O96 -> 0.49491482
A96: 2 | B96: 2 | C96: 4 | D96: 2 | E96: `01 | F96: Fletes | G96: 0 | H96: 0 | I96: 0 | J96: 0 | K96: 0 | L96: 0 | M96: 1000000 | N96: =SUBTOTAL(9,G96:M96) -> 1000000 | O96: =IFERROR(N96/$N$18*100,"0.00") -> 0.49491482
A97: 2 | B97: 2 | C97: 4 | D97: 4 | F97: Peaje | G97: =G98 -> 0 | H97: =H98 -> 0 | I97: =I98 -> 0 | J97: =J98 -> 0 | K97: =K98 -> 0 | L97: =L98 -> 0 | M97: =M98 -> 0 | N97: =N98 -> 0 | O97: =O98 -> 0
A98: 2 | B98: 2 | C98: 4 | D98: 4 | E98: `01 | F98: Peaje | G98: 0 | H98: 0 | I98: 0 | J98: 0 | K98: 0 | L98: 0 | M98: 0 | N98: =SUBTOTAL(9,G98:M98) -> 0 | O98: =IFERROR(N98/$N$18*100,"0.00") -> 0
A99: 2 | B99: 2 | C99: 5 | F99: Alquileres y Rentas | G99: =+G100+G102+G104+G110+G112+G114 -> 0 | H99: =+H100+H102+H104+H110+H112+H114 -> 0 | I99: =+I100+I102+I104+I110+I112+I114 -> 0 | J99: =+J100+J102+J104+J110+J112+J114 -> 0 | K99: =+K100+K102+K104+K110+K112+K114 -> 0 | L99: =+L100+L102+L104+L110+L112+L114 -> 0 | M99: =+M100+M102+M104+M110+M112+M114 -> 0 | N99: =+N100+N102+N104+N110+N112+N114 -> 0 | O99: =+O100+O102+O104+O110+O112+O114 -> 0
A100: 2 | B100: 2 | C100: 5 | D100: 1 | F100: Alquilleres y rentas de edificios y locales | G100: =G101 -> 0 | H100: =H101 -> 0 | I100: =I101 -> 0 | J100: =J101 -> 0 | K100: =K101 -> 0 | L100: =L101 -> 0 | M100: =M101 -> 0 | N100: =N101 -> 0 | O100: =O101 -> 0
...

Sheet PPNE5
A1: =+PPNE1!B1 -> Plan Operativo Anual
A2: Servicio Nacional de Salud
A3: Dirección de Planificación y Desarrollo
A4: Consolidado Presupuesto Estimado de Ingresos y Gastos Nivel Especializado por Fuente de Financiamiento
A5: =+PPNE1!C5 -> 2026
A6: Servicio Regional de Salud: | F6: =+PPNE1!B6 -> Cibao Norte
A7: Establecimiento: | F7: =+PPNE1!B7 -> 0
A8: Estimación de Ingresos
A9: Anticipos Financieros | G9: =+PPNE3!F16 -> 19454970
A10: Venta de Servicios y Otros Ingresos | G10: =+PPNE3!F25 -> 147600000
A11: Aportes SNS Nómina | G11: =+PPNE3!F15 -> 0
A12: Otros Aportes | G12: =+PPNE3!F9+PPNE3!F17+PPNE3!F21+PPNE3!F22 -> 35000000
A13: Transferencias Corrientes | G13: =+PPNE3!F18 -> 0
A14: Total Ingresos RD$ | G14: =SUM(G9:G13) -> 202054970
A15: Estimación de Gastos
A16: Tipo | B16: Objeto | C16: Cuenta | D16: Sub-Cuenta | E16: Auxiliar | F16: Descripción Gasto por Cuenta | G16: Anticipos Financieros / Transferencias | H16: Venta de Servicios | I16: Nómina | J16: Total RD$ | K16: %
A18: 2 | F18: Egresos | G18: =+G19+G67+G170+G254+G270+G323 -> 19454970 | H18: =+H19+H67+H170+H254+H270+H323 -> 183200000 | I18: =+I19+I67+I170+I254+I270+I323 -> 0 | J18: =+J19+J67+J170+J254+J270+J323 -> 202054970 | K18: =+K19+K67+K170+K254+K270+K323 -> 100.24746
A19: 2 | B19: 1 | F19: Servicios Personales | G19: =+G20+G42+G54+G58 -> 0 | H19: =+H20+H42+H54+H58 -> 20810000 | I19: =+I20+I42+I54+I58 -> 0 | J19: =+J20+J42+J54+J58 -> 20810000 | K19: =+K20+K47+K63+K70+K78 -> 10.546635
A20: 2 | B20: 1 | C20: 1 | F20: Remuneraciones | G20: =+G21+G26+G33+G35+G37 -> 0 | H20: =+H21+H26+H33+H35+H37 -> 6050000 | I20: =+I21+I26+I33+I35+I37 -> 0 | J20: =+J21+J26+J33+J35+J37 -> 6050000 | K20: =+K21+K28+K36+K38+K40+K45 -> 10.299177
A21: 2 | B21: 1 | C21: 1 | D21: 1 | F21: Remuneraciones al personal fijo | G21: =SUM(G22:G25) -> 0 | H21: =SUM(H22:H25) -> 5500000 | I21: =SUM(I22:I25) -> 0 | J21: =SUM(J22:J25) -> 5500000 | K21: =SUM(K22:K27) -> 2.7220315
A22: 2 | B22: 1 | C22: 1 | D22: 1 | E22: `01 | F22: Sueldos fijos | G22: 0 | H22: 5500000 | I22: 0 | J22: =SUBTOTAL(9,G22:I22) -> 5500000 | K22: =IFERROR(J22/$J$18*100,"0.00") -> 2.7220315
A23: 2 | B23: 1 | C23: 1 | D23: 1 | E23: `02 | F23: Sueldos a medicos | G23: 0 | H23: 0 | I23: 0 | J23: =SUBTOTAL(9,G23:I23) -> 0 | K23: =IFERROR(J23/$J$18*100,"0.00") -> 0
A24: 2 | B24: 1 | C24: 1 | D24: 1 | E24: `05 | F24: Incentivos y escalafón | G24: 0 | H24: 0 | I24: 0 | J24: =SUBTOTAL(9,G24:I24) -> 0 | K24: =IFERROR(J24/$J$18*100,"0.00") -> 0
A25: 2 | B25: 1 | C25: 1 | D25: 1 | E25: `06 | F25: Nuevas plazas a medicos | G25: 0 | H25: 0 | I25: 0 | J25: =SUBTOTAL(9,G25:I25) -> 0 | K25: =IFERROR(J25/$J$18*100,"0.00") -> 0
A26: 2 | B26: 1 | C26: 1 | D26: 2 | F26: Remuneraciones al personal con carácter transitorio | G26: =SUM(G27:G32) -> 0 | H26: =SUM(H27:H32) -> 0 | I26: =SUM(I27:I32) -> 0 | J26: =SUM(J27:J32) -> 0 | K26: =SUM(K27:K32) -> 0
A27: 2 | B27: 1 | C27: 1 | D27: 2 | E27: `03 | F27: Suplencias | G27: 0 | H27: 0 | I27: 0 | J27: =SUBTOTAL(9,G27:I27) -> 0 | K27: =IFERROR(J27/$J$18*100,"0.00") -> 0
A28: 2 | B28: 1 | C28: 1 | D28: 2 | E28: `05 | F28: Sueldo al personal nominal en período probatorio | G28: 0 | H28: 0 | I28: 0 | J28: =SUBTOTAL(9,G28:I28) -> 0 | K28: =IFERROR(J28/$J$18*100,"0.00") -> 0
A29: 2 | B29: 1 | C29: 1 | D29: 2 | E29: `06 | F29: Jornales | G29: 0 | H29: 0 | I29: 0 | J29: =SUBTOTAL(9,G29:I29) -> 0 | K29: =IFERROR(J29/$J$18*100,"0.00") -> 0
A30: 2 | B30: 1 | C30: 1 | D30: 2 | E30: `08 | F30: Empleados temporales | G30: 0 | H30: 0 | I30: 0 | J30: =SUBTOTAL(9,G30:I30) -> 0 | K30: =IFERROR(J30/$J$18*100,"0.00") -> 0
A31: 2 | B31: 1 | C31: 1 | D31: 2 | E31: `09 | F31: Personal de carácter eventual | G31: 0 | H31: 0 | I31: 0 | J31: =SUBTOTAL(9,G31:I31) -> 0 | K31: =IFERROR(J31/$J$18*100,"0.00") -> 0
A32: 2 | B32: 1 | C32: 1 | D32: 2 | E32: `11 | F32: Interinato | G32: 0 | H32: 0 | I32: 0 | J32: =SUBTOTAL(9,G32:I32) -> 0 | K32: =IFERROR(J32/$J$18*100,"0.00") -> 0
A33: 2 | B33: 1 | C33: 1 | D33: 3 | F33: Sueldos al personal fijo en trámite de pensiones | G33: =G34 -> 0 | H33: =H34 -> 0 | I33: =I34 -> 0 | J33: =J34 -> 0 | K33: =K34 -> 0
A34: 2 | B34: 1 | C34: 1 | D34: 3 | E34: `01 | F34: Sueldos al personal fijo en trámite de pensiones | G34: 0 | H34: 0 | I34: 0 | J34: =SUBTOTAL(9,G34:I34) -> 0 | K34: =IFERROR(J34/$J$18*100,"0.00") -> 0
A35: 2 | B35: 1 | C35: 1 | D35: 4 | F35: Sueldo anual No. 13 | G35: =G36 -> 0 | H35: =H36 -> 550000 | I35: =I36 -> 0 | J35: =J36 -> 550000 | K35: =K36 -> 0.27220315
A36: 2 | B36: 1 | C36: 1 | D36: 4 | E36: `01 | F36: Sueldo anual No. 13 | G36: 0 | H36: 550000 | I36: 0 | J36: =SUBTOTAL(9,G36:I36) -> 550000 | K36: =IFERROR(J36/$J$18*100,"0.00") -> 0.27220315
A37: 2 | B37: 1 | C37: 1 | D37: 5 | F37: Prestacianes economicas | G37: =SUM(G38:G41) -> 0 | H37: =SUM(H38:H41) -> 0 | I37: =SUM(I38:I41) -> 0 | J37: =SUM(J38:J41) -> 0 | K37: =SUM(K38:K41) -> 0
A38: 2 | B38: 1 | C38: 1 | D38: 5 | E38: `01 | F38: Prestacianes economicas | G38: 0 | H38: 0 | I38: 0 | J38: =SUBTOTAL(9,G38:I38) -> 0 | K38: =IFERROR(J38/$J$18*100,"0.00") -> 0
A39: 2 | B39: 1 | C39: 1 | D39: 5 | E39: `02 | F39: Pago de porcentaje por desvinculación de cargo | G39: 0 | H39: 0 | I39: 0 | J39: =SUBTOTAL(9,G39:I39) -> 0 | K39: =IFERROR(J39/$J$18*100,"0.00") -> 0
A40: 2 | B40: 1 | C40: 1 | D40: 5 | E40: `03 | F40: Prestacion laboral por desvinculación | G40: 0 | H40: 0 | I40: 0 | J40: =SUBTOTAL(9,G40:I40) -> 0 | K40: =IFERROR(J40/$J$18*100,"0.00") -> 0
A41: 2 | B41: 1 | C41: 1 | D41: 5 | E41: `04 | F41: Proporción de vacaciones no disfrutadas | G41: 0 | H41: 0 | I41: 0 | J41: =SUBTOTAL(9,G41:I41) -> 0 | K41: =IFERROR(J41/$J$18*100,"0.00") -> 0
A42: 2 | B42: 1 | C42: 2 | F42: Sobresueldos | G42: =+G43+G45 -> 0 | H42: =+H43+H45 -> 14760000 | I42: =+I43+I45 -> 0 | J42: =+J43+J45 -> 14760000 | K42: =+K43+K45 -> 7.3049428
A43: 2 | B43: 1 | C43: 2 | D43: 1 | F43: Primas por antigüedad | G43: =G44 -> 0 | H43: =H44 -> 0 | I43: =I44 -> 0 | J43: =J44 -> 0 | K43: =K44 -> 0
A44: 2 | B44: 1 | C44: 2 | D44: 1 | E44: `01 | F44: Primas por antigüedad | G44: 0 | H44: 0 | I44: 0 | J44: =SUBTOTAL(9,G44:I44) -> 0 | K44: =IFERROR(J44/$J$18*100,"0.00") -> 0
A45: 2 | B45: 1 | C45: 2 | D45: 2 | F45: Compensación | G45: =SUM(G46:G53) -> 0 | H45: =SUM(H46:H53) -> 14760000 | I45: =SUM(I46:I53) -> 0 | J45: =SUM(J46:J53) -> 14760000 | K45: =SUM(K46:K53) -> 7.3049428
A46: 2 | B46: 1 | C46: 2 | D46: 2 | E46: `03 | F46: Pago de horas extraordinarias, Horas extraordinarias fin de año (Reglamento 523-09) | G46: 0 | H46: 0 | I46: 0 | J46: =SUBTOTAL(9,G46:I46) -> 0 | K46: =IFERROR(J46/$J$18*100,"0.00") -> 0
A47: 2 | B47: 1 | C47: 2 | D47: 2 | E47: `04 | F47: Prima de transporte | G47: 0 | H47: 0 | I47: 0 | J47: =SUBTOTAL(9,G47:I47) -> 0 | K47: =IFERROR(J47/$J$18*100,"0.00") -> 0
A48: 2 | B48: 1 | C48: 2 | D48: 2 | E48: `05 | F48: Compensación servicios de Seguridad | G48: 0 | H48: 0 | I48: 0 | J48: =SUBTOTAL(9,G48:I48) -> 0 | K48: =IFERROR(J48/$J$18*100,"0.00") -> 0
A49: 2 | B49: 1 | C49: 2 | D49: 2 | E49: `06 | F49: Incentivo por rendimiento individual | G49: 0 | H49: 14760000 | I49: 0 | J49: =SUBTOTAL(9,G49:I49) -> 14760000 | K49: =IFERROR(J49/$J$18*100,"0.00") -> 7.3049428
A50: 2 | B50: 1 | C50: 2 | D50: 2 | E50: `07 | F50: Compensación por distancia | G50: 0 | H50: 0 | I50: 0 | J50: =SUBTOTAL(9,G50:I50) -> 0 | K50: =IFERROR(J50/$J$18*100,"0.00") -> 0
A51: 2 | B51: 1 | C51: 2 | D51: 2 | E51: `08 | F51: Compensaciones especiales | G51: 0 | H51: 0 | I51: 0 | J51: =SUBTOTAL(9,G51:I51) -> 0 | K51: =IFERROR(J51/$J$18*100,"0.00") -> 0
A52: 2 | B52: 1 | C52: 2 | D52: 2 | E52: `09 | F52: Bono por desempeño | G52: 0 | H52: 0 | I52: 0 | J52: =SUBTOTAL(9,G52:I52) -> 0 | K52: =IFERROR(J52/$J$18*100,"0.00") -> 0
A53: 2 | B53: 1 | C53: 2 | D53: 2 | E53: `10 | F53: Compensación por cumplimiento de indicadores | G53: 0 | H53: 0 | I53: 0 | J53: =SUBTOTAL(9,G53:I53) -> 0 | K53: =IFERROR(J53/$J$18*100,"0.00") -> 0
A54: 2 | B54: 1 | C54: 3 | F54: Dietas y Gastos de Representación | G54: =+G55 -> 0 | H54: =+H55 -> 0 | I54: =+I55 -> 0 | J54: =+J55 -> 0 | K54: =+K55 -> 0
A55: 2 | B55: 1 | C55: 3 | D55: 2 | F55: Gastos de representación | G55: =SUM(G56:G57) -> 0 | H55: =SUM(H56:H57) -> 0 | I55: =SUM(I56:I57) -> 0 | J55: =SUM(J56:J57) -> 0 | K55: =SUM(K56:K57) -> 0
A56: 2 | B56: 1 | C56: 3 | D56: 2 | E56: `01 | F56: Gastos de representación en el país | G56: 0 | H56: 0 | I56: 0 | J56: =SUBTOTAL(9,G56:I56) -> 0 | K56: =IFERROR(J56/$J$18*100,"0.00") -> 0
A57: 2 | B57: 1 | C57: 3 | D57: 2 | E57: `02 | F57: Gastos de representación en el exterior | G57: 0 | H57: 0 | I57: 0 | J57: =SUBTOTAL(9,G57:I57) -> 0 | K57: =IFERROR(J57/$J$18*100,"0.00") -> 0
A58: 2 | B58: 1 | C58: 5 | F58: Contribuciones a la Seguridad Social y Riesgo Laboral | G58: =G59+G61+G63+G65 -> 0 | H58: =H59+H61+H63+H65 -> 0 | I58: =I59+I61+I63+I65 -> 0 | J58: =J59+J61+J63+J65 -> 0 | K58: =K59+K61+K63+K65 -> 0
A59: 2 | B59: 1 | C59: 5 | D59: 1 | F59: Contribuciones al seguro de salud | G59: =G60 -> 0 | H59: =H60 -> 0 | I59: =I60 -> 0 | J59: =J60 -> 0 | K59: =K60 -> 0
A60: 2 | B60: 1 | C60: 5 | D60: 1 | E60: `01 | F60: Contribuciones al seguro de salud | G60: 0 | H60: 0 | I60: 0 | J60: =SUBTOTAL(9,G60:I60) -> 0 | K60: =IFERROR(J60/$J$18*100,"0.00") -> 0
A61: 2 | B61: 1 | C61: 5 | D61: 2 | F61: Contribuciones al seguro de pensiones | G61: =G62 -> 0 | H61: =H62 -> 0 | I61: =I62 -> 0 | J61: =J62 -> 0 | K61: =K62 -> 0
A62: 2 | B62: 1 | C62: 5 | D62: 2 | E62: `01 | F62: Contribuciones al seguro de pensiones | G62: 0 | H62: 0 | I62: 0 | J62: =SUBTOTAL(9,G62:I62) -> 0 | K62: =IFERROR(J62/$J$18*100,"0.00") -> 0
A63: 2 | B63: 1 | C63: 5 | D63: 3 | F63: Contribuciones al seguro de riesgo laboral | G63: =G64 -> 0 | H63: =H64 -> 0 | I63: =I64 -> 0 | J63: =J64 -> 0 | K63: =K64 -> 0
A64: 2 | B64: 1 | C64: 5 | D64: 3 | E64: `01 | F64: Contribuciones al seguro de riesgo laboral | G64: 0 | H64: 0 | I64: 0 | J64: =SUBTOTAL(9,G64:I64) -> 0 | K64: =IFERROR(J64/$J$18*100,"0.00") -> 0
A65: 2 | B65: 1 | C65: 5 | D65: 4 | F65: Contribuciones al plan de retiro complementario | G65: =G66 -> 0 | H65: =H66 -> 0 | I65: =I66 -> 0 | J65: =J66 -> 0 | K65: =K66 -> 0
A66: 2 | B66: 1 | C66: 5 | D66: 4 | E66: `01 | F66: Contribuciones al plan de retiro complementario | G66: 0 | H66: 0 | I66: 0 | J66: =SUBTOTAL(9,G66:I66) -> 0 | K66: =IFERROR(J66/$J$18*100,"0.00") -> 0
A67: 2 | B67: 2 | F67: Contratacion de servicios | G67: =+G68+G82+G87+G92+G99+G116+G125+G143+G167 -> 2785000 | H67: =+H68+H82+H87+H92+H99+H116+H125+H143+H167 -> 33795000 | I67: =+I68+I82+I87+I92+I99+I116+I125+I143+I167 -> 0 | J67: =+J68+J82+J87+J92+J99+J116+J125+J143+J167 -> 36580000 | K67: =+K68+K82+K87+K92+K99+K116+K125+K143 -> 18.103984
A68: 2 | B68: 2 | C68: 1 | F68: Servicios Básicos | G68: =+G69+G71+G73+G75+G78+G80 -> 800000 | H68: =+H69+H71+H73+H75+H78+H80 -> 1500000 | I68: =+I69+I71+I73+I75+I78+I80 -> 0 | J68: =+J69+J71+J73+J75+J78+J80 -> 2300000 | K68: =+K69+K71+K73+K75+K78+K80 -> 1.1383041
A69: 2 | B69: 2 | C69: 1 | D69: 2 | F69: Servicios telefónico de larga distancia | G69: =G70 -> 0 | H69: =H70 -> 300000 | I69: =I70 -> 0 | J69: =J70 -> 300000 | K69: =K70 -> 0.14847445
A70: 2 | B70: 2 | C70: 1 | D70: 2 | E70: `01 | F70: Servicios telefónico de larga distancia | G70: 0 | H70: 300000 | I70: 0 | J70: =SUBTOTAL(9,G70:I70) -> 300000 | K70: =IFERROR(J70/$J$18*100,"0.00") -> 0.14847445
A71: 2 | B71: 2 | C71: 1 | D71: 3 | F71: Teléfono local | G71: =G72 -> 0 | H71: =H72 -> 500000 | I71: =I72 -> 0 | J71: =J72 -> 500000 | K71: =K72 -> 0.24745741
A72: 2 | B72: 2 | C72: 1 | D72: 3 | E72: `01 | F72: Teléfono local | G72: 0 | H72: 500000 | I72: 0 | J72: =SUBTOTAL(9,G72:I72) -> 500000 | K72: =IFERROR(J72/$J$18*100,"0.00") -> 0.24745741
A73: 2 | B73: 2 | C73: 1 | D73: 5 | F73: Servicio de internet y televisión por cable | G73: =G74 -> 0 | H73: =H74 -> 500000 | I73: =I74 -> 0 | J73: =J74 -> 500000 | K73: =K74 -> 0.24745741
A74: 2 | B74: 2 | C74: 1 | D74: 5 | E74: `01 | F74: Servicio de internet y televisión por cable | G74: 0 | H74: 500000 | I74: 0 | J74: =SUBTOTAL(9,G74:I74) -> 500000 | K74: =IFERROR(J74/$J$18*100,"0.00") -> 0.24745741
A75: 2 | B75: 2 | C75: 1 | D75: 6 | F75: Electricidad | G75: =G76+G77 -> 0 | H75: =H76+H77 -> 0 | I75: =I76+I77 -> 0 | J75: =J76+J77 -> 0 | K75: =K76+K77 -> 0
A76: 2 | B76: 2 | C76: 1 | D76: 6 | E76: `01 | F76: Energía eléctrica | G76: 0 | H76: 0 | I76: 0 | J76: =SUBTOTAL(9,G76:I76) -> 0 | K76: =IFERROR(J76/$J$18*100,"0.00") -> 0
A77: 2 | B77: 2 | C77: 1 | D77: 6 | E77: `02 | F77: Electricidad no cortable | G77: 0 | H77: 0 | I77: 0 | J77: =SUBTOTAL(9,G77:I77) -> 0 | K77: =IFERROR(J77/$J$18*100,"0.00") -> 0
A78: 2 | B78: 2 | C78: 1 | D78: 7 | F78: Agua | G78: =G79 -> 0 | H78: =H79 -> 200000 | I78: =I79 -> 0 | J78: =J79 -> 200000 | K78: =K79 -> 0.098982965
A79: 2 | B79: 2 | C79: 1 | D79: 7 | E79: `01 | F79: Agua | G79: 0 | H79: 200000 | I79: 0 | J79: =SUBTOTAL(9,G79:I79) -> 200000 | K79: =IFERROR(J79/$J$18*100,"0.00") -> 0.098982965
A80: 2 | B80: 2 | C80: 1 | D80: 8 | F80: Recolección de residuos sólidos | G80: =G81 -> 800000 | H80: =H81 -> 0 | I80: =I81 -> 0 | J80: =J81 -> 800000 | K80: =K81 -> 0.39593186
A81: 2 | B81: 2 | C81: 1 | D81: 8 | E81: `01 | F81: Recolección de residuos sólidos | G81: 800000 | H81: 0 | I81: 0 | J81: =SUBTOTAL(9,G81:I81) -> 800000 | K81: =IFERROR(J81/$J$18*100,"0.00") -> 0.39593186
A82: 2 | B82: 2 | C82: 2 | F82: Publicidad Impresión y Encuadernación | G82: =+G83+G85 -> 1250000 | H82: =+H83+H85 -> 8750000 | I82: =+I83+I85 -> 0 | J82: =+J83+J85 -> 10000000 | K82: =+K83+K85 -> 4.9491482
A83: 2 | B83: 2 | C83: 2 | D83: 1 | F83: Publicidad y propaganda | G83: =G84 -> 0 | H83: =H84 -> 0 | I83: =I84 -> 0 | J83: =J84 -> 0 | K83: =K84 -> 0
A84: 2 | B84: 2 | C84: 2 | D84: 1 | E84: `01 | F84: Publicidad y propaganda | G84: 0 | H84: 0 | I84: 0 | J84: =SUBTOTAL(9,G84:I84) -> 0 | K84: =IFERROR(J84/$J$18*100,"0.00") -> 0
A85: 2 | B85: 2 | C85: 2 | D85: 2 | F85: Impresión y encuadernación | G85: =G86 -> 1250000 | H85: =H86 -> 8750000 | I85: =I86 -> 0 | J85: =J86 -> 10000000 | K85: =K86 -> 4.9491482
A86: 2 | B86: 2 | C86: 2 | D86: 2 | E86: `01 | F86: Impresión y encuadernación | G86: 1250000 | H86: 8750000 | I86: 0 | J86: =SUBTOTAL(9,G86:I86) -> 10000000 | K86: =IFERROR(J86/$J$18*100,"0.00") -> 4.9491482
A87: 2 | B87: 2 | C87: 3 | F87: Viáticos | G87: =+G88+G90 -> 700000 | H87: =+H88+H90 -> 0 | I87: =+I88+I90 -> 0 | J87: =+J88+J90 -> 700000 | K87: =+K88+K90 -> 0.34644038
A88: 2 | B88: 2 | C88: 3 | D88: 1 | F88: Viáticos dentro del país | G88: =G89 -> 700000 | H88: =H89 -> 0 | I88: =I89 -> 0 | J88: =J89 -> 700000 | K88: =K89 -> 0.34644038
A89: 2 | B89: 2 | C89: 3 | D89: 1 | E89: `01 | F89: Viáticos dentro del país | G89: 700000 | H89: 0 | I89: 0 | J89: =SUBTOTAL(9,G89:I89) -> 700000 | K89: =IFERROR(J89/$J$18*100,"0.00") -> 0.34644038
A90: 2 | B90: 2 | C90: 3 | D90: 2 | F90: Viáticos fuera del país | G90: =G91 -> 0 | H90: =H91 -> 0 | I90: =I91 -> 0 | J90: =J91 -> 0 | K90: =K91 -> 0
A91: 2 | B91: 2 | C91: 3 | D91: 2 | E91: `01 | F91: Viáticos fuera del país | G91: 0 | H91: 0 | I91: 0 | J91: =SUBTOTAL(9,G91:I91) -> 0 | K91: =IFERROR(J91/$J$18*100,"0.00") -> 0
A92: 2 | B92: 2 | C92: 4 | F92: Transporte y Alamcenaje | G92: =+G93+G95+G97 -> 0 | H92: =+H93+H95+H97 -> 1000000 | I92: =+I93+I95+I97 -> 0 | J92: =+J93+J95+J97 -> 1000000 | K92: =+K93+K95+K97 -> 0.49491482
A93: 2 | B93: 2 | C93: 4 | D93: 1 | F93: Pasajes y gastos de transporte | G93: =G94 -> 0 | H93: =H94 -> 0 | I93: =I94 -> 0 | J93: =J94 -> 0 | K93: =K94 -> 0
A94: 2 | B94: 2 | C94: 4 | D94: 1 | E94: `01 | F94: Pasajes y gastos de transporte | G94: 0 | H94: 0 | I94: 0 | J94: =SUBTOTAL(9,G94:I94) -> 0 | K94: =IFERROR(J94/$J$18*100,"0.00") -> 0
A95: 2 | B95: 2 | C95: 4 | D95: 2 | F95: Fletes | G95: =G96 -> 0 | H95: =H96 -> 1000000 | I95: =I96 -> 0 | J95: =J96 -> 1000000 | K95: =K96 -> 0.49491482
A96: 2 | B96: 2 | C96: 4 | D96: 2 | E96: `01 | F96: Fletes | G96: 0 | H96: 1000000 | I96: 0 | J96: =SUBTOTAL(9,G96:I96) -> 1000000 | K96: =IFERROR(J96/$J$18*100,"0.00") -> 0.49491482
A97: 2 | B97: 2 | C97: 4 | D97: 4 | F97: Peaje | G97: =G98 -> 0 | H97: =H98 -> 0 | I97: =I98 -> 0 | J97: =J98 -> 0 | K97: =K98 -> 0
A98: 2 | B98: 2 | C98: 4 | D98: 4 | E98: `01 | F98: Peaje | G98: 0 | H98: 0 | I98: 0 | J98: =SUBTOTAL(9,G98:I98) -> 0 | K98: =IFERROR(J98/$J$18*100,"0.00") -> 0
A99: 2 | B99: 2 | C99: 5 | F99: Alquileres y Rentas | G99: =+G100+G102+G104+G110+G112+G114 -> 0 | H99: =+H100+H102+H104+H110+H112+H114 -> 0 | I99: =+I100+I102+I104+I110+I112+I114 -> 0 | J99: =+J100+J102+J104+J110+J112+J114 -> 0 | K99: =+K100+K102+K104+K110+K112 -> 0
A100: 2 | B100: 2 | C100: 5 | D100: 1 | F100: Alquilleres y rentas de edificios y locales | G100: =G101 -> 0 | H100: =H101 -> 0 | I100: =I101 -> 0 | J100: =J101 -> 0 | K100: =K101 -> 0
A101: 2 | B101: 2 | C101: 5 | D101: 1 | E101: `01 | F101: Alquilleres y rentas de edificios y locales | G101: 0 | H101: 0 | I101: 0 | J101: =SUBTOTAL(9,G101:I101) -> 0 | K101: =IFERROR(J101/$J$18*100,"0.00") -> 0
...

Sheet Insumos
A1: Insumo | B1: InsumoAbrev | C1: Descripción | D1: Unidad de Medida | E1: Precio Unitario | F1: CODIGO PRESUPUESTARIO
A2: Acabados textiles | B2: lsAcabadosTextiles | C2: Manteles en encajes para bandejas grandes (rectangulares) | D2: unidad | E2: 944 | F2: 2.3.2.2.01
A3: Acabados textiles | B3: lsAcabadosTextiles | C3: Manteles en encajes para bandejas pequeñas (rectangulares) | D3: unidad | E3: 590 | F3: 2.3.2.2.01
A4: Alimentos y bebidas para personas | B4: lsAlimentosyBebidas | C4: Almuerzo tipo Buffet para 10 personas (Cristaleria, Cuberteria, Servilletas, Jugo) | D4: unidad | E4: 5000.5 | F4: 2.3.1.1.01
A5: Alimentos y bebidas para personas | B5: lsAlimentosyBebidas | C5: Almuerzo tipo Buffet para 20 personas (Cristalería, Cubertería, Servilletas, Jugo, Café) | D5: unidad | E5: 10133.5 | F5: 2.3.1.1.01
A6: Alimentos y bebidas para personas | B6: lsAlimentosyBebidas | C6: Almuerzo tipo Buffet para 30 personas (Cristaleria, Cuberteria, Servilletas, Jugo) | D6: unidad | E6: 25488 | F6: 2.3.1.1.01
A7: Alimentos y bebidas para personas | B7: lsAlimentosyBebidas | C7: Almuerzo tipo Buffet para 40 personas (Cristalería, Cuberteria, Mesas, Sillas, Manteles, Servilletas) | D7: unidad | E7: 61419 | F7: 2.3.1.1.01
A8: Alimentos y bebidas para personas | B8: lsAlimentosyBebidas | C8: Refrigerio Dulce tipo Buffet p/65 Personas (Arreglo Flores, Alquiler Cristalería, Sillas, Servilletas, Mesa, Bambalina, Tope) | D8: unidad | E8: 33435.3 | F8: 2.3.1.1.01
A9: Alimentos y bebidas para personas | B9: lsAlimentosyBebidas | C9: Refrigerio tipo Buffet p/12 personas (4 Variedades, Desechables Transparentes, Jugo Natural, Servilletas, Hielo) | D9: unidad | E9: 9410.5 | F9: 2.3.1.1.01
A10: Alimentos y bebidas para personas | B10: lsAlimentosyBebidas | C10: Refrigerio tipo Buffet p/15 personas (3 Variedades, Desechables Transparentes, Jugo Natural, Servilletas, Hielo) | D10: unidad | E10: 5929.5 | F10: 2.3.1.1.01
A11: Alimentos y bebidas para personas | B11: lsAlimentosyBebidas | C11: Refrigerio tipo Buffet p/150 personas (Diferentes Variedades, Bambalinas, Manteles, Desechables, Hielo, Servilletas) | D11: unidad | E11: 65844 | F11: 2.3.1.1.01
A12: Alimentos y bebidas para personas | B12: lsAlimentosyBebidas | C12: Refrigerio tipo Buffet p/40 personas (5 Variedades, Cristaleria, Mantel, Tope, Bambalina, Servilletas, Hielo) | D12: unidad | E12: 29393.8 | F12: 2.3.1.1.01
A13: Alimentos y bebidas para personas | B13: lsAlimentosyBebidas | C13: Refrigerio tipo Buffet p/45 personas (5 Variedades, Desechable Transparentes, Servilletas, Hielo) | D13: unidad | E13: 27193.1 | F13: 2.3.1.1.01
... A36: Equipo de comunicación, telecomunicaciones y señalamiento | B36: lsTelecomunicaciones | C36: Mapas de Evacuación | D36: unidad | E36: 2330.5 | F36: 2.6.5.5.01
A37: Equipo de comunicación, telecomunicaciones y señalamiento | B37: lsTelecomunicaciones | C37: Otros Señales | E37: 1150 | F37: 2.6.5.5.01
A38: Equipo de comunicación, telecomunicaciones y señalamiento | B38: lsTelecomunicaciones | C38: Punto de Reunion 2x2 pies, Metla colocado en pared | D38: unidad | E38: 2330.5 | F38: 2.6.5.5.01
A39: Equipo de comunicación, telecomunicaciones y señalamiento | B39: lsTelecomunicaciones | C39: Señal de Ruta de Evacuacion Area, Doble Cara 6x12, para techo con cables de acero Fotoluminiscente | D39: unidad | E39: 3009 | F39: 2.6.5.5.01
A40: Equipo de comunicación, telecomunicaciones y señalamiento | B40: lsTelecomunicaciones | C40: Señales de Ruta de Evacuacion Flecha Derecha 5x8 en vinil fotoluminiscente sobre PVC de 4mm | D40: unidad | E40: 1150.5 | F40: 2.6.5.5.01
A41: Equipo de comunicación, telecomunicaciones y señalamiento | B41: lsTelecomunicaciones | C41: Señales de Ruta de Evacuacion Flecha Izquierda 5x8 en vinil fotoluminiscente sobre PVC de 4mm | D41: unidad | E41: 1150.5 | F41: 2.6.5.5.01
A42: Equipo de comunicación, telecomunicaciones y señalamiento | B42: lsTelecomunicaciones | C42: Señales de Salida 12x25¨ en vinil fotoluminiscente sobre PVC de 4mm | D42: unidad | E42: 1947 | F42: 2.6.5.5.01
A43: Equipo de comunicación, telecomunicaciones y señalamiento | B43: lsTelecomunicaciones | C43: Señalizaciones de Extintores y Modo de uso | D43: unidad | E43: 2212.5 | F43: 2.6.5.5.01
A44: Equipo médico y de laboratorio | B44: lsEquiposMedicos | C44: Agitador rotador VDRL. | D44: unidad | E44: 11210 | F44: 2.6.3.1.01
A45: Equipo médico y de laboratorio | B45: lsEquiposMedicos | C45: Aspirador de secreciones eléctrico rodable | D45: unidad | E45: 15692.82 | F45: 2.6.3.1.01
A46: Equipo médico y de laboratorio | B46: lsEquiposMedicos | C46: Bandeja de Urología | D46: unidad | E46: 342200 | F46: 2.6.3.1.01
A47: Equipo médico y de laboratorio | B47: lsEquiposMedicos | C47: Contador de células hematológicas. | D47: unidad | E47: 6254 | F47: 2.6.3.1.01
A48: Equipo médico y de laboratorio | B48: lsEquiposMedicos | C48: Incubadora neonatal para UCI | D48: unidad | E48: 531000 | F48: 2.6.3.1.01
A49: Equipo médico y de laboratorio | B49: lsEquiposMedicos | C49: Vitrina de acero inoxidable para material estéril 0.68x0.45x1.70m. | D49: unidad | E49: 49794.525 | F49: 2.6.3.1.01
... A243: Muebles de oficina y estantería | B243: lsMueblesdeOficina | C243: Taburete metalico giratorio con espaldar para anestesiologo | D243: unidad | E243: 6755.736 | F243: 2.6.1.1.02
A244: Obras menores en edificaciones | B244: lsObrasMenoresEdificaciones | C244: Adecuación Local | D244: unidad | F244: 2.7.1.1.01
A245: Otros equipos | B245: lsOtrosEquipos | C245: Bomba de agua de 1.5 hp, doble impele | D245: unidad | E245: 36028.94 | F245: 2.6.5.8.01
A246: Otros equipos | B246: lsOtrosEquipos | C246: Bomba de Agua de 3HP - 110-220V | D246: unidad | E246: 30591.5 | F246: 2.6.5.8.01
A247: Otros equipos | B247: lsOtrosEquipos | C247: Gato Hidráulico 2 TOM. TW | D247: unidad | E247: 626.58 | F247: 2.6.5.8.01
A248: Otros equipos | B248: lsOtrosEquipos | C248: Tanque de hidroneumatico de 120 galones - alta presion | D248: unidad | E248: 62031.42 | F248: 2.6.5.8.01
A249: Peaje | B249: lsPeaje | C249: Peaje (por vehiculo) | D249: unidad | E249: 60 | F249: 2.2.4.4.01
A250: Pinturas, barnices, lacas, diluyentes y absorbentes para pintura | B250: lsPinturas | C250: Cemento de pvc de 16oz | D250: unidad | E250: 487.34 | F250: 2.3.7.2.06
A251: Pinturas, barnices, lacas, diluyentes y absorbentes para pintura | B251: lsPinturas | C251: Pastas de cloro de cisternas 200GRS | D251: unidad | E251: 88.5 | F251: 2.3.7.2.06
A252: Productos de artes gráficas | B252: lsProductosArtesGraficas | C252: Calcomanias | D252: unidad | E252: 177 | F252: 2.3.3.3.01
A253: Productos de artes gráficas | B253: lsProductosArtesGraficas | C253: Letrero en Acrílico rotulado en Vinil adhesivo, Tornillos Decorativo (0.71mt x 1.06mt) con instalación | D253: unidad | E253: 5959 | F253: 2.3.3.3.01
A254: Productos de cemento | B254: lsProductosdeCemento | C254: Cemento blanco | D254: libra | E254: 18.88 | F254: 2.3.6.1.01
A255: Productos de loza | B255: lsProductosdeLoza | C255: Inodoros color blanco | D255: unidad | E255: 4124.1 | F255: 2.3.6.2.02
A256: Productos de loza | B256: lsProductosdeLoza | C256: Lavamanos con pedestal color blanco | D256: unidad | E256: 4737.7 | F256: 2.3.6.2.02
... A520: Otros equipos de transporte | B520: lsEquiposTransporte | C520: Otros equipos de transporte | D520: Unidad | E520: 0 | F520: 2.6.4.8.01
A539: Insumos
A540: Acabados textiles | B540: lsAcabadosTextiles
A541: Alimentos y bebidas para personas | B541: lsAlimentosyBebidas
A542: Artículos de plástico | B542: lsArticulosdePlastico
A543: Automóviles y camiones | B543: lsEquiposTransporte
A544: Carrocerías y remolques | B544: lsEquiposTransporte
A545: Electrodomésticos | B545: lsElectrodomesticos
A546: Equipo de comunicación, telecomunicaciones y señalamiento | B546: lsTelecomunicaciones
A547: Equipo médico y de laboratorio | B547: lsEquiposMedicos
A548: Equipos de cómputo | B548: lsEquiposComputos
A549: Equipos de seguridad | B549: lsEquiposSeguridad
A550: Eventos generales | B550: lsEventosGenerales
A551: Gasoil | B551: lsGasoil
... A583: Viáticos dentro del país | B583: lsViaticosDP
